Workbook
Name centro_gestor: #REF!
Name centro_gestor: Listados!$C$2:$C$28
Name excepcional: #REF!
Name excepcional: Listados!$A$17:$A$23
Name fondo: #REF!
Name fondo: Listados!$R$2:$R$924
Name gasto_publico: #REF!
Name gasto_publico: Listados!$Y$2:$Y$7
Name grupos_vulnerables: #REF!
Name grupos_vulnerables: Listados!$A$26:$A$32
Name meta_plan: #REF!
Name meta_plan: Listados!$I$2:$I$713
Name meta_territorio: #REF!
Name meta_territorio: Listados!$M$2:$M$497
Name movilizador: #REF!
Name movilizador: Listados!$A$35:$A$92
Name politica_publica: #REF!
Name politica_publica: Listados!$W$2:$W$21
Name pospre: #REF!
Name pospre: Listados!$O$2:$O$475
Name Programa_PDD: Listados!$F$2:$F$22
Name ruta: #REF!
Name ruta: Listados!$A$2:$A$3
Name sector_mga: #REF!
Name sector_mga: Listados!$U$2:$U$32

Sheet Listados
A1: DECISIÓN | C1: Centro Gestor | D1: Denominación Centro Gestor | F1: Código Programa PDD | G1: Programa PDD | I1: Meta Plan de Desarrollo | L1: Metal Plan de Desarrollo Comuna o Corregimiento | O1: Codigo POSPRE | P1: Denominación POSPRE | R1: Codigo Fondo | S1: Denominación Fondo | U1: Sector MGA | W1: POLÍTICAS PÚBLICAS | Y1: SECTORES GASTO PUBLICO SOCIAL | AA1: Código del Producto | AB1: Producto | AC1: Código del Indicador de Producto | AD1: Indicador de Producto | AE1: Unidad de medida
A2: Si | C2: 4112 | D2: Secretaría de Gobierno | F2: 6101001 | G2: Espacios públicos seguros | I2: 61010010001 | J2: Zonas públicas WiFi operando en el Distrito de Santiago de Cali | L2: 62020010013-0101 | M2: A diciembre de 2027, se han adecuado o rehabilitado 2 parques y zonas verdes para la conservación ambiental de la comuna | O2: NO* 2.3 | P2: Inversión | R2: 1.2.1.0.00 | S2: Ingresos corrientes de Libre Destinación | U2: 01-Congreso | W2: Acuerdo 292 POR EL CUAL SE ADOPTA LA POLÍTICA PÚBLICA PARA LAS MUJERES EN EL MUNICIPIO DE SANTIAGO DE CALI Y SE DICTAN OTRAS DISPOSICIONES | Y2: Salud | AA2: 0401001 | AB2: Bases de datos de la temática de Demografía y Población | AC2: 040100100 | AD2: Bases de datos de la temática de Demografía y Población anonimizadas producidas | AE2: Número
A3: No | C3: 4121 | D3: Departamento Administrativo de Gestión Jurídica Pública | F3: 6101002 | G3: Prevención y resolución de conflictos | I3: 61010010002 | J3: Alumbrado público modernizado y eficiente | L3: 62010040006-0102 | M3: A diciembre de 2027, se han capacitado 150 personas en conociemiento ambiental en el marco de la Política Pública de Educacón Ambiental | O3: NO* 2.3.1 | P3: Gastos de personal | R3: 1.2.1.0.00 | S3: Ingresos corrientes de Libre Destinación | U3: 02-Presidencia de la república | W3: Acuerdo 0565 de 2023 POR EL CUAL SE ADOPTA LA POLÍTICA PÚBLICA DE CIENCIA, TECNOLOGÍA E INNOVACIÓN Y SE DICTAN OTRAS DISPOSICIONES | Y3: Educacion | AA3: 0401004 | AB3: Bases de Datos de la temática de Mercado Laboral | AC3: 040100400 | AD3: Bases de datos de la temática de Mercado Laboral producidas en el archivo nacional de datos | AE3: Número
C4: 4123 | D4: Departamento Administrativo de Control Interno | F4: 6101003 | G4: Proyectos de vida para los jóvenes | I4: 61010010003 | J4: Intervenciones integrales para la mejora del área de espacio público afectada por residuos sólidos realizadas. | L4: 62020010011-0103 | M4: A diciembre de 2027, se han establecido 27 procesos de restauración en areas de ecosistema | O4: NO* 2.3.1.01 | P4: Planta de personal permanente | R4: 1.2.2.0.00.01 | S4: Servicios de expedición de permisos, conceptos ambientales | U4: 03-Planeación | W4: Acuerdo 382 POR MEDIO DEL CUAL SE ADOPTA LA POLÍTICA PÚBLICA Y EL PLAN INDICATIVO DE ATENCIÓN A LA DISCAPACIDAD EN EL MUNICIPIO DE SANTIAGO DE CALI Y SE DEROGA EL ACUERDO 0197 DE 2006 | Y4: Saneamiento ambiental | AA4: 0401005 | AB4: Bases de Datos de la temática de Pobreza y Condiciones de Vida | AC4: 040100500 | AD4: Bases de Datos de la temática de Pobreza y Condiciones de Vida publicadas | AE4: Número
A5: TIPO DE RECURSO | C5: 4124 | D5: Departamento Administrativo de Control Disciplinario Interno | F5: 6101004 | G5: Vigilancia y Prevención del Delito | I5: 61010010004 | J5: Luminarias instaladas LED en fuentes, monumentos y bienes de interés cultural con sistemas de iluminación ornamental conservadas | L5: 62020010021-0104 | M5: A diciembre de 2027, se han realizado 9 asistencias técnicas en la implementación de alternativas de aprovechamiento de residuos sólidos orgánicos en la comuna | O5: NO* 2.3.1.01.01 | P5: Factores constitutivos de salario | R5: 1.2.2.0.00.02 | S5: Contribución y recargos valorización | U5: 04-Información estadística | W5: Acuerdo 392 POR MEDIO DEL CUAL SE ADOPTA LA POLÍTICA PÚBLICA DE PRIMERA INFANCIA, INFANCIA Y ADOLESCENCIA 2015 - 2024, CALI, MUNICIPIO RESPONSABLE Y AMIGO DE LOS NIÑOS, NIÑAS Y ADOLESCENTES Y SE DICTAN OTRAS DISPOSICIONES | Y5: Agua potable | AA5: 0401006 | AB5: Bases de Datos de la temática de Salud | AC5: 040100600 | AD5: Bases de Datos de la temática de Salud publicadas | AE5: Número
A6: Propios | C6: 4131 | D6: Departamento Administrativo de Hacienda | F6: 6102001 | G6: Cali Educada | I6: 61010010005 | J6: Sistema de telegestión para alumbrado públlico implementado | L6: 61020030021-0105 | M6: A diciembre de 2027, se han vinculado 3200 niñas, niños, adolescentes, jóvenes, adultos y adultos mayores (incluidos con discapacidad) a actividades deportivas y aprovechamiento del tiempo libre. | O6: NO* 2.3.1.01.01.001 | P6: Factores salariales comunes | R6: 1.2.2.0.00.03 | S6: Impuesto de Circulación y Tránsito Sobre Vehículos de Servicio Público - S.I.T.MIO | U6: 05-Empleo público | W6: Acuerdo 420 POR EL CUAL SE ADOPTA LA POLÍTICA PÚBLICA DE ENVEJECIMIENTO Y VEJEZ PARA LAS PERSONAS MAYORES EN EL MUNICIPIO DE SANTIAGO DE CALI 2017 - 2027 | Y6: Deporte y recreación | AA6: 0401007 | AB6: Boletines Técnicos de la Temática Agropecuaria | AC6: 040100700 | AD6: Boletines Técnicos de la Temática Agropecuaria producidos | AE6: Número
A7: SGP Educación | C7: 4132 | D7: Departamento Administrativo de Planeación Municipal | F7: 6102002 | G7: Desarrollo productivo | I7: 61010020001 | J7: Jóvenes asistidos técnicamente en prácticas organizativas en el territorio | L7: 62010010014-0106 | M7: A diciembre de 2027, se ha realizado 1 intervenciones de adecuación o mantenimiento a escenarios deportivos y recreativos de la comuna (previo concepto técnico) | O7: NO* 2.3.1.01.01.001.01 | P7: Sueldo básico | R7: 1.2.2.0.00.04 | S7: Conceptos técnicos aprovechamiento de las aguas subterráneas y superficiales | U7: 11-Relaciones exteriores | W7: Acuerdo 411 POR EL CUAL SE ADOPTA LA POLÍTICA PÚBLICA DE MEJORAMIENTO INTEGRAL DEL HÁBITAT DE LOS ASENTAMIENTOS HUMANOS PRECARIOS EN EL MUNICIPIO DE SANTIAGO DE CALI - MI HÁBITAT Y SE DICTAN OTRAS DISPOSICIONES | Y7: Vivienda | AA7: 0401008 | AB7: Boletines Técnicos de la Temática Ambiental | AC7: 040100800 | AD7: Boletines Técnicos de la Temática Ambiental producidos | AE7: Número
A8: SGP Salud | C8: 4133 | D8: Departamento Administrativo de Gestión del Medio Ambiente | F8: 6102003 | G8: Cali Distrito Deportivo, Cultural y Turístico | I8: 61010020002 | J8: Mujeres víctimas de violencias basadas en género y su núcleo familiar vinculadas a servicios de atención integral | L8: 61020030016-0107 | M8: A diciembre de 2027, se han realizado 2 eventos deportivos y recreativos en la comuna 1 | O8: NO* 2.3.1.01.01.001.01.01 | P8: Sueldo básico Docente | R8: 1.2.2.0.00.05 | S8: Sanciones por Violación de Normas - DAGMA | U8: 12-Justicia y del derecho | W8: Acuerdo 424 POR MEDIO DEL CUAL SE ADOPTA LA POLÍTICA PÚBLICA DE REGULACIÓN Y ORGANIZACIÓN DE VENTAS INFORMALES EN EL ESPACIO PÚBLICO EN EL MUNICIPIO DE SANTIAGO DE CALI | AA8: 0401010 | AB8: Boletines Técnicos Temática Construcción | AC8: 040101000 | AD8: Boletines Técnicos Temática Construcción producidos | AE8: Número
A9: SGP Agua Potable y Saneamiento Básico | C9: 4134 | D9: Departamento Administrativo de Tecnologías de la Información y las Comunicaciones | F9: 6102004 | G9: Salud Integral y de Calidad | I9: 61010020003 | J9: Personas beneficiadas con la oferta de servicios del plan de migrantes y flujos migratorios mixtos | L9: 61020020017-0108 | M9: A diciembre de 2027, se han fortalecido 300 personas del ecosistema empresarial | O9: 2.3.1.01.01.001.01.01.01 | P9: Sueldo Docente Csf | R9: 1.2.2.0.00.06 | S9: Seguimiento plan de saneamiento y manejo de vertimientos | U9: 13-Hacienda | W9: Acuerdo 422 POR EL CUAL SE ADOPTA LA POLÍTICA PÚBLICA MUNICIPAL DE EDUCACIÓN AMBIENTAL DE SANTIAGO DE CALI 2017 - 2036 | AA9: 0401011 | AB9: Boletines Técnicos Temática Transporte | AC9: 040101100 | AD9: Boletines Técnicos Temática Transporte producidos | AE9: Número
A10: SGP Alimentación Escolar | C10: 4135 | D10: Departamento Administrativo de Contratación Pública | F10: 6102005 | G10: Hambre Cero | I10: 61010020004 | J10: Personas Jóvenes beneficiadas de servicios de atención integral con enfoque de derechos, poblacional, vocacional e interseccional | L10: 61020020019-0109 | M10: A diciembre de 2027, se han formado 20 personas de la comuna 1 en competencias laborales para cierre de brechas | O10: 2.3.1.01.01.001.01.01.02 | P10: Sueldo Docente Ssf | R10: 1.2.2.0.00.07 | S10: Contribucion valorización nuevo plan de obras | U10: 15-Defensa y policía | W10: Acuerdo 463 POR EL CUAL SE ADOPTA LA POLÍTICA PÚBLICA DE DESARROLLO ECONÓMICO DE SANTIAGO DE CALI Y SE DICTAN OTRAS DISPOSICIONES | AA10: 0401014 | AB10: Boletines Técnicos de la Temática Cultura | AC10: 040101400 | AD10: Boletines Técnicos de la Temática Cultura Producidos | AE10: Número
A11: SGP Primera Infancia | C11: 4137 | D11: Departamento Administrativo de Desarrollo e Innovación Institucional | F11: 6102006 | G11: Atención integral a poblaciones | I11: 61010020005 | J11: Personas vinculadas a estrategias de promoción de derechos y prevención de las violencias basadas en género | L11: 61020030031-0110 | M11: A diciembre de 2027, se han apoyado 4, iniciativas de turismo de la comuna 1 para el desarrollo local | O11: NO* 2.3.1.01.01.001.01.02 | P11: Sueldo básico Directivo Docente | R11: 1.2.2.0.00.08 | S11: Aportes urbanísticos por mayor edificabilidad | U11: 17-Agricultura y desarrollo rural | W11: Acuerdo 470 POR EL CUAL SE ADOPTA LA POLÍTICA PÚBLICA DE SOBERANÍA Y SEGURIDAD ALIMENTARÍA Y NUTRICIONAL DEL DISTRITO ESPECIAL DE SANTIAGO DE CALI Y SE DICTAN OTRAS DISPOSICIONES | AA11: 0401015 | AB11: Boletines Técnicos para la temática de servicios | AC11: 040101500 | AD11: Boletines Técnicos Temática Servicio producidos | AE11: Número
A12: SGP Propósito General Cultura | C12: 4143 | D12: Secretaría de Educación | F12: 6201001 | G12: Ordenamiento Territorial e Integración Regional | I12: 61010020006 | J12: Casos atendidos en la ruta de riesgo por amenaza (mujeres en riesgo de feminicidio, líderes y lideresas defensores, DD.HH., víctimas del conflicto armado y población vulnerable amenazada en Cali) | L12: 61020010016-0111 | M12: A diciembre de 2027, se ha beneficiado con 4 dotaciones a las sedes educativas oficiales de la comuna 1 | O12: 2.3.1.01.01.001.01.02.01 | P12: Sueldo Directivo Docente Csf | R12: 1.2.2.0.00.09 | S12: Expedición de Licencias de funcionamiento de establecimientos educativos para el trabajo y el desarrollo humano | U12: 19-Salud y protección social | W12: Acuerdo 461 POR MEDIO DEL CUAL SE ADOPTA LA POLÍTICA PÚBLICA "CALIDIVERSIDAD" PARA LA GARANTÍA DEL EJERCICIO EFECTIVO DE LOS DERECHOS DE LAS PERSONAS DE LOS SECTORES SOCIALES LGBTI, Y DE PERSONAS CON ORIENTACIONES SEXTUALES E IDENTIDADES DE GÉNERO DIVERSAS EN SANTIAGO DE CALI Y SE DICTAN OTRAS DISPOSICIONES | AA12: 0401017 | AB12: Boletines Técnicos de la Temática Educación | AC12: 040101700 | AD12: Boletines Técnicos de la Temática Educación Producidos | AE12: Número
A13: SGP Propósito General Deporte | C13: 4145 | D13: Secretaría de Salud Pública | F13: 6201002 | G13: Vivienda sostenible, saneamiento básico y servicios públicos | I13: 61010020007 | J13: Personas beneficiadas a través de estrategia para la atención y prevención de violencias basadas en género | L13: 61020010018-0112 | M13: A diciembre de 2027, se ha realizado 2 intervención de adecuación o mantenimiento, en sede educativa pública de la comuna 1 (previo concepto de viabilidad técnica) | O13: 2.3.1.01.01.001.01.02.02 | P13: Sueldo Directivo Docente Ssf | R13: 1.2.2.0.00.10 | S13: Fondo de Promoción de la Movilidad Sostenible | U13: 21-Minas y energía | W13: Acuerdo 464 POR EL CUAL SE ADOPTA LA POLÍTICA PÚBLICA DE JUVENTUDES DE SANTIAGO DE CALI Y SE DICTAN OTRAS DISPOSICIONES | AA13: 0401019 | AB13: Boletines Técnicos de la Temática Industria | AC13: 040101900 | AD13: Boletines Técnicos de la Temática Industria producidos | AE13: Número
A14: SGP Propósito General Otros Sectores | C14: 4146 | D14: Secretaría de Bienestar Social | F14: 6201003 | G14: Movilidad segura y sostenible | I14: 61010020008 | J14: Personas beneficiadas a través de la promoción de los servicios de acceso a la justicia | L14: 62010010012-0113 | M14: A diciembre de 2027, se ha dotado 1 espacio cultural de la comuna | O14: NO* 2.3.1.01.01.001.01.03 | P14: Sueldo básico Administrativo | R14: 1.2.2.0.00.11 | S14: Recursos Convenio Municipio CDAV | U14: 22-Educación | W14: Acuerdo 459 POR EL CUAL SE ADOPTA LA POLÍTICA PÚBLICA AFROCOLOMBIANA, NEGRA, PALENQUERA Y RAIZAL DE SANTIAGO DE CALI - CALIAFRO | AA14: 0401020 | AB14: Boletines Técnicos de la Temática Mercado Laboral | AC14: 040102000 | AD14: Boletines Técnicos de la Temática Mercado Laboral producidos | AE14: Número
C15: 4147 | D15: Secretaría de Vivienda Social y Hábitat | F15: 6201004 | G15: Planificación para el desarrollo | I15: 61010020009 | J15: Niñas y niños de primera infancia con experiencias en juego, lúdica y recreación beneficiados. | L15: 61020030011-0114 | M15: A diciembre de 2027, se han vinculado en procesos de educación informal al sector artístico y cultural a 900 personas de diferentes grupos poblacionales de la comuna | O15: 2.3.1.01.01.001.01.03.01 | P15: Sueldo Administrativo | R15: 1.2.2.0.00.12 | S15: Participación en la Plusvalía | U15: 23-Tecnologías de la información y las comunicaciones | W15: Decreto 411.2.010.20.0507 POR EL CUAL SE DA CUMPLIMIENTO A LA SENTENCIA T-291 DE 20 DE ABRIL DE 2009 Y AUTO A-117 DE 6 DE MAYO DE 2014 Y SE DICTAN OTRAS DISPOSICIONES - POLÍTICA PÚBLICA DE RECICLADORES DE OFICIO | AA15: 0401021 | AB15: Boletines Técnicos de la Temática Pobreza y Condiciones de Vida | AC15: 040102100 | AD15: Boletines Técnicos de la Temática Pobreza y Condiciones de Vida Producidos | AE15: Número
A16: SITUACIONES EXCEPCIONALES | C16: 4148 | D16: Secretaría de Cultura | F16: 6202001 | G16: Protección ambiental y mitigación del cambio climático | I16: 61010020010 | J16: Niñas, niños de infancia, adolescencia, juventud y sus cuidadores con experiencias en juego, lúdica y recreación beneficiados . | L16: 61020030004-0115 | M16: A diciembre de 2027, se han realizado 6 eventos artisticos y culturales para promover la identidad y vocación cultural de la comuna | O16: 2.3.1.01.01.001.01.03.02 | P16: Incremento Por Antigüedad Administrativo | R16: 1.2.2.0.00.13 | S16: Impuesto de Circulación y Tránsito Sobre Vehículos de Servicio Público - Tradicional | U16: 24-Transporte | W16: Acuerdo 549 POR EL CUAL SE ADOPTA LA POLÍTICA PÚBLICA DE TURISMO DE SANTIAGO DE CALI 2022 - 2023 Y SE DICTAN OTRAS DISPOSICIONES | AA16: 0401022 | AB16: Boletines Técnicos de la Temática Precios y Costos | AC16: 040102200 | AD16: Boletines Técnicos de la Temática Precios y Costos producidos | AE16: Número
A17: Ninguna | C17: 4151 | D17: Secretaría de Infraestructura | F17: 6202002 | G17: Gestión del Riesgo y Atención de Desastres | I17: 61010020011 | J17: Acciones pedagógicas, artísticas y culturales realizadas para el fortalecimiento de buenas prácticas ciudadanas | L17: 61020010018-0201 | M17: A diciembre de 2027, se ha realizado 10 intervención de adecuación o mantenimiento, en sede educativa pública de la comuna (previo concepto de viabilidad técnica) | O17: NO* 2.3.1.01.01.001.02 | P17: Horas extras, dominicales, festivos y recargos | R17: 1.2.2.0.00.14 | S17: Otros derechos de Tránsito | U17: 25-Organismos de control | W17: Acuerdo 560 POR EL CUAL SE ADOPTA LA POLÍTICA PÚBLICA DEL DEPORTE, LA RECREACIÓN Y LA ACTIVIDAD FÍSICA "CALI CIUDAD DEPORTIVA" Y SE DICTAN OTRAS DISPOSICIONES. | AA17: 0401023 | AB17: Boletines Técnicos Temática de la Seguridad y Defensa | AC17: 040102300 | AD17: Boletines Técnicos Temática de la Seguridad y Defensa Producidos | AE17: Número
A18: Asociadas a fenomenos de origen biologico: plagas, epidemias | C18: 4152 | D18: Secretaría de Movilidad | F18: 6202003 | G18: Protección animal | I18: 61010020012 | J18: Espacios de mediación, diálogo y reconciliación promovidos | L18: 61020010016-0202 | M18: A diciembre de 2027, se ha beneficiado a 5 sedes educativas oficiales con dotación | O18: 2.3.1.01.01.001.02.01 | P18: Horas extras, dominicales, festivos y recargos Docente | R18: 1.2.2.0.00.15 | S18: Participación del impuesto sobre vehículos automotores | U18: 27-Rama judicial | W18: Acuerdo 562 POR MEDIO DEL CUAL SE ADOPTA LA POLÍTICA PÚBLICA DE DERECHOS HUMANOS 2022 - 2031 DEL DISTRITO ESPECIAL, DEPORTIVO, CULTURAL, TURÍSTICO, EMPRESARIAL Y DE SERVICIOS DE SANTIAGO DE CALI Y SE DICTAN OTRAS DISPOSICIONES | AA18: 0401024 | AB18: Boletines Técnicos de la Temática Tecnología e Innovación | AC18: 040102400 | AD18: Boletines Técnicos de la Temática Tecnología e Innovación producidos | AE18: Número
A19: Asociadas a fenomenos de origen humano no intencionales: aglomeracion de publico | C19: 4161 | D19: Secretaría de Seguridad y Justicia | F19: 6301001 | G19: Ciudadanía activa | I19: 61010020013 | J19: Iniciativas de promoción de la Cultura Ciudadana, la paz, la reconciliación y la Justicia Comunitaria y Restaurativa apoyadas o creadas | L19: 62010040006-0203 | M19: A diciembre de 2027, se han capacitado 100 personas en conociemiento ambiental en el marco de la Política Pública de Educacón Ambiental | O19: 2.3.1.01.01.001.02.02 | P19: Horas extras, dominicales, festivos y recargos Directivo Docente | R19: 1.2.2.0.00.16 | S19: Cobros por Estacionamiento en Espacio Público o en Lotes de Parqueo | U19: 28-Registraduría | W19: POLÍTICA PÚBLICA PARA LA ATENCIÓN INTEGRAL A VÍCTIMAS DEL CONFLICTO ARMADO - LEY 1448 | AA19: 0401026 | AB19: Cuadros de resultados para la temática agropecuaria | AC19: 040102600 | AD19: Cuadros de resultados para la temática agropecuaria producidos | AE19: Número
A20: Asociadas a fenomenos de origen natural: atmosfericos, hidrologicos, geologicos, otros. | C20: 4162 | D20: Secretaría del Deporte y la Recreación | F20: 6301002 | G20: Gobierno abierto | I20: 61010020014 | J20: Instancias Territoriales de Promoción de la Cultura Ciudadana, Derechos Humanos y Construcción de Paz fortalecidas | L20: 63010020005-0204 | M20: A diciembre de 2027, se ha implementado 1 (una) Plataforma tecnológica de monitoreo ambiental y en operación. | O20: 2.3.1.01.01.001.02.03 | P20: Horas extras, dominicales, festivos y recargos Administrtivo | R20: 1.2.2.0.00.17 | S20: Sobretasa Gasol malla vial | U20: 29-Fiscalía | W20: Acuerdo 501 POR EL CUAL SE ADOPTA LA POLÍTICA PÚBLICA DE SALUD MENTAL, CONVIVENCIA SOCIAL Y ABORDAJE DEL CONSUMO DE SUSTANCIAS PSICOACTIVAS EN EL DISTRITO ESPECIAL, DEPORTIVO, CULTURAL, TURISTICO, EMPRESARIAL Y DE SERVICIOS DE SANTIAGO DE CALI "TEJIENDO CALEÑIDAD Y CIUDADANIA AFECTIVA" | AA20: 0401029 | AB20: Cuadros de resultados para la temática de comercio interno | AC20: 040102900 | AD20: Cuadros de Resultados Temática Comercio Interno producidos | AE20: Número
A21: Asociadas a fenomenos de origen socianatural: inundaciones, movimientos en masa, incedios forestales. | C21: 4163 | D21: Secretaría de Gestión del Riesgo de Emergencias y Desastres | F21: 6302001 | G21: Fortalecimiento institucional | I21: 61010020015 | J21: Personas que participan en procesos pedagógicos de derechos humanos, cultura ciudadana y construcción de paz | L21: 62020010013-0205 | M21: A diciembre de 2027, se han adecuado o rehabilitado 6 parques y zonas verdes para la conservación ambiental de la comuna. | O21: NO* 2.3.1.01.01.001.04 | P21: Subsidio de alimentación | R21: 1.2.2.0.00.18 | S21: Sobt gasol 97%(15%) S.I.T.M. | U21: 32-Ambiente y desarrollo sostenible | W21: Acuerdo 457 de 2018 PLAN DECENAL DE CULTURA, CALI: HACIA UN TERRITORIO INTERCULTURAL (2018-2028) | AA21: 0401031 | AB21: Cuadros de resultados para la temática de cultura | AC21: 040103100 | AD21: Cuadros de resultados para la temática de cultura producidos | AE21: Número
A22: Asociadas a fenomenos de origen tecnologico: quimicos, electricos, mecoanicos, termicos. | C22: 4164 | D22: Secretaría de Paz y Cultura Ciudadana | F22: 6302002 | G22: Trámites rápidos y sin complicaciones | I22: 61010020016 | J22: Política pública de Barrismo formulada y presentada | L22: 61020020017-0206 | M22: A diciembre de 2027, se han fortalecido 300 personas del ecosistema empresarial. | O22: 2.3.1.01.01.001.04.01 | P22: Subsidio de alimentación Docente | R22: 1.2.2.0.00.19 | S22: Impuesto a la Telefonía Urbana | U22: 33-Cultura | AA22: 0401032 | AB22: Cuadros de resultados para la temática de demografía y población | AC22: 040103200 | AD22: Cuadros de resultados para la temática de demografía y población producidos | AE22: Número
A23: Otras | C23: 4171 | D23: Secretaría de Desarrollo Económico | I23: 61010020017 | J23: Política pública de Reconciliación para la Paz formulada | L23: 61020020019-0207 | M23: A diciembre de 2027, se han formado 300 personas de la Comuna en competencias laborales para cierre de brechas. | O23: 2.3.1.01.01.001.04.02 | P23: Subsidio de alimentación Directivo Docente | R23: 1.2.2.0.00.25 | S23: Contribución fondo especial de intervenidas | U23: 35-Comercio, industria y turismo | AA23: 0401033 | AB23: Cuadros de Resultados temática Educación | AC23: 040103300 | AD23: Cuadros de Resultados temática Educación producidos | AE23: Número
C24: 4172 | D24: Secretaría de Turismo | I24: 61010030001 | J24: Adolescentes y/o jóvenes vinculados al Sistema de Responsabilidad Penal atendidos en programas de justicia juvenil restaurativa y terapéutica | L24: 61020030031-0208 | M24: A diciembre de 2027, se han apoyado 4 iniciativas de turismo de la comuna para el desarrollo local | O24: 2.3.1.01.01.001.04.03 | P24: Subsidio de alimentación Administrativo | R24: 1.2.2.0.00.27 | S24: Contribución por el servicio de parqueadero o de estacionamiento en vía | U24: 36-Trabajo | AA24: 0401035 | AB24: Cuadros de resultados para la temática de industria | AC24: 040103500 | AD24: Cuadros de resultados para la temática de industria producidos | AE24: Número
A25: GRUPOS VULNERABLES | C25: 4173 | D25: Secretaría de Desarrollo Territorial y Participación Ciudadana | I25: 61010030002 | J25: Jóvenes atendidos con enfoque diferencial, territorial y de género en estrategias de prevención social de la violencia | L25: 61020060010-0209 | M25: A diciembre de 2027, se han beneficiado 300 personas con discapacidad, sus familias y cuidadores con servicios de atención integral en la comuna | O25: NO* 2.3.1.01.01.001.05 | P25: Auxilio de transporte | R25: 1.2.2.0.00.28 | S25: Contraprestaciones por el uso del espacio público | U25: 37-Interior | AA25: 0401036 | AB25: Cuadros de resultados para la temática de mercado laboral | AC25: 040103600 | AD25: Cuadros de Resultados temática Mercado Laboral producidos | AE25: Número
A26: Niños, Niñas, Adolecentes y Jóvenes | C26: 4181 | D26: Unidad Administrativa Especial de Gestión de Bienes y Servicios | I26: 61010030003 | J26: Personas vinculadas a programas de construcción de paz y promoción de la cultura ciudadana para la generación de oportunidades | L26: 61020060014-0210 | M26: A diciembre de 2027, se han beneficiado 300 personas mayores con servicios de atención integral en la comuna | O26: 2.3.1.01.01.001.05.01 | P26: Auxilio de transporte Docente | R26: 1.2.2.0.00.29 | S26: Sobretasa Gasolina S.I.T.M. MIO | U26: 39-Ciencia, tecnología e innovación | AA26: 0401037 | AB26: Cuadros de resultados para la temática de pobreza y condiciones de vida | AC26: 040103700 | AD26: Cuadros de resultados para la temática de pobreza y condiciones de vida producidos | AE26: Número
A27: Adulto Mayor | C27: 4182 | D27: Unidad Administrativa Especial de Servicios Públicos | I27: 61010040001 | J27: Espacios generados para la consolidación del sistema local de justicia de Cali | L27: 61010020008-0211 | M27: A diciembre de 2027, se han atendido 60 personas en estrategias de prevención social de la violencia | O27: 2.3.1.01.01.001.05.02 | P27: Auxilio de transporte Directivo Docente | R27: 1.2.3.1.01 | S27: Sobretasa / participación ambiental - Corporaciones Autónomas Regionales | U27: 40-Vivienda, ciudad y territorio | AA27: 0401038 | AB27: Cuadros de resultados para la temática de precios y costos | AC27: 040103800 | AD27: Cuadros de resultados para la temática de precios y costos producidos | AE27: Número
A28: Víctimas | C28: 4183 | D28: Unidad Administrativa Especial de Protección Animal | I28: 61010040002 | J28: Estrategias de fortalecimiento a funciones operativas, forenses, investigación y judicialización de las agencias de seguridad implementadas | L28: 62010010014-0212 | M28: A diciembre de 2027, se ha realizado 6 intervenciones de adecuación o mantenimiento a escenarios deportivos y recreativos de la comuna (previo concepto técnico). | O28: 2.3.1.01.01.001.05.03 | P28: Auxilio de transporte Administrativo | R28: 1.2.3.1.03.01 | S28: Impuesto de Circulación y Tránsito Sobre Vehículos de Servicio Público - S.I.T.MIO | U28: 41-Inclusión social y reconciliación | AA28: 0401039 | AB28: Cuadros de resultados para la temática de salud | AC28: 040103900 | AD28: Cuadros de Resultados temática Salud producidos | AE28: Número
A29: Discapacidad | I29: 61010040003 | J29: Estrategias implementadas para la gestión territorial de la seguridad y convivencia | L29: 61020030021-0213 | M29: A diciembre de 2027, se han vinculado 1500 Niñas, niños, adolescentes, jóvenes, adultos y adultos mayores (incluidos con discapacidad) a actividades deportivas y aprovechamiento del tiempo libre. | O29: NO* 2.3.1.01.01.001.06 | P29: Prima de servicio | R29: 1.2.3.1.03.02 | S29: Impuesto de Circulación y Tránsito Sobre Vehículos de Servicio Público - Tradicional | U29: 42-Inteligencia | AA29: 0401040 | AB29: Cuadros de resultados para la temática de seguridad y defensa | AC29: 040104000 | AD29: Cuadros de resultados para la temática de seguridad y defensa producidos | AE29: Número
A30: Mujeres | I30: 61010040004 | J30: Estudios técnicos en seguridad y convivencia realizados | L30: 61020030016-0214 | M30: A diciembre de 2027 se han realizado 4 eventos deportivos y recreativos en la comuna. | O30: 2.3.1.01.01.001.06.01 | P30: Prima de servicio Docente | R30: 1.2.3.1.05.01 | S30: Impuesto de Alumbrado Público - Predio Lotes | U30: 43-Deporte y recreación | AA30: 0401041 | AB30: Cuadros de resultados para la temática de servicios | AC30: 040104100 | AD30: Cuadros de resultados para la temática de Servicio producidos | AE30: Número
A31: Etnias | I31: 61010040005 | J31: Infraestructura de seguridad y justicia mejorada | L31: 61020020017-0301 | M31: A diciembre de 2027, se han fortalecido 400 personas del ecosistema empresarial. | O31: 2.3.1.01.01.001.06.02 | P31: Prima de servicio Directivo Docente | R31: 1.2.3.1.05.02 | S31: Impuesto de Alumbrado Público EMCALI y Otros Comercializadores | U31: 44-Sistema integral de verdad, justicia, reparación y no repetición | AA31: 0401042 | AB31: Cuadros de resultados para la temática de tecnología e innovación | AC31: 040104200 | AD31: Cuadros de Resultados temática Tecnología e Innovación producidos | AE31: Número
A32: Equidad de Genero | I32: 61010040006 | J32: Personas beneficiadas con estrategia para la atención y garantía de derechos de la población privada de la libertad | L32: 61020020019-302 | M32: A diciembre de 2027, se han formado 150 personas del corregimiento en competencias laborales para cierre de brechas. | O32: 2.3.1.01.01.001.06.03 | P32: Prima de servicio Administrativo | R32: 1.2.3.1.05.03 | S32: Alumb Acdo 357 (10% navideño) | U32: 45-Gobierno territorial | AA32: 0401043 | AB32: Cuadros de resultados para la temática de transporte | AC32: 040104300 | AD32: Cuadros de resultados para la temática de transporte producidos | AE32: Número
I33: 61010040007 | J33: Política Pública de Seguridad y Convivencia Ciudadana formulada y presentada | L33: 63010010006-0303 | M33: A diciembre de 2027, se han intervenido 4 sedes comunales de propiedad del Distrito. | O33: NO* 2.3.1.01.01.001.07 | P33: Bonificación por servicios prestados | R33: 1.2.3.1.05.04 | S33: Impuesto de Alumbrado Público Liquidación Directa | AA33: 0401060 | AB33: Cuadros de Resultados para la temática construcción | AC33: 040106000 | AD33: Cuadros de Resultados para la temática construcción Producidos | AE33: Número
A34: MOVILIZADORES | I34: 61010040008 | J34: Subsistema de videovigilancia fortalecido y funcionando | L34: 61010020012-0304 | M34: A diciembre de 2027, se han realizado 4 acciones pedagógicas, artísticas y culturales para el fortalecimiento de buenas prácticas de Cultura Ciudadana en la comuna | O34: 2.3.1.01.01.001.07.01 | P34: Bonificación por servicios prestados Docente | R34: 1.2.3.1.12 | S34: Impuesto de espectáculos públicos nacional con destino al deporte | AA34: 0401061 | AB34: Bases de datos de la Temática Agropecuaria | AC34: 040106100 | AD34: Bases de datos de la Temática Agropecuaria Generadas | AE34: Número
A35: P.M.51010011: Área de Desarrollo Naranja Ciudad Inteligente – Ciudad Paraíso | I35: 61020010001 | J35: Personas formadas en el uso y apropiación de tecnologías de la información y las comunicaciones (TIC) en el Distrito de Santiago de Cali | L35: 61020030021-0306 | M35: A diciembre de 2027, se han vinculado 1890 Niñas, niños, adolescentes, jóvenes, adultos y adultos mayores (incluidos con discapacidad) a actividades deportivas y aprovechamiento del tiempo libre. | O35: 2.3.1.01.01.001.07.02 | P35: Bonificación por servicios prestados Directivo Docente | R35: 1.2.3.1.14 | S35: Sobretasa Bomberil | AA35: 0401062 | AB35: Bases de datos de la Temática Ambiental | AC35: 040106200 | AD35: Bases de datos de la Temática Ambiental Generadas | AE35: Número
A36: P.M.51010012: Lo Virtual: otra Dimensión de la Escuela | I36: 61020010002 | J36: Observatorio de educación en operación | L36: 61020030016-0307 | M36: A diciembre de 2027 se han realizado 7 eventos deportivos y recreativos en la comuna | O36: 2.3.1.01.01.001.07.03 | P36: Bonificación por servicios prestados Administrativo | R36: 1.2.3.1.14.01 | S36: Impuesto de Alumbrado Público - Predio Lotes | AA36: 0401064 | AB36: Bases de datos de la Temática de Comercio Interno | AC36: 040106400 | AD36: Bases de datos de la Temática de Comercio interno Generadas | AE36: Número
A37: P.M.51010013: Sistema Semafórico Inteligente | I37: 61020010003 | J37: Establecimientos educativos en operación | L37: 61020030011-0309 | M37: A diciembre de 2027, se han vinculado en procesos de educación informal del sector artistico y cultural a 1442 personas de diferentes grupos poblacionales de la comuna | O37: NO* 2.3.1.01.01.001.08 | P37: Prestaciones sociales | R37: 1.2.3.1.14.02 | S37: Impuesto de Alumbrado Público EMCALI y Otros Comercializadores | AA37: 0401065 | AB37: Bases de datos de la Temática de Construcción | AC37: 040106500 | AD37: Bases de datos de la Temática de Construcción Generadas | AE37: Número
A38: P.M.51020011: Área de Desarrollo Naranja Parque Pacífico: cultura, arte, música, gastronomía, artesanía y diseño. | I38: 61020010004 | J38: Estudiantes atendidos a traves de Metodologías Educativas Flexibles para la población en extraedad, educación formal de jóvenes y adultos y apoyo academico especial y emocional | L38: 61020030004-0310 | M38: A diciembre de 2027, se han realizado 7 eventos artísticos y culturales para promover la identidad y vocación cultural de la comuna | O38: NO* 2.3.1.01.01.001.08.01 | P38: Prima de navidad | R38: 1.2.3.1.14.03 | S38: Alumb Acdo 357 (10% navideño) | AA38: 0401066 | AB38: Bases de datos de la Temática de Cultura | AC38: 040106600 | AD38: Bases de datos de la Temática de Cultura Generadas | AE38: Número
A39: P.M.51020012: Área de Desarrollo Naranja Alameda de la Salsa | I39: 61020010005 | J39: Estudiantes de las IEO con apoyo financiero para el ingreso y permanencia a programas técnicos, técnico profesional, tecnólogicos y/o profesional | L39: 61020010018-0312 | M39: A diciembre de 2027, se ha realizado 9 intervención de adecuación o mantenimiento en sedes educativa pública de la comuna (previo concepto de viabilidad técnica) | O39: 2.3.1.01.01.001.08.01.01 | P39: Prima de Navidad Docente | R39: 1.2.3.1.14.04 | S39: Impuesto de Alumbrado Público Liquidación Directa | AA39: 0401068 | AB39: Bases de datos de la Temática de Educación | AC39: 040106800 | AD39: Bases de datos de la Temática de Educación Generadas | AE39: Número
A40: P.M.51020013: Parque Tecnológico de Innovación San Fernando | I40: 61020010006 | J40: Estudiantes de las Instituciones Educativas Oficiales beneficiados con estrategia de Transporte Escolar. | L40: 61020020017-0401 | M40: A diciembre de 2027, se han fortalecido 480 personas del ecosistema empresarial. | O40: 2.3.1.01.01.001.08.01.02 | P40: Prima de Navidad Directivo Docente | R40: 1.2.3.1.15 | S40: Sobretasa bomberil | AA40: 0401069 | AB40: Bases de datos de la Temática de Gobierno | AC40: 040106900 | AD40: Bases de datos de la Temática de Gobierno Generadas | AE40: Número
A41: P.M.51020021: Clúster del Deporte | I41: 61020010007 | J41: Estudiantes pertenecientes a grupos vulnerables atendidos con estrategias de educación inclusiva | L41: 61020020019-0402 | M41: A diciembre de 2027, se han formado 150 personas de la Comuna en competencias laborales para cierre de brechas. | O41: 2.3.1.01.01.001.08.01.03 | P41: Prima de Navidad Administrativo | R41: 1.2.3.1.17 | S41: Sobretasa de solidaridad servicios públicos acueducto, aseo y alcantarillado | AA41: 0401070 | AB41: Bases de datos de la Temática de Industria | AC41: 040107000 | AD41: Bases de datos de la Temática de Industria Generadas | AE41: Número
A42: P.M.51020022: Ciudad Médica | I42: 61020010008 | J42: Etapas para la formulación y adopción del plan decenal para el sector educativo | L42: 61020010001-0403 | M42: A diciembre de 2027, se han formado 100 personas de la Comuna en el uso y apropiación de tecnologías de la información y las comunicaciones (TIC) | O42: NO* 2.3.1.01.01.001.08.02 | P42: Prima de vacaciones | R42: 1.2.3.1.18 | S42: Sobretasa de solidaridad servicios públicos acueducto, aseo y alcantarillado | AA42: 0401071 | AB42: Bases de datos de la Temática de Precios y Costos | AC42: 040107100 | AD42: Bases de datos de la Temática de Precios y Costos Generadas | AE42: Número
A43: P.M.51030011: Juegos Panamericanos Junior | I43: 61020010009 | J43: IEO con estrategias de mejoramiento en competencias comunicativas de lengua extranjera | L43: 62010010014-0404 | M43: A diciembre de 2027, se ha realizado 3 intervenciones de adecuación o mantenimiento a escenarios deportivos y recreativos de la Comuna (previo concepto técnico). | O43: 2.3.1.01.01.001.08.02.01 | P43: Prima de Vacaciones Docente | R43: 1.2.3.1.18.01 | S43: Tasa Prodeporte 10% Alimentación y transporte | AA43: 0401072 | AB43: Bases de datos de la Temática de Servicios | AC43: 040107200 | AD43: Bases de datos de la Temática de Servicios Generadas | AE43: Número
A44: P.M.51030012: Parque de las Aves | I44: 61020010010 | J44: Instituciones Educativas Oficiales con implementación de la estrategia de atención integral en convivencia escolar | L44: 61020030021-0405 | M44: A diciembre de 2027, se han vinculado 1700 Niñas, niños, adolescentes, jóvenes, adultos y adultos mayores (incluidos con discapacidad) a actividades deportivas y aprovechamiento del tiempo libre. | O44: 2.3.1.01.01.001.08.02.02 | P44: Prima de Vacaciones Directivo Docente | R44: 1.2.3.1.18.02 | S44: Tasa Prodeporte 90% Manifestaciones deportivas y recreativas | AA44: 0401073 | AB44: Bases de datos de la Temática de Tecnología e Innovación | AC44: 040107300 | AD44: Bases de datos de la Temática de Tecnología e Innovación Generadas | AE44: Número
A45: P.M.51030013: Cali Ciudad Salsa | I45: 61020010011 | J45: Instituciones Educativas Oficiales con estrategias de innovación curricular | L45: 61020030016-0406 | M45: A diciembre de 2027 se han realizado 3 eventos deportivos y recreativos en la Comuna. | O45: 2.3.1.01.01.001.08.02.03 | P45: Prima de Vacaciones Administrativo | R45: 1.2.3.1.19.01 | S45: Estampilla procultura | AA45: 0401074 | AB45: Bases de datos de la Temática de Transporte | AC45: 040107400 | AD45: Bases de datos de la Temática de Transporte Generadas | AE45: Número
... A92: P.M.54030012: Escuela del Buen Gobierno | I92: 61020030021 | J92: Niñas, niños, adolescentes, jóvenes y adultos (incluidas personas con discapacidad) beneficiados con programa de altos logros deportivos. | L92: 62010030011-0808 | M92: A diciembre de 2027, se han intervenido 3.15 km de vía de la comuna 8. | O92: 2.3.1.01.02.009.03 | P92: Aportes a escuelas industriales e institutos técnicos Administrativo | R92: 1.2.3.2.09.06 | S92: Venta de Activos | AA92: 1202020 | AB92: Servicio de divulgación para promover el acceso a la Justicia | AC92: 120202000 | AD92: Campañas de divulgación ejecutadas | AE92: Número
A93: #VALUE! | I93: 61020030022 | J93: Niñas, niños, adolescentes, jóvenes, adultos y adultos mayores (incluidos con discapacidad) vinculados a actividades deportivas y aprovechamiento del tiempo libre. | L93: 61020020017-0809 | M93: A diciembre de 2027, se han fortalecido 300 personas del ecosistema empresarial. | O93: NO* 2.3.1.01.03 | P93: Remuneraciones no constitutivas de factor salarial | R93: 1.2.3.2.10 | S93: Tasas retributivas | AA93: 1202021 | AB93: Servicio de educación informal para el acceso a la justicia | AC93: 120202100 | AD93: Eventos realizados | AE93: Número
I94: 61020030023 | J94: Niñas, niños, adolescentes, jóvenes, adultos y adultos mayores con discapacidad y sus cuidadores vinculados en procesos deportivos de formación. | L94: 61020020019-0810 | M94: A diciembre de 2027, se han formado 150 personas del corregimiento en competencias laborales para cierre de brechas. | O94: NO* 2.3.1.01.03.001 | P94: Prestaciones sociales | R94: 1.2.3.2.11 | S94: Tasas compensatorias | AA94: 1202023 | AB94: Servicio de asistencia técnica en la promoción y articulación de los servicios de justicia | AC94: 120202300 | AD94: Asistencias técnicas realizadas | AE94: Número
I95: 61020030024 | J95: Jornadas de ciclovía realizadas en Santiago de Cali. | L95: 61020010001-0811 | M95: A diciembre de 2027, se han formado 100 personas de la comuna en el uso y apropiación de tecnologías de la información y las comunicaciones (TIC) | O95: NO* 2.3.1.01.03.001.01 | P95: Vacaciones | R95: 1.2.3.2.15 | S95: Tasa por utilización de aguas subterránea y superficiales | AA95: 1202024 | AB95: Servicio de apoyo financiero para fortalecimiento de la justicia propia | AC95: 120202400 | AD95: Proyectos apoyados financieramente | AE95: Número
I96: 61020030025 | J96: Promoción deportiva a través de asistencias técnica o estímulos a ligas, clubes y deportistas. | L96: 61010020014-0812 | M96: A diciembre de 2027, se ha apoyado o creado 9 Iniciativas de promoción de la Cultura Ciudadana, la paz y la reconciliación en la comuna 8. | O96: 2.3.1.01.03.001.01.01 | P96: Vacaciones Docente | R96: 1.2.3.2.21.01 | S96: Otros derechos de Tránsito | AA96: 1202025 | AB96: Servicio de asistencia técnica en fortalecimiento de justicia propia | AC96: 120202500 | AD96: Asistencias técnicas en fortalecimiento de justicia propia realizadas | AE96: Número
I97: 61020030026 | J97: Estrategias de apropiación del destino implementadas. | L97: 61010020012-0813 | M97: A diciembre de 2027, se han realizado 12 acciones pedagógicas, artísticasy culturales para el fortalecimiento de buenas prácticas de Cultura Ciudadana en la comuna 8. | O97: 2.3.1.01.03.001.01.02 | P97: Vacaciones Directivo Docente | R97: 1.2.3.2.21.02 | S97: Cobros por Estacionamiento en Espacio Público o en Lotes de Parqueo | AA97: 1202026 | AB97: Servicio de atención de justicia itinerante | AC97: 120202600 | AD97: Jornadas móviles de justicia intinerante realizadas | AE97: Peso m/c
I98: 61020030027 | J98: Estrategias promoción y comunicación del destino implementadas. | L98: 61010020016-0814 | M98: A diciembre de 2027, participan 150 personas en procesos pedagógicos de derechos humanos, cultura ciudadana y construcción de paz en la comuna 8. | O98: 2.3.1.01.03.001.01.03 | P98: Vacaciones Administratvo | R98: 1.2.3.2.21.03 | S98: Derechos de Tránsito en Áreas Restringidas o de Alta Congestión | AA98: 1202027 | AB98: Servicio de asistencia técnica en transformación cultural para la adopción de modelos de gestión inclusivos en la justicia | AC98: 120202700 | AD98: Asistencias técnicas en transformación cultural realizadas | AE98: Número
I99: 61020030028 | J99: Espacios con vocación turistica dotados | L99: 63010010006-0815 | M99: A diciembre de 2027, se han intervenido 3 sedes comunales de propiedad del Distrito. | O99: NO* 2.3.1.01.03.001.03 | P99: Bonificación especial de recreación | R99: 1.2.3.2.21.04 | S99: Recursos Convenio Municipio CDAV | AA99: 1202028 | AB99: Servicio de acompañamiento técnico para el desarrollo y promoción en la formación jurídica | AC99: 120202800 | AD99: Estrategias de promoción en formación jurídica implementadas | AE99: Número
I100: 61020030029 | J100: Eventos turísticos de ciudad realizados | L100: 61020020017-0901 | M100: A diciembre de 2027, se han fortalecido 1200 personas del ecosistema empresarial. | O100: 2.3.1.01.03.001.03.03 | P100: Bonificación especial de recreación Administrativo | R100: 1.2.3.2.22.03 | S100: Expedición de Licencias de funcionamiento de establecimientos educativos para el trabajo y el desarrollo humano | AA100: 1202029 | AB100: Servicio de información para el monitoreo de los servicios de justicia implementado | AC100: 120202900 | AD100: Informes realizados | AE100: Número
I101: 61020030030 | J101: Experiencias turísticas innovadoras implementadas | L101: 61020010001-0902 | M101: A diciembre de 2027, se han formado 210 personas de la comuna en el uso y apropiación de tecnologías de la información y las comunicaciones (TIC) | O101: NO* 2.3.1.01.03.009 | P101: Prima técnica no salarial | R101: 1.2.3.2.22.04 | S101: Incentivo al Aprovechamiento y Tratamiento de Residuos Sólidos | AA101: 1202030 | AB101: Servicio de información para la promoción de los enfoques de la justicia inclusiva implementado | AC101: 120203000 | AD101: Informes realizados | AE101: Número
I102: 61020030031 | J102: Iniciativas de turismo para el desarrollo local fortalecidas. | L102: 61020030031-0903 | M102: A diciembre de 2027, se han apoyado 3 iniciativas de turismo de la comuna para el desarrollo local | O102: 2.3.1.01.03.009.03 | P102: Prima técnica no salarial Administrativo | R102: 1.2.3.2.22.05 | S102: Zonas verdes adquisicion terrenos | AA102: 1202031 | AB102: Servicio de educación informal para la gestión administrativa de justicia | AC102: 120203100 | AD102: Personas capacitadas | AE102: Número
I103: 61020030032 | J103: Observatorio turistico fortalecido | L103: 61020020019-0904 | M103: A diciembre de 2027, se han formado 450 personas de la comuna en competencias laborales para cierre de brechas. | O103: NO* 2.3.1.01.03.083 | P103: Auxilio de movilización | R103: 1.2.3.2.22.06 | S103: Tasa Compensación Arbórea | AA103: 1202032 | AB103: Servicio de articulación entre la Rama Ejecutiva y la Rama Judicial | AC103: 120203200 | AD103: Compromisos suscritos | AE103: Número
I104: 61020030033 | J104: Programas de formación y acompañamiento para desarrollar el turismo del destino implementados | L104: 61010020001-0905 | M104: A diciembre de 2027, se han asistido 300 Jóvenes, técnicamente en prácticas organizativas en el territorio. | O104: 2.3.1.01.03.083.01 | P104: Auxilio de movilización Docente | R104: 1.2.3.2.22.07 | S104: Contraprestación por el uso del espacio público | AA104: 1202033 | AB104: Servicio de promoción para la articulación entre las comunidades étnicas y el sistema judicial nacional | AC104: 120203300 | AD104: Espacios de articulación generados | AE104: Número
I105: 61020030034 | J105: Espectáculos visuales y luminosos anuales de alumbrado navideño implementados | L105: 61020060014-0906 | M105: A diciembre de 2027, se han beneficiado 600 personas mayores con servicios de atención integral en la comuna | O105: 2.3.1.01.03.083.02 | P105: Auxilio de movilización Directivo Docente | R105: 1.2.3.2.23.01 | S105: Sanciones por Violación de Normas - DAGMA | AA105: 1202034 | AB105: Servicio de información para el apoyo a la gestión de operadores de justicia implementado | AC105: 120203400 | AD105: Consultas atendidas | AE105: Número
... I181: 62010020008 | J181: Beneficiarios del programa Fondo de Solidaridad y Redistribución de Ingreso | L181: 62010040006-1414 | M181: A diciembre de 2027, se ha implementado 1 politica para provover la participación activa de la comuna en la generación y aplicación del conocimiento | O181: 2.3.1.02.02.003.05.05 | P181: Intereses de Cesantias Seguridad y Justicia | R181: 1.3.1.1.07.05 | S181: CUR 627/19 SSF - Recursos Emcali Conpes 3858/16 | AA181: 1702006 | AB181: Casas comunitarias campesinas restauradas | AC181: 170200600 | AD181: Casas comunitarias campesinas restauradas | AE181: Número
I182: 62010020009 | J182: Sistemas de agua potable y/o saneamiento básico en áreas rurales gestionados | L182: 62020010003-1415 | M182: A diciembre de 2027, se ha fortalecido 120 personas en la implementación de técnicas sostenibles para el aprovechamiento eficiente de los recursos naturales y materiales de la comuna | O182: NO* 2.3.1.02.02.003.06 | R182: 1.3.1.1.07.06 | S182: CUR 880/19 SSF - Recursos Emcali Conpes 3858/16 | AA182: 1702007 | AB182: Servicio de apoyo financiero para proyectos productivos | AC182: 170200700 | AD182: Proyectos productivos cofinanciados | AE182: Número
I183: 62010020010 | J183: Componentes de las plantas de tratamiento de aguas residuales ampliados u optimizados | L183: 61020030021-1501 | M183: A diciembre de 2027, se han vinculado 4.500 Niñas, niños, adolescentes, jóvenes, adultos y adultos mayores (incluidos con discapacidad) vinculados a actividades deportivas y aprovechamiento del tiempo libre. | O183: 2.3.1.02.02.003.06.01 | P183: Aportes De Cesantías Fondo Público Seguridad Y Justicia | R183: 1.3.1.1.07.07 | S183: CUR 881/19 SSF - Recursos Emcali Conpes 3858/16 | AA183: 1702008 | AB183: Servicio de apoyo financiero para educación en carreras agropecuarias o afines | AC183: 170200800 | AD183: Jóvenes rurales apoyados para el acceso a la educación superior en temas agropecuarios | AE183: Número
I184: 62010020011 | J184: Componentes del sistema de potabilización optimizados para asegurar el suministro de agua potable | L184: 62010010014-1502 | M184: A diciembre de 2027, se ha realizado 5 intervenciones de adecuación o mantenimiento a escenarios deportivos y recreativos de la comuna (previo concepto técnico). | O184: 2.3.1.02.02.003.06.02 | P184: Aportes De Cesantías Fondo Privado Seguridad Y Justicia | R184: 1.3.1.1.07.08 | S184: CUR 882/19 SSF - Recursos Emcali Conpes 3858/16 | AA184: 1702009 | AB184: Servicio de apoyo financiero para el acceso a activos productivos y de comercialización | AC184: 170200900 | AD184: Productores apoyados con activos productivos y de comercialización | AE184: Número
I185: 62010020012 | J185: Componentes del sistema de saneamiento y drenaje pluvial optimizado | L185: 61020030016-1503 | M185: A diciembre de 2027 se han realizado 3 eventos deportivos y recreativos en la comuna. | O185: 2.3.1.02.02.003.06.03 | P185: Aportes De Cesantías Definitivas Anualizado Seguridad Yjusticia | R185: 1.3.1.1.07.09 | S185: DPS - ALAMEDA | AA185: 1702010 | AB185: Servicio de asistencia técnica agropecuaria dirigida a pequeños productores | AC185: 170201000 | AD185: Pequeños productores rurales asistidos técnicamente | AE185: Número
I186: 62010020013 | J186: Redes de acueducto optimizadas | L186: 61020020017-1504 | M186: A diciembre de 2027, se han fortalecido 413 personas del ecosistema empresarial. | O186: NO* 2.3.1.02.02.004 | P186: Aportes a cajas de compensación familiar | R186: 1.3.1.1.07.10 | S186: CUR 040/17 Emcali SSF | AA186: 1702011 | AB186: Servicio de asesoría para el fortalecimiento de la asociatividad | AC186: 170201100 | AD186: Asociaciones fortalecidas | AE186: Número
I187: 62010020014 | J187: Redes de alcantarillado optimizadas | L187: 61020020019-1505 | M187: A diciembre de 2027, se han formado 210 personas del corregimiento en competencias laborales para cierre de brechas. | O187: 2.3.1.02.02.004.01 | P187: Aportes a cajas de compensación familiar Docente | R187: 1.3.1.1.07.11 | S187: Transferencia Fondo Especial de Vivienda | AA187: 1702012 | AB187: Servicio de educación informal en temas administrativos y de gestión financiera a pequeños productores | AC187: 170201200 | AD187: Formas organizativas capacitadas | AE187: Número
I188: 62010030001 | J188: Andenes intervenidos con criterios de accesibilidad | L188: 61020030031-1506 | M188: A diciembre de 2027, se han apoyado 3 iniciativas de turismo del corregimiento para el desarrollo local | O188: 2.3.1.02.02.004.04 | P188: Aportes a cajas de compensación familiar Movilidad | R188: 1.3.1.1.08.01 | S188: Fund for cities of services | AA188: 1702014 | AB188: Servicio de apoyo para el acceso a maquinaria y equipos | AC188: 170201400 | AD188: Productores beneficiados con acceso a maquinaria y equipo | AE188: Número
I189: 62010030002 | J189: Ciclo infraestructura construida | L189: 61020060010-1507 | M189: A diciembre de 2027, se han beneficiado 340 personas con discapacidad, sus familias y cuidadores con servicios de atención integral en la comuna | O189: 2.3.1.02.02.004.05 | P189: Aportes a Cajas de Compensación Familiar Seguridad Y Justicia | R189: 1.3.1.1.08.02 | S189: Resolución 1585/21 2da. Versión Premio Nacional de Biblioteca "Daniel Samper Ortega" 2021 | AA189: 1702016 | AB189: Servicio de apoyo para el fomento de la asociatividad | AC189: 170201600 | AD189: Asociaciones apoyadas | AE189: Número
I190: 62010030003 | J190: Ciclo infraestructura Intervenida | L190: 61020060014-1508 | M190: A diciembre de 2027, se han beneficiado 340 personas mayores con servicios de atención integral en la comuna | O190: NO* 2.3.1.02.02.005 | P190: Aportes generales al sistema de riesgos laborales | R190: 1.3.1.1.08.03 | S190: Resolución 2388/2022 Premio Nacional De Bibliotecas Públicas "Daniel Samper Ortega" 2022 | AA190: 1702017 | AB190: Servicio de apoyo para el fomento organizativo de la Agricultura Campesina, Familiar y Comunitaria | AC190: 170201700 | AD190: Productores agropecuarios apoyados | AE190: Número
I191: 62010030004 | J191: Estudios y Diseños para la intervención y desarrollo de infraestructura vial realizados | L191: 61020020003-1509 | M191: A diciembre de 2027, se han fortalecido 342 mujeres en procesos de participación politica, social y el desarrollo de capacidades que faciliten su autonomía económica en la comuna | O191: 2.3.1.02.02.005.04 | P191: Aportes generales al sistema de riesgos laborales Movilidad | R191: 1.3.1.1.09 | S191: Recuperación de cartera - préstamos | AA191: 1702018 | AB191: Documentos de lineamientos técnicos | AC191: 170201800 | AD191: Documentos de lineamientos técnicos elaborados | AE191: Número
I192: 62010030005 | J192: Frentes de trabajo de las 21 Megaobras mediante el sistema de contribución por valorización ejecutados | L192: 61010020012-1510 | M192: A diciembre de 2027, se han realizado 18 acciones pedagógicas, artísticasy culturales para el fortalecimiento de buenas prácticas de Cultura Ciudadana en la comuna | O192: 2.3.1.02.02.005.05 | P192: Aportes Generales al Sistema de Riesgos Laborales Seguridad Y Justicia | R192: 1.3.1.1.09.01 | S192: Recuperación de cartera Capital-préstamos-Fondo Solidario y de Oportunidades | AA192: 1702019 | AB192: Documentos metodológicos | AC192: 170201900 | AD192: Documentos metodológicos elaborados | AE192: Número
I193: 62010030006 | J193: Mantenimiento rutinario vías rurales realizados | L193: 63010010006-1511 | M193: A diciembre de 2027, se han intervenido 6 sedes comunales de propiedad del Distrito. | O193: NO* 2.3.1.02.02.006 | P193: Aportes al ICBF | R193: 1.3.1.1.09.02 | S193: Recuperación de cartera Intereses-préstamos-Fondo Solidario y de Oportunidades | AA193: 1702021 | AB193: Servicio de acompañamiento productivo y empresarial | AC193: 170202100 | AD193: Unidades productivas beneficiadas | AE193: Número
I194: 62010030007 | J194: Puentes construidos | L194: 61010020014-1512 | M194: A diciembre de 2027, se ha apoyado o creado 3 Iniciativas de promoción de la Cultura Ciudadana, la paz y la reconciliación en la comuna | O194: 2.3.1.02.02.006.01 | P194: Aportes al ICBF Docente | R194: 1.3.1.1.10.01 | S194: Retiros Fonpet-Para el pago de obligaciones pensionales corrientes | AA194: 1702022 | AB194: Estudios de preinversión | AC194: 170202200 | AD194: Estudios de preinversión realizados | AE194: Número
... I354: 63020020006 | J354: Archivo de la Alcaldía distrital de Santiago de Cali optimizado | L354: 61020050001-6002 | M354: A diciembre de 2027.se ha brindado asistencia técnica a 75 pequeños y medianos productores rurales en producción agroecologica sostenible, con enfoque diferencial y de género en el corregimiento. | O354: NO* 2.3.2.01.02 | P354: Objetos de valor | R354: 1.3.2.3.01.127 | S354: R.F. Crédito Banca de Fomento | AA354: 1709044 | AB354: Infraestructura de producción agrícola modificada | AC354: 170904400 | AD354: Infraestructura de producción agrícola modificada | AE354: Número
L355: 62020010021-6003 | M355: A diciembre de 2027, se han realizado 1 asistencias técnicas en la implementación de alternativas de aprovechamiento de residuos sólidos orgánicos en el corregimiento | O355: 2.3.2.01.02.001 | P355: Joyas y artículos conexos | R355: 1.3.2.3.01.128 | S355: R.F. Resolución 3241/18 Premio Nacional de Biblioteca "Daniel Samper Ortega" 2018 | AA355: 1709045 | AB355: Infraestructura de producción agrícola restaurada | AC355: 170904500 | AD355: Infraestructura de producción agrícola restaurada | AE355: Número
L356: 62010010014-6004 | M356: A diciembre de 2027, se ha realizado 2 intervenciones de adecuación o mantenimiento a escenarios deportivos y recreativos del corregimiento (previo concepto técnico). | O356: 2.3.2.01.02.002 | P356: Antigüedades u otros objetos de arte | R356: 1.3.2.3.02.01 | S356: R.F. Coljuegos 25% | AA356: 1709046 | AB356: Infraestructura de producción pecuaria adecuada | AC356: 170904600 | AD356: Infraestructura de producción pecuaria adecuada | AE356: Número
L357: 61020030016-6005 | M357: A diciembre de 2027 se han realizado 2 eventos deportivos y recreativos en el corregimiento. | O357: 2.3.2.01.02.003 | P357: Otros objetos valiosos | R357: 1.3.2.3.11.01 | S357: R.F. Coljuegos 25% | AA357: 1709047 | AB357: Infraestructura de producción pecuaria ampliada | AC357: 170904700 | AD357: Infraestructura de producción pecuaria ampliada | AE357: Número
L358: 61020030011-6008 | M358: A diciembre de 2027, se han vinculado en procesos de educación informal del sector artistico y cultural a 750 personas de diferentes grupos poblacionales del corregimiento. | O358: NO* 2.3.2.01.03 | P358: Activos no producidos | R358: 1.3.2.3.11.02 | S358: R.F. Reintegros Sobretasa Gasolina-Malla Vial | AA358: 1709048 | AB358: Infraestructura de producción pecuaria con reforzamiento estructural | AC358: 170904800 | AD358: Infraestructura de producción pecuaria con reforzamiento estructural | AE358: Número
L359: 61020030004-6007 | M359: A diciembre de 2027, se han realizado 3 eventos artísticos y culturales para promover la identidad y vocación cultural del corregimiento | O359: 2.3.2.01.03.001 | P359: Tierras y terrenos | R359: 1.3.2.3.11.03 | S359: R.F. Reintegro ICETEX (Recursos del Crédito) | AA359: 1709049 | AB359: Infraestructura de producción pecuaria construida | AC359: 170904900 | AD359: Infraestructura de producción pecuaria construida | AE359: Número
L360: 61020010016-6006 | M360: A diciembre de 2027, se ha beneficiado con 2 dotaciones a las sedes educativas oficiales del corregimiento | O360: 2.3.2.01.03.002 | P360: Recursos biológicos no cultivados | R360: 1.3.3.0.00.00 | S360: Recursos del Balance de libre destinación | AA360: 1709050 | AB360: Infraestructura de producción pecuaria modificada | AC360: 170905000 | AD360: Infraestructura de producción pecuaria modificada | AE360: Número
L361: 61020020017-6101 | M361: A diciembre de 2027, se han fortalecido 80 personas del ecosistema empresarial. | O361: NO* 2.3.2.02 | P361: Adquisiciones diferentes de activos | R361: 1.3.3.0.00.00 | S361: Recursos del Balance de libre destinación | AA361: 1709051 | AB361: Infraestructura de producción pecuaria restaurada | AC361: 170905100 | AD361: Infraestructura de producción pecuaria restaurada | AE361: Número
L362: 62010030011-6102 | M362: A diciembre de 2027, se han intervenido 0,9 km de vía del corregimiento | O362: NO* 2.3.2.02.01 | P362: Materiales y suministros | R362: 1.3.3.0.00.01 | S362: R.B. Servicios de expedición de permisos, conceptos ambientales | AA362: 1709052 | AB362: Infraestructura para el almacenamiento adecuada | AC362: 170905200 | AD362: Infraestructura para el almacenamiento adecuada | AE362: Número
L363: 62010030012-6103 | M363: A diciembre de 2027, se han construido 2,07 Km de obras de infraestructura hidraulica del corregimiento | O363: 2.3.2.02.01.000 | P363: Agricultura, silvicultura y productos de la pesca | R363: 1.3.3.0.00.02 | S363: R.B. contribucion y recargos valorización | AA363: 1709053 | AB363: Infraestructura para el almacenamiento ampliada | AC363: 170905300 | AD363: Infraestructura para el almacenamiento ampliada | AE363: Número
L364: 61020030011-6104 | M364: A diciembre de 2027, se han vinculado en procesos de educación informal del sector artistico y cultural a 220 personas de diferentes grupos poblacionales del corregimiento. | O364: 2.3.2.02.01.001 | P364: Minerales; electricidad, gas y agua | R364: 1.3.3.0.00.03 | S364: R.B. Impuesto de Circulación y Tránsito Sobre Vehículos de Servicio Público - S.I.T.MIO | AA364: 1709054 | AB364: Infraestructura para el almacenamiento con reforzamiento estructural | AC364: 170905400 | AD364: Infraestructura para el almacenamiento con reforzamiento estructural | AE364: Número
L365: 61020010018-6105 | M365: A diciembre de 2027, se ha realizado 4 intervención de adecuación o mantenimiento , en sede educativa pública del corregimiento (previo concepto de viabilidad técnica) | O365: 2.3.2.02.01.002 | P365: Productos alimenticios, bebidas y tabaco; textiles, prendas de vestir y productos de cuero | R365: 1.3.3.0.00.04 | S365: R.B. Conceptos técnicos aprovechamiento de las aguas subterráneas y superficiales | AA365: 1709055 | AB365: Infraestructura para el almacenamiento construida | AC365: 170905500 | AD365: Infraestructura para el almacenamiento construida | AE365: Número
L366: 61020010016-6106 | M366: A diciembre de 2027, se ha beneficiado con 3 dotaciones a las sedes educativas oficiales del corregimiento | O366: 2.3.2.02.01.003 | P366: Otros bienes transportables (excepto productos metálicos, maquinaria y equipo) | R366: 1.3.3.0.00.05 | S366: R.B. Sanciones por Violación de Normas - DAGMA | AA366: 1709057 | AB366: Infraestructura para el almacenamiento modificada | AC366: 170905700 | AD366: Infraestructura para el almacenamiento modificada | AE366: Número
... L399: 61020010018-6506 | M399: A diciembre de 2027, se ha realizado 1 intervención de adecuación o mantenimiento , en sede educativa pública del corregimiento (previo concepto de viabilidad técnica) | O399: 2.3.3.05.08 | P399: A esquemas asociativos | R399: 1.3.3.1.19.04 | S399: R.B. Estampilla procultura ley 1379/2010 (Red Nacional de bibliotecas 10%) | AA399: 1709090 | AB399: Terminal pesquero restructurado | AC399: 170909000 | AD399: Terminal pesquero restructurado | AE399: Número
O400: NO* 2.3.3.05.08.007 | P400: Regiones de Planeación y Gestión | R400: 1.3.3.1.19.05 | S400: R.B. Estampilla procultura acuerdo 232 (conservacion patrimonio cultural 5%) | AA400: 1709091 | AB400: Infraestructura de trapiche panelero construida y dotada | AC400: 170909100 | AD400: Trapiches paneleros construidos y dotados | AE400: Número
O401: 2.3.3.05.08.007.01 | P401: Autoridad Regional de Transporte - ART de la Aglomeración del Suroccidente de Colombia en el Valle del Cauca - ASOVC”. | R401: 1.3.3.1.19.06 | S401: R.B. Estampilla procultura acuerdo 0313 (fin inst popular de cultura 7% del 60%) | AA401: 1709092 | AB401: Infraestructura de trapiche panelero con mantenimiento | AC401: 170909200 | AD401: Trapiches paneleros con mantenimiento | AE401: Número
O402: NO* 2.3.3.05.09 | P402: A otras entidades del gobierno general | R402: 1.3.3.1.19.21 | S402: R.B. Estampilla para el bienestar del Adulto mayor, Vigencia Actual | AA402: 1709093 | AB402: Servicio de procesamiento de caña panelera | AC402: 170909300 | AD402: Trapiches paneleros con servicio de procesamiento de caña. | AE402: Número
O403: 2.3.3.05.09.045 | P403: Aseguramiento en salud S.S.F. (Leyes 100 de 1993, 1122 de 2007, 1393 de 2010, 1438 de 2011 y 1607 de 2012) | R403: 1.3.3.1.19.22 | S403: R.B. Estampilla para el bienestar del Adulto mayor (FONPET - 20%) | AA403: 1709094 | AB403: Servicio de beneficio de animales destinados para el consumo humano | AC403: 170909400 | AD403: Animales sacrificados | AE403: Número
O404: 2.3.3.05.09.053 | P404: Fondos de Servicios Educativos de las Instituciones de Preescolar, Básica y Media | R404: 1.3.3.1.19.41 | S404: R.B. Estampillas-Fond Pen | AA404: 1709095 | AB404: Plantas de beneficio animal con mantenimiento | AC404: 170909500 | AD404: Plantas de beneficio animal con mantenimiento | AE404: Número
O405: 2.3.3.05.09.054 | P405: A establecimientos públicos y unidades administrativas especiales | R405: 1.3.3.1.19.42 | S405: R.B. Estampilla Prodesarrollo Urbano (20% primera infancia) | AA405: 1709096 | AB405: Estudios de preinversión | AC405: 170909600 | AD405: Estudios de preinversión realizados | AE405: Número
O406: NO* 2.3.3.07 | P406: Prestaciones para cubrir riesgos sociales | R406: 1.3.3.1.19.43 | S406: R.B. Estampilla Prodesarrollo Urbano (10% bilinguismo Acuerdo 469/2019) | AA406: 1709097 | AB406: Estudios de preinversión para adecuación de tierras | AC406: 170909700 | AD406: Área con estudios de preinversión para adecuación de tierras elaborados | AE406: Hectáreas
O407: NO* 2.3.3.07.01 | P407: Prestaciones de asistencia social | R407: 1.3.3.1.19.44 | S407: R.B. Estampilla Prodesarrollo Urbano (10% Equidad de Genero) | AA407: 1709099 | AB407: Distritos de adecuación de tierras construidos y ampliados | AC407: 170909900 | AD407: Hectáreas con distritos de adecuación de tierras construidos y ampliados | AE407: Hectáreas
O408: 2.3.3.07.01.002 | P408: Transferencia a Colpensiones para administración beneficios económicos periódicos (de pensiones) | R408: 1.3.3.1.19.45 | S408: R.B. Estampilla Prodesarrollo Urbano (10% Afro ) | AA408: 1709100 | AB408: Distritos de adecuación de tierras rehabilitados, complementados y modernizados | AC408: 170910000 | AD408: Hectáreas con distritos de adecuación de tierras rehabilitados, complementados y modernizados | AE408: Hectáreas
O409: NO* 2.3.3.07.02 | P409: Prestaciones sociales relacionadas con el empleo | R409: 1.3.3.1.19.46 | S409: R.B. Estampilla Pro desarrollo10% Victimas de Conflicto Armado | AA409: 1709101 | AB409: Servicio de administración, operación y conservación de distritos de adecuación de tierras de propiedad del estado | AC409: 170910100 | AD409: Distritos de adecuación de tierras con servicio de Administración, Operación y Conservación | AE409: Número
O410: NO* 2.3.3.07.02.001 | P410: Mesadas pensionales (de pensiones) | R410: 1.3.3.1.19.47 | S410: R.B. Estampilla Prodesarrollo Urbano (5% Alimentacion escolar) | AA410: 1709102 | AB410: Servicio de acompañamiento a la prestación del servicio público de adecuación de tierras | AC410: 170910200 | AD410: Distritos de adecuación de tierras acompañados en la prestación del servicio público | AE410: Número
O411: 2.3.3.07.02.001.01 | P411: Mesadas pensionales con cargo a reservas (de pensiones) | R411: 1.3.3.1.19.48 | S411: R.B. Estampilla Prodesarrollo Urbano (5% Adulto mayor ) | AA411: 1709103 | AB411: Servicio de trámites legales de asociaciones de usuarios de distritos de adecuación de tierras | AC411: 170910300 | AD411: Trámites legales de asociaciones de usuarios realizados | AE411: Número
... O475: 2.3.8.05.01.001 | P475: Multas Superintendencias | R475: 1.3.3.12.05.04 | S475: R.B. R.F. Impuesto de Alumbrado Público EMCALI y Otros Comercializadores | AA475: 1905004 | AB475: Cementerios remodelados | AC475: 190500400 | AD475: Cementerios remodelados | AE475: Número
...

Sheet  ACTIVIDADES PPTO PROYECTADA
C1: 7 | AG1: 7
A9: Código BP | B9: BP-26005411 | D9: Código BPIN | F9: 2024760010192 | I9: Versión PPM: | K9: 000 | N9: Vigencia | P9: 2024 | R9: Meta PDD CC | W9: Programa PDD | X9: 6102006 | AE9: Código BP | AF9: BP-26005411 | AH9: Código BPIN | AJ9: 2024760010192 | AM9: Versión PPM: | AO9: 000 | AR9: Vigencia | AT9: 2024 | AV9: Meta PDD CC | BA9: Programa PDD | BB9: 6102006
I10: Versión PS: | K10: 000 | N10: Población Objetivo | P10: 9504 | X10: =IF(X9=""," ",VLOOKUP(X9,Listados!$F:$G,2,0)) -> Atención integral a poblaciones | AM10: Versión PS: | AO10: 000 | AR10: Población Objetivo | AT10: 9504 | BB10: =IF(BB9=""," ",VLOOKUP(BB9,Listados!$F:$G,2,0)) -> Atención integral a poblaciones
A11: Nombre del Proyecto | B11: Implementación de atenciones integrales y diferenciales para la primera infancia en Santiago de Cali | I11: Centro Gestor | K11: 4146 | L11: =IF(K11=""," ",VLOOKUP(K11,Listados!$C:$D,2,0)) -> Secretaría de Bienestar Social | R11: Denominación Meta PDD CC | W11: Validador Programa PDD | AE11: Nombre del Proyecto | AF11: Implementación de atenciones integrales y diferenciales para la primera infancia en Santiago de Cali | AM11: Centro Gestor | AO11: 4146 | AP11: =IF(AO11=""," ",VLOOKUP(AO11,Listados!$C:$D,2,0)) -> Secretaría de Bienestar Social | AV11: Denominación Meta PDD CC | BA11: Validador Programa PDD
R12: =IF(R10=""," ",VLOOKUP(R10,Listados!$L:$M,2,0)) | W12: {=IF(AND(COUNTIF(O15:O43, "<>")>0, SUMPRODUCT((ISNUMBER(VALUE(IFERROR(O15:O43, ""))))*(LEN(O15:O43)=11)*(LEFT(O15:O43, 7)=$X$9&""))=COUNTA(O15:O43)), "CORRECTO", "REVISAR META PDD")} -> CORRECTO | AV12: =IF(AV10=""," ",VLOOKUP(AV10,Listados!$L:$M,2,0)) | BA12: {=IF(AND(COUNTIF(AS15:AS43, "<>")>0, SUMPRODUCT((ISNUMBER(VALUE(IFERROR(AS15:AS43, ""))))*(LEN(AS15:AS43)=11)*(LEFT(AS15:AS43, 7)=$X$9&""))=COUNTA(AS15:AS43)), "CORRECTO", "REVISAR META PDD")} -> CORRECTO
A14: Objetivo General | B14: Indicador Objetivo General | C14: Unidad de Medida | D14: Cantidad | E14: # Objetivo específico | F14: Objetivos Específicos | G14: Código MGA Producto | H14: # Producto | I14: Productos | J14: Código MGA Indicador Producto | K14: Indicador de Producto | L14: Unidad de Medida | M14: Cantidad | N14: % Ponderación Productos | O14: Meta Plan de Desarrollo | P14: Denominación Meta PDD | Q14: # Actividad | R14: Código Programa Presupuestario | S14: Actividades | T14: Ruta Crítica Si/No | U14: % Ponderación Actividad | V14: Código POSPRE | W14: Denominación POSPRE | X14: Código FONDO | Y14: Denominación FONDO | Z14: Valor Actividades | AA14: TRASLADO DE RECURSOS | AB14: CAMBIO DE POSPRE | AC14: AJUSTE DE ACTIVIDAD | AD14: AJUSTE DE PROYECTO | AE14: Objetivo General | AF14: Indicador Objetivo General | AG14: Unidad de Medida | AH14: Cantidad | AI14: # Objetivo específico | AJ14: Objetivos Específicos | AK14: Código MGA Producto | AL14: # Producto | AM14: Productos | AN14: Código MGA Indicador Producto | AO14: Indicador de Producto | AP14: Unidad de Medida | AQ14: Cantidad | AR14: % Ponderación Productos | AS14: Meta Plan de Desarrollo | AT14: Denominación Meta PDD | AU14: # Actividad | AV14: Código Programa Presupuestario | AW14: Actividades | AX14: Ruta Crítica Si/No | AY14: % Ponderación Actividad | AZ14: Código POSPRE | BA14: Denominación POSPRE | BB14: Código FONDO | BC14: Denominación FONDO | BD14: Valor Actividades | BE14: Modificación 2024
A15: Garantizar la Atención Integral y diferencial para la Primera Infancia en Santiago de Cali | B15: Beneficiarios atendidos en el Marco de la Atención integral a la primera infancia | C15: NÚMERO | D15: 15000 | E15: 1 | F15: Fortalecer la calidad de la atención integral y diferencial de la primera infancia en el Distrito Especial de Santiago de Cali. | G15: 4102001 | H15: 1.1 | I15: Servicio de atención integral a la primera infancia | J15: 410200100 | K15: Niños y niñas atendidos en Servicio integrales | L15: Número | M15: 9504 | N15: 1 | O15: 61020060002 | P15: Beneficiarios atendidos en el marco de la atención integral a la primera infancia | Q15: 1.1.1 | R15: BP-26005411/1/01/01/01 | S15: Brindar servicios de atención Integral para la primera infancia. | T15: Si | U15: =SUM(Z21:Z30)/SUM(Z21:Z50) -> 0.58152438 | V15: 2.3.2.02.02.009 | W15: =IF(V15=""," ",VLOOKUP(V15,Listados!$O:$P,2,0)) -> Servicios para la comunidad, sociales y personales | X15: 1.2.3.1.19.42 | Y15: =IF(X15=""," ",VLOOKUP(X15,[1]Listados!$O:$P,2,0)) -> Estampilla Prodesarrollo Urbano (20% primera infancia) | Z15: 9962468999 | AE15: Garantizar la Atención Integral y diferencial para la Primera Infancia en Santiago de Cali | AF15: Beneficiarios atendidos en el Marco de la Atención integral a la primera infancia | AG15: NÚMERO | AH15: 15000 | AI15: 1 | AJ15: Fortalecer la calidad de la atención integral y diferencial de la primera infancia en el Distrito Especial de Santiago de Cali. | AK15: 4102001 | AL15: 1.1 | AM15: Servicio de atención integral a la primera infancia | AN15: 410200100 | AO15: Niños y niñas atendidos en Servicio integrales | AP15: Número | AQ15: 9504 | AR15: 1 | AS15: 61020060002 | AT15: Beneficiarios atendidos en el marco de la atención integral a la primera infancia | AU15: 1.1.1 | AV15: BP-26005411/1/01/01/01 | AW15: Brindar servicios de atención Integral para la primera infancia. | AX15: Si | AY15: =SUM(BD21:BD30)/SUM(BD21:BD50) -> 0.43405093 | AZ15: 2.3.2.02.02.009 | BA15: =IF(AZ15=""," ",VLOOKUP(AZ15,Listados!$O:$P,2,0)) -> Servicios para la comunidad, sociales y personales | BB15: 1.2.3.1.19.42 | BC15: =IF(BB15=""," ",VLOOKUP(BB15,[1]Listados!$O:$P,2,0)) -> Estampilla Prodesarrollo Urbano (20% primera infancia) | BD15: 9962468999
R16: BP-26005411/1/01/01/14 | S16: Brindar servicios de atención Integral para la primera infancia. | T16: Si | V16: 2.3.2.02.02.009 | W16: =IF(V16=""," ",VLOOKUP(V16,Listados!$O:$P,2,0)) -> Servicios para la comunidad, sociales y personales | X16: 1.2.4.3.03.01 | Y16: =IF(X16=""," ",VLOOKUP(X16,[1]Listados!$O:$P,2,0)) -> SGP-Propósito General-Libre inversión 11/12 | Z16: 4630301499 | AV16: BP-26005411/1/01/01/14 | AW16: Brindar servicios de atención Integral para la primera infancia. | AX16: Si | AZ16: 2.3.2.02.02.009 | BA16: =IF(AZ16=""," ",VLOOKUP(AZ16,Listados!$O:$P,2,0)) -> Servicios para la comunidad, sociales y personales | BB16: 1.2.4.3.03.01 | BC16: =IF(BB16=""," ",VLOOKUP(BB16,[1]Listados!$O:$P,2,0)) -> SGP-Propósito General-Libre inversión 11/12 | BD16: 4630301499
R17: BP-26005411/1/01/01/15 | S17: Brindar servicios de atención Integral para la primera infancia. | T17: Si | V17: 2.3.2.02.02.009 | W17: =IF(V17=""," ",VLOOKUP(V17,Listados!$O:$P,2,0)) -> Servicios para la comunidad, sociales y personales | X17: 1.3.2.3.01.01 | Y17: =IF(X17=""," ",VLOOKUP(X17,[1]Listados!$O:$P,2,0)) -> R.F. ICLD | Z17: 5763463431 | AV17: BP-26005411/1/01/01/15 | AW17: Brindar servicios de atención Integral para la primera infancia. | AX17: Si | AZ17: 2.3.2.02.02.009 | BA17: =IF(AZ17=""," ",VLOOKUP(AZ17,Listados!$O:$P,2,0)) -> Servicios para la comunidad, sociales y personales | BB17: 1.3.2.3.01.01 | BC17: =IF(BB17=""," ",VLOOKUP(BB17,[1]Listados!$O:$P,2,0)) -> R.F. ICLD | BD17: 5763463431
R18: BP-26005411/1/01/01/16 | S18: Brindar servicios de atención Integral para la primera infancia. | T18: Si | V18: 2.3.2.02.02.009 | W18: =IF(V18=""," ",VLOOKUP(V18,Listados!$O:$P,2,0)) -> Servicios para la comunidad, sociales y personales | X18: 1.3.2.3.01.105 | Y18: =IF(X18=""," ",VLOOKUP(X18,[1]Listados!$O:$P,2,0)) -> R.F. Estampilla Prodesarrollo Urbano (20% Primera Infancia) | Z18: 717447647 | AV18: BP-26005411/1/01/01/16 | AW18: Brindar servicios de atención Integral para la primera infancia. | AX18: Si | AZ18: 2.3.2.02.02.009 | BA18: =IF(AZ18=""," ",VLOOKUP(AZ18,Listados!$O:$P,2,0)) -> Servicios para la comunidad, sociales y personales | BB18: 1.3.2.3.01.105 | BC18: =IF(BB18=""," ",VLOOKUP(BB18,[1]Listados!$O:$P,2,0)) -> R.F. Estampilla Prodesarrollo Urbano (20% Primera Infancia) | BD18: 717447647
R19: BP-26005411/1/01/01/17 | S19: Brindar servicios de atención Integral para la primera infancia. | T19: Si | V19: 2.3.2.02.02.009 | W19: =IF(V19=""," ",VLOOKUP(V19,Listados!$O:$P,2,0)) -> Servicios para la comunidad, sociales y personales | X19: 1.2.1.0.00 | Y19: =IF(X19=""," ",VLOOKUP(X19,[1]Listados!$O:$P,2,0)) -> Ingresos corrientes de Libre Destinación | Z19: 2057124296 | AA19: -427564390 | AV19: BP-26005411/1/01/01/17 | AW19: Brindar servicios de atención Integral para la primera infancia. | AX19: Si | AZ19: 2.3.2.02.02.009 | BA19: =IF(AZ19=""," ",VLOOKUP(AZ19,Listados!$O:$P,2,0)) -> Servicios para la comunidad, sociales y personales | BB19: 1.2.1.0.00 | BC19: =IF(BB19=""," ",VLOOKUP(BB19,[1]Listados!$O:$P,2,0)) -> Ingresos corrientes de Libre Destinación | BD19: =+Z19+AA19 -> 1629559906
R20: BP-26005411/1/01/01/21 | S20: Brindar servicios de atención Integral para la primera infancia. | T20: Si | V20: 2.3.2.02.02.009 | W20: =IF(V20=""," ",VLOOKUP(V20,Listados!$O:$P,2,0)) -> Servicios para la comunidad, sociales y personales | X20: 1.3.3.5.01.06 | Y20: =IF(X20=""," ",VLOOKUP(X20,[1]Listados!$O:$P,2,0)) -> R.B. Convenio ICBF 7600481/21 | Z20: 238918828 | AV20: BP-26005411/1/01/01/21 | AW20: Brindar servicios de atención Integral para la primera infancia. | AX20: Si | AZ20: 2.3.2.02.02.009 | BA20: =IF(AZ20=""," ",VLOOKUP(AZ20,Listados!$O:$P,2,0)) -> Servicios para la comunidad, sociales y personales | BB20: 1.3.3.5.01.06 | BC20: =IF(BB20=""," ",VLOOKUP(BB20,[1]Listados!$O:$P,2,0)) -> R.B. Convenio ICBF 7600481/21 | BD20: 238918828
R21: BP-26005411/1/01/01/18 | S21: Brindar servicios de atención Integral para la primera infancia. | T21: Si | V21: 2.3.2.02.02.009 | W21: =IF(V21=""," ",VLOOKUP(V21,Listados!$O:$P,2,0)) -> Servicios para la comunidad, sociales y personales | X21: 1.3.3.5.04.03 | Y21: =IF(X21=""," ",VLOOKUP(X21,[1]Listados!$O:$P,2,0)) -> R.B. Convenio ICBF 7600608/21 | Z21: 126249395 | AV21: BP-26005411/1/01/01/18 | AW21: Brindar servicios de atención Integral para la primera infancia. | AX21: Si | AZ21: 2.3.2.02.02.009 | BA21: =IF(AZ21=""," ",VLOOKUP(AZ21,Listados!$O:$P,2,0)) -> Servicios para la comunidad, sociales y personales | BB21: 1.3.3.5.04.03 | BC21: =IF(BB21=""," ",VLOOKUP(BB21,[1]Listados!$O:$P,2,0)) -> R.B. Convenio ICBF 7600608/21 | BD21: 126249395
R22: BP-26005411/1/01/01/20 | S22: Brindar servicios de atención Integral para la primera infancia. | T22: Si | V22: 2.3.2.02.02.008 | W22: =IF(V22=""," ",VLOOKUP(V22,Listados!$O:$P,2,0)) -> Servicios prestados a las empresas y servicios de producción | X22: 1.3.2.3.01.01 | Y22: =IF(X22=""," ",VLOOKUP(X22,[1]Listados!$O:$P,2,0)) -> R.F. ICLD | Z22: 1973965747 | AA22: -1133049747 | AV22: BP-26005411/1/01/01/20 | AW22: Brindar servicios de atención Integral para la primera infancia. | AX22: Si | AZ22: 2.3.2.02.02.008 | BA22: =IF(AZ22=""," ",VLOOKUP(AZ22,Listados!$O:$P,2,0)) -> Servicios prestados a las empresas y servicios de producción | BB22: 1.3.2.3.01.01 | BC22: =IF(BB22=""," ",VLOOKUP(BB22,[1]Listados!$O:$P,2,0)) -> R.F. ICLD | BD22: 1091948260
R23: BP-26005411/1/01/01/19 | S23: Brindar servicios de atención Integral para la primera infancia. | T23: Si | V23: 2.3.2.02.02.008 | W23: =IF(V23=""," ",VLOOKUP(V23,Listados!$O:$P,2,0)) -> Servicios prestados a las empresas y servicios de producción | X23: 1.2.3.1.19.42 | Y23: =IF(X23=""," ",VLOOKUP(X23,[1]Listados!$O:$P,2,0)) -> Estampilla Prodesarrollo Urbano (20% primera infancia) | Z23: 677935365 | AA23: -677935365 | AV23: BP-26005411/1/01/01/19 | AW23: Brindar servicios de atención Integral para la primera infancia. | AX23: Si | AZ23: 2.3.2.02.02.008 | BA23: =IF(AZ23=""," ",VLOOKUP(AZ23,Listados!$O:$P,2,0)) -> Servicios prestados a las empresas y servicios de producción | BB23: 1.2.3.1.19.42 | BC23: =IF(BB23=""," ",VLOOKUP(BB23,[1]Listados!$O:$P,2,0)) -> Estampilla Prodesarrollo Urbano (20% primera infancia) | BD23: =+Z23+AA23 -> 0
R24: BP-26005411/1/01/01/24 | S24: Brindar servicios de atención Integral para la primera infancia. | T24: Si | V24: 2.3.2.02.01.003 | W24: =IF(V24=""," ",VLOOKUP(V24,Listados!$O:$P,2,0)) -> Otros bienes transportables (excepto productos metálicos, maquinaria y equipo) | X24: 1.3.2.3.01.01 | Y24: =IF(X24=""," ",VLOOKUP(X24,[1]Listados!$O:$P,2,0)) -> R.F. ICLD | Z24: 12715476 | AV24: BP-26005411/1/01/01/24 | AW24: Brindar servicios de atención Integral para la primera infancia. | AX24: Si | AZ24: 2.3.2.02.01.003 | BA24: =IF(AZ24=""," ",VLOOKUP(AZ24,Listados!$O:$P,2,0)) -> Otros bienes transportables (excepto productos metálicos, maquinaria y equipo) | BB24: 1.3.2.3.01.01 | BC24: =IF(BB24=""," ",VLOOKUP(BB24,[1]Listados!$O:$P,2,0)) -> R.F. ICLD | BD24: 12715476
R25: BP-26005411/1/01/01/22 | S25: Brindar servicios de atención Integral para la primera infancia. | T25: Si | V25: 2.3.2.02.01.003 | W25: =IF(V25=""," ",VLOOKUP(V25,Listados!$O:$P,2,0)) -> Otros bienes transportables (excepto productos metálicos, maquinaria y equipo) | X25: F.1.3.3.3.20.42 | Y25: =IF(X25=""," ",VLOOKUP(X25,[1]Listados!$O:$P,2,0)) -> R.B.R.F. Estampilla Prodesarrollo Urbano (20% primera infancia) | Z25: 97399141 | AV25: BP-26005411/1/01/01/22 | AW25: Brindar servicios de atención Integral para la primera infancia. | AX25: Si | AZ25: 2.3.2.02.01.003 | BA25: =IF(AZ25=""," ",VLOOKUP(AZ25,Listados!$O:$P,2,0)) -> Otros bienes transportables (excepto productos metálicos, maquinaria y equipo) | BB25: F.1.3.3.3.20.42 | BC25: =IF(BB25=""," ",VLOOKUP(BB25,[1]Listados!$O:$P,2,0)) -> R.B.R.F. Estampilla Prodesarrollo Urbano (20% primera infancia) | BD25: 97399141
R26: BP-26005411/1/01/01/23 | S26: Brindar servicios de atención Integral para la primera infancia. | T26: Si | V26: 2.3.2.02.01.003 | W26: =IF(V26=""," ",VLOOKUP(V26,Listados!$O:$P,2,0)) -> Otros bienes transportables (excepto productos metálicos, maquinaria y equipo) | X26: 1.2.1.0.00 | Y26: =IF(X26=""," ",VLOOKUP(X26,[1]Listados!$O:$P,2,0)) -> Ingresos corrientes de Libre Destinación | Z26: 210926018 | AV26: BP-26005411/1/01/01/23 | AW26: Brindar servicios de atención Integral para la primera infancia. | AX26: Si | AZ26: 2.3.2.02.01.003 | BA26: =IF(AZ26=""," ",VLOOKUP(AZ26,Listados!$O:$P,2,0)) -> Otros bienes transportables (excepto productos metálicos, maquinaria y equipo) | BB26: 1.2.1.0.00 | BC26: =IF(BB26=""," ",VLOOKUP(BB26,[1]Listados!$O:$P,2,0)) -> Ingresos corrientes de Libre Destinación | BD26: 210926018
R27: BP-26005411/1/01/01/27 | S27: Brindar servicios de atención Integral para la primera infancia. | T27: Si | V27: 2.3.2.02.01.003 | W27: =IF(V27=""," ",VLOOKUP(V27,Listados!$O:$P,2,0)) -> Otros bienes transportables (excepto productos metálicos, maquinaria y equipo) | X27: 1.3.3.3.20.42 | Y27: =IF(X27=""," ",VLOOKUP(X27,[1]Listados!$O:$P,2,0)) -> R.B. Estampilla Prodesarrollo Urbano (20% primera infancia) | Z27: 138959365 | AV27: BP-26005411/1/01/01/27 | AW27: Brindar servicios de atención Integral para la primera infancia. | AX27: Si | AZ27: 2.3.2.02.01.003 | BA27: =IF(AZ27=""," ",VLOOKUP(AZ27,Listados!$O:$P,2,0)) -> Otros bienes transportables (excepto productos metálicos, maquinaria y equipo) | BB27: 1.3.3.3.20.42 | BC27: =IF(BB27=""," ",VLOOKUP(BB27,[1]Listados!$O:$P,2,0)) -> R.B. Estampilla Prodesarrollo Urbano (20% primera infancia) | BD27: 138959365
R28: BP-26005411/1/01/01/25 | S28: Brindar servicios de atención Integral para la primera infancia. | T28: Si | V28: 2.3.2.01.01.003.05.02 | W28: =IF(V28=""," ",VLOOKUP(V28,Listados!$O:$P,2,0)) -> Aparatos transmisores de televisión y radio; televisión, video y cámaras digitales; teléfonos | X28: 1.3.3.3.20.42 | Y28: =IF(X28=""," ",VLOOKUP(X28,[1]Listados!$O:$P,2,0)) -> R.B. Estampilla Prodesarrollo Urbano (20% primera infancia) | Z28: 124298503 | AV28: BP-26005411/1/01/01/25 | AW28: Brindar servicios de atención Integral para la primera infancia. | AX28: Si | AZ28: 2.3.2.01.01.003.05.02 | BA28: =IF(AZ28=""," ",VLOOKUP(AZ28,Listados!$O:$P,2,0)) -> Aparatos transmisores de televisión y radio; televisión, video y cámaras digitales; teléfonos | BB28: 1.3.3.3.20.42 | BC28: =IF(BB28=""," ",VLOOKUP(BB28,[1]Listados!$O:$P,2,0)) -> R.B. Estampilla Prodesarrollo Urbano (20% primera infancia) | BD28: 124298503
R29: BP-26005411/1/01/01/26 | S29: Brindar servicios de atención Integral para la primera infancia. | T29: Si | V29: 2.3.2.01.01.003.05.02 | W29: =IF(V29=""," ",VLOOKUP(V29,Listados!$O:$P,2,0)) -> Aparatos transmisores de televisión y radio; televisión, video y cámaras digitales; teléfonos | X29: 1.3.3.1.00 | Y29: =IF(X29=""," ",VLOOKUP(X29,[1]Listados!$O:$P,2,0)) -> R.B. Ingresos Corrientes de Libre Destinanción | Z29: 734701497 | AV29: BP-26005411/1/01/01/26 | AW29: Brindar servicios de atención Integral para la primera infancia. | AX29: Si | AZ29: 2.3.2.01.01.003.05.02 | BA29: =IF(AZ29=""," ",VLOOKUP(AZ29,Listados!$O:$P,2,0)) -> Aparatos transmisores de televisión y radio; televisión, video y cámaras digitales; teléfonos | BB29: 1.3.3.1.00 | BC29: =IF(BB29=""," ",VLOOKUP(BB29,[1]Listados!$O:$P,2,0)) -> R.B. Ingresos Corrientes de Libre Destinanción | BD29: 734701497
R30: BP-26005411/1/01/01/28 | S30: Brindar servicios de atención Integral para la primera infancia. | T30: Si | V30: 2.3.2.02.02.006 | W30: Servicios de alojamiento; servicios de suministro de comidas y bebidas; servicios de transporte; y servicios de distribución de electricidad, gas y agua | X30: 1.3.3.1.00 | Y30: =IF(X30=""," ",VLOOKUP(X30,[1]Listados!$O:$P,2,0)) -> R.B. Ingresos Corrientes de Libre Destinanción | Z30: 500000000 | AA30: -500000000 | AV30: BP-26005411/1/01/01/28 | AW30: Brindar servicios de atención Integral para la primera infancia. | AX30: Si | AZ30: 2.3.2.02.02.006 | BA30: Servicios de alojamiento; servicios de suministro de comidas y bebidas; servicios de transporte; y servicios de distribución de electricidad, gas y agua | BB30: 1.3.3.1.00 | BC30: =IF(BB30=""," ",VLOOKUP(BB30,[1]Listados!$O:$P,2,0)) -> R.B. Ingresos Corrientes de Libre Destinanción | BD30: =+Z30+AA30 -> 0
Q31: 1.1.2 | R31: BP-26005411/1/01/01/02 | S31: Brindar acompañamiento técnico al talento humano de los servicios de atención integral. | T31: No | U31: =SUM(Z31)/SUM($Z$21:$Z$48) -> 0.014827627 | V31: 2.3.2.02.02.008 | W31: =IF(V31=""," ",VLOOKUP(V31,Listados!$O:$P,2,0)) -> Servicios prestados a las empresas y servicios de producción | X31: 1.3.3.1.00 | Y31: =IF(X31=""," ",VLOOKUP(X31,[1]Listados!$O:$P,2,0)) -> R.B. Ingresos Corrientes de Libre Destinanción | Z31: 116000000 | AU31: 1.1.2 | AV31: BP-26005411/1/01/01/02 | AW31: Brindar acompañamiento técnico al talento humano de los servicios de atención integral. | AX31: No | AY31: =SUM(BD31)/SUM($Z$21:$Z$48) -> 0.014827627 | AZ31: 2.3.2.02.02.008 | BA31: =IF(AZ31=""," ",VLOOKUP(AZ31,Listados!$O:$P,2,0)) -> Servicios prestados a las empresas y servicios de producción | BB31: 1.3.3.1.00 | BC31: =IF(BB31=""," ",VLOOKUP(BB31,[1]Listados!$O:$P,2,0)) -> R.B. Ingresos Corrientes de Libre Destinanción | BD31: 116000000
Q32: 1.1.3 | R32: BP-26005411/1/01/01/03 | S32: Desarrollar estrategias de cuidado al cuidador | T32: No | U32: =SUM(Z32)/SUM($Z$21:$Z$48) -> 0 | V32: 2.3.2.02.02.009 | W32: =IF(V32=""," ",VLOOKUP(V32,Listados!$O:$P,2,0)) -> Servicios para la comunidad, sociales y personales | Y32: =IF(X32=""," ",VLOOKUP(X32,[1]Listados!$O:$P,2,0)) | Z32: 0 | AU32: 1.1.3 | AV32: BP-26005411/1/01/01/03 | AW32: Desarrollar estrategias de cuidado al cuidador | AX32: No | AY32: =SUM(BD32)/SUM($Z$21:$Z$48) -> 0 | AZ32: 2.3.2.02.02.009 | BA32: =IF(AZ32=""," ",VLOOKUP(AZ32,Listados!$O:$P,2,0)) -> Servicios para la comunidad, sociales y personales | BC32: =IF(BB32=""," ",VLOOKUP(BB32,[1]Listados!$O:$P,2,0)) | BD32: 0
Q33: 1.1.4 | R33: BP-26005411/1/01/01/04 | S33: Realizar mantenimiento a las infraestructuras destinadas a la atención de la primera infancia. | T33: Si | U33: =SUM(Z33)/SUM($Z$21:$Z$48) -> 0 | V33: 2.3.2.02.02.009 | W33: =IF(V33=""," ",VLOOKUP(V33,Listados!$O:$P,2,0)) -> Servicios para la comunidad, sociales y personales | Y33: =IF(X33=""," ",VLOOKUP(X33,[1]Listados!$O:$P,2,0)) | Z33: 0 | AA33: 671000000 | AU33: 1.1.4 | AV33: BP-26005411/1/01/01/04 | AW33: Realizar mantenimiento a las infraestructuras destinadas a la atención de la primera infancia. | AX33: Si | AY33: =SUM(BD33)/SUM($Z$21:$Z$48) -> 0.085770154 | AZ33: 2.3.2.02.02.009 | BA33: =IF(AZ33=""," ",VLOOKUP(AZ33,Listados!$O:$P,2,0)) -> Servicios para la comunidad, sociales y personales | BB33: 1.3.3.1.00 | BC33: R.B. Ingresos Corrientes de Libre Destinanción | BD33: 671000000
Q34: 1.1.5 | R34: BP-26005411/1/01/01/05 | S34: Realizar movilización social para la atención integral en Santiago de Cali. | T34: No | U34: =SUM(Z34)/SUM($Z$21:$Z$48) -> 0.027384112 | V34: 2.3.2.02.02.008 | W34: =IF(V34=""," ",VLOOKUP(V34,Listados!$O:$P,2,0)) -> Servicios prestados a las empresas y servicios de producción | X34: 1.3.2.3.01.105 | Y34: =IF(X34=""," ",VLOOKUP(X34,[1]Listados!$O:$P,2,0)) -> R.F. Estampilla Prodesarrollo Urbano (20% Primera Infancia) | Z34: 214232320 | AU34: 1.1.5 | AV34: BP-26005411/1/01/01/05 | AW34: Realizar movilización social para la atención integral en Santiago de Cali. | AX34: No | AY34: =SUM(BD34)/SUM($Z$21:$Z$48) -> 0.027384112 | AZ34: 2.3.2.02.02.008 | BA34: =IF(AZ34=""," ",VLOOKUP(AZ34,Listados!$O:$P,2,0)) -> Servicios prestados a las empresas y servicios de producción | BB34: 1.3.2.3.01.105 | BC34: =IF(BB34=""," ",VLOOKUP(BB34,[1]Listados!$O:$P,2,0)) -> R.F. Estampilla Prodesarrollo Urbano (20% Primera Infancia) | BD34: 214232320
R35: BP-26005411/1/01/01/29 | S35: Realizar movilización social para la atención integral en Santiago de Cali. | T35: No | U35: =SUM(Z35)/SUM($Z$21:$Z$48) -> 0.012782437 | V35: 2.3.2.02.02.008 | W35: =IF(V35=""," ",VLOOKUP(V35,Listados!$O:$P,2,0)) -> Servicios prestados a las empresas y servicios de producción | X35: 1.3.3.1.00 | Y35: =IF(X35=""," ",VLOOKUP(X35,[1]Listados!$O:$P,2,0)) -> R.B. Ingresos Corrientes de Libre Destinanción | Z35: 100000000 | AV35: BP-26005411/1/01/01/29 | AW35: Realizar movilización social para la atención integral en Santiago de Cali. | AX35: No | AY35: =SUM(BD35)/SUM($Z$21:$Z$48) -> 0.012782437 | AZ35: 2.3.2.02.02.008 | BA35: =IF(AZ35=""," ",VLOOKUP(AZ35,Listados!$O:$P,2,0)) -> Servicios prestados a las empresas y servicios de producción | BB35: 1.3.3.1.00 | BC35: =IF(BB35=""," ",VLOOKUP(BB35,[1]Listados!$O:$P,2,0)) -> R.B. Ingresos Corrientes de Libre Destinanción | BD35: 100000000
Q36: 1.1.6 | R36: BP-26005411/1/01/01/06 | S36: Implementar el Sistema Distrital de Atención Integral a la Primera Infancia en Santiago de Cali. | T36: No | U36: =SUM(Z36)/SUM($Z$21:$Z$48) -> 0 | V36: 2.3.2.02.02.009 | W36: =IF(V36=""," ",VLOOKUP(V36,Listados!$O:$P,2,0)) -> Servicios para la comunidad, sociales y personales | Y36: =IF(X36=""," ",VLOOKUP(X36,[1]Listados!$O:$P,2,0)) | Z36: 0 | AU36: 1.1.6 | AV36: BP-26005411/1/01/01/06 | AW36: Implementar el Sistema Distrital de Atención Integral a la Primera Infancia en Santiago de Cali. | AX36: No | AY36: =SUM(BD36)/SUM($Z$21:$Z$48) -> 0 | AZ36: 2.3.2.02.02.009 | BA36: =IF(AZ36=""," ",VLOOKUP(AZ36,Listados!$O:$P,2,0)) -> Servicios para la comunidad, sociales y personales | BC36: =IF(BB36=""," ",VLOOKUP(BB36,[1]Listados!$O:$P,2,0)) | BD36: 0
Q37: 1.1.7 | R37: BP-26005411/1/01/01/07 | S37: Implementar la Ruta integral de Atención - RIA. | T37: Si | U37: =SUM(Z37)/SUM($Z$21:$Z$48) -> 0.027902547 | V37: 2.3.2.02.02.009 | W37: =IF(V37=""," ",VLOOKUP(V37,Listados!$O:$P,2,0)) -> Servicios para la comunidad, sociales y personales | X37: 1.3.2.3.01.105 | Y37: =IF(X37=""," ",VLOOKUP(X37,[1]Listados!$O:$P,2,0)) -> R.F. Estampilla Prodesarrollo Urbano (20% Primera Infancia) | Z37: 218288160 | AU37: 1.1.7 | AV37: BP-26005411/1/01/01/07 | AW37: Implementar la Ruta integral de Atención - RIA. | AX37: Si | AY37: =SUM(BD37)/SUM($Z$21:$Z$48) -> 0.027902547 | AZ37: 2.3.2.02.02.009 | BA37: =IF(AZ37=""," ",VLOOKUP(AZ37,Listados!$O:$P,2,0)) -> Servicios para la comunidad, sociales y personales | BB37: 1.3.2.3.01.105 | BC37: =IF(BB37=""," ",VLOOKUP(BB37,[1]Listados!$O:$P,2,0)) -> R.F. Estampilla Prodesarrollo Urbano (20% Primera Infancia) | BD37: 218288160
R38: BP-26005411/1/01/01/30 | S38: Implementar la Ruta integral de Atención - RIA. | T38: Si | U38: =SUM(Z38)/SUM($Z$21:$Z$48) -> 0.012782437 | V38: 2.3.2.02.02.009 | W38: =IF(V38=""," ",VLOOKUP(V38,Listados!$O:$P,2,0)) -> Servicios para la comunidad, sociales y personales | X38: 1.3.3.1.00 | Y38: =IF(X38=""," ",VLOOKUP(X38,[1]Listados!$O:$P,2,0)) -> R.B. Ingresos Corrientes de Libre Destinanción | Z38: 100000000 | AV38: BP-26005411/1/01/01/30 | AW38: Implementar la Ruta integral de Atención - RIA. | AX38: Si | AY38: =SUM(BD38)/SUM($Z$21:$Z$48) -> 0.012782437 | AZ38: 2.3.2.02.02.009 | BA38: =IF(AZ38=""," ",VLOOKUP(AZ38,Listados!$O:$P,2,0)) -> Servicios para la comunidad, sociales y personales | BB38: 1.3.3.1.00 | BC38: =IF(BB38=""," ",VLOOKUP(BB38,[1]Listados!$O:$P,2,0)) -> R.B. Ingresos Corrientes de Libre Destinanción | BD38: 100000000
Q39: 1.1.8 | R39: BP-26005411/1/01/01/08 | S39: Realizar articulación y cooperación internacional. | T39: No | U39: =SUM(Z39)/SUM($Z$21:$Z$48) -> 0.0053060889 | V39: 2.3.2.02.02.009 | W39: =IF(V39=""," ",VLOOKUP(V39,Listados!$O:$P,2,0)) -> Servicios para la comunidad, sociales y personales | X39: 1.3.3.1.00 | Y39: =IF(X39=""," ",VLOOKUP(X39,[1]Listados!$O:$P,2,0)) -> R.B. Ingresos Corrientes de Libre Destinanción | Z39: 41510776 | AU39: 1.1.8 | AV39: BP-26005411/1/01/01/08 | AW39: Realizar articulación y cooperación internacional. | AX39: No | AY39: =SUM(BD39)/SUM($Z$21:$Z$48) -> 0.0053060889 | AZ39: 2.3.2.02.02.009 | BA39: =IF(AZ39=""," ",VLOOKUP(AZ39,Listados!$O:$P,2,0)) -> Servicios para la comunidad, sociales y personales | BB39: 1.3.3.1.00 | BC39: =IF(BB39=""," ",VLOOKUP(BB39,[1]Listados!$O:$P,2,0)) -> R.B. Ingresos Corrientes de Libre Destinanción | BD39: 41510776
Q40: 1.1.9 | R40: BP-26005411/1/01/01/09 | S40: Realizar procesos de innovación de conocimientos. | T40: No | U40: =SUM(Z40)/SUM($Z$21:$Z$48) -> 0 | V40: 2.3.2.02.02.009 | W40: =IF(V40=""," ",VLOOKUP(V40,Listados!$O:$P,2,0)) -> Servicios para la comunidad, sociales y personales | Y40: =IF(X40=""," ",VLOOKUP(X40,[1]Listados!$O:$P,2,0)) | Z40: 0 | AU40: 1.1.9 | AV40: BP-26005411/1/01/01/09 | AW40: Realizar procesos de innovación de conocimientos. | AX40: No | AY40: =SUM(BD40)/SUM($Z$21:$Z$48) -> 0 | AZ40: 2.3.2.02.02.009 | BA40: =IF(AZ40=""," ",VLOOKUP(AZ40,Listados!$O:$P,2,0)) -> Servicios para la comunidad, sociales y personales | BC40: =IF(BB40=""," ",VLOOKUP(BB40,[1]Listados!$O:$P,2,0)) | BD40: 0
Q41: 1.1.10 | R41: BP-26005411/1/01/01/10 | S41: Realizar evaluación, actualización y seguimiento a la política pública de Primera Infancia, infancia y adolescencia. | T41: No | U41: =SUM(Z41)/SUM($Z$21:$Z$48) -> 0.026843118 | V41: 2.3.2.02.02.009 | W41: =IF(V41=""," ",VLOOKUP(V41,Listados!$O:$P,2,0)) -> Servicios para la comunidad, sociales y personales | X41: 1.3.3.1.00 | Y41: =IF(X41=""," ",VLOOKUP(X41,[1]Listados!$O:$P,2,0)) -> R.B. Ingresos Corrientes de Libre Destinanción | Z41: 210000000 | AU41: 1.1.10 | AV41: BP-26005411/1/01/01/10 | AW41: Realizar evaluación, actualización y seguimiento a la política pública de Primera Infancia, infancia y adolescencia. | AX41: No | AY41: =SUM(BD41)/SUM($Z$21:$Z$48) -> 0.026843118 | AZ41: 2.3.2.02.02.009 | BA41: =IF(AZ41=""," ",VLOOKUP(AZ41,Listados!$O:$P,2,0)) -> Servicios para la comunidad, sociales y personales | BB41: 1.3.3.1.00 | BC41: =IF(BB41=""," ",VLOOKUP(BB41,[1]Listados!$O:$P,2,0)) -> R.B. Ingresos Corrientes de Libre Destinanción | BD41: 210000000
Q42: 1.1.11 | R42: BP-26005411/1/01/01/11 | S42: Realizar estudios, consultorías y/o convenios para el mejoramiento de los servicios de atención integral para la primera infancia. | T42: No | U42: =SUM(Z42)/SUM($Z$21:$Z$48) -> 0.14373025 | V42: 2.3.2.02.02.009 | W42: =IF(V42=""," ",VLOOKUP(V42,Listados!$O:$P,2,0)) -> Servicios para la comunidad, sociales y personales | X42: 1.3.3.1.00 | Y42: =IF(X42=""," ",VLOOKUP(X42,[1]Listados!$O:$P,2,0)) -> R.B. Ingresos Corrientes de Libre Destinanción | Z42: 1124435440 | AA42: -671000000 | AU42: 1.1.11 | AV42: BP-26005411/1/01/01/11 | AW42: Realizar estudios, consultorías y/o convenios para el mejoramiento de los servicios de atención integral para la primera infancia. | AX42: No | AY42: =SUM(BD42)/SUM($Z$21:$Z$48) -> 0.0579601 | AZ42: 2.3.2.02.02.009 | BA42: =IF(AZ42=""," ",VLOOKUP(AZ42,Listados!$O:$P,2,0)) -> Servicios para la comunidad, sociales y personales | BB42: 1.3.3.1.00 | BC42: =IF(BB42=""," ",VLOOKUP(BB42,[1]Listados!$O:$P,2,0)) -> R.B. Ingresos Corrientes de Libre Destinanción | BD42: 453435440
Q43: 1.1.12 | R43: BP-26005411/1/01/01/12 | S43: Desarrollar sistemas de información y/o plataformas digitales de gestión para la atención integral de la primera infancia de Santiago de Cali | T43: No | U43: =SUM(Z43)/SUM($Z$21:$Z$48) -> 0 | V43: 2.3.2.02.02.009 | W43: =IF(V43=""," ",VLOOKUP(V43,Listados!$O:$P,2,0)) -> Servicios para la comunidad, sociales y personales | Y43: =IF(X43=""," ",VLOOKUP(X43,[1]Listados!$O:$P,2,0)) | Z43: 0 | AU43: 1.1.12 | AV43: BP-26005411/1/01/01/12 | AW43: Desarrollar sistemas de información y/o plataformas digitales de gestión para la atención integral de la primera infancia de Santiago de Cali | AX43: No | AY43: =SUM(BD43)/SUM($Z$21:$Z$48) -> 0 | AZ43: 2.3.2.02.02.009 | BA43: =IF(AZ43=""," ",VLOOKUP(AZ43,Listados!$O:$P,2,0)) -> Servicios para la comunidad, sociales y personales | BC43: =IF(BB43=""," ",VLOOKUP(BB43,[1]Listados!$O:$P,2,0)) | BD43: 0
Q44: 1.1.13 | R44: BP-26005411/1/01/01/13 | S44: Realizar adquisición de servicios y/o compra e Instalación de bienes para el fortalecimiento institucional. | T44: No | U44: =SUM(Z44:Z48)/SUM(Z21:Z48) -> 0.1408135 | V44: 2.3.2.02.02.009 | W44: =IF(V44=""," ",VLOOKUP(V44,Listados!$O:$P,2,0)) -> Servicios para la comunidad, sociales y personales | X44: 1.3.3.1.00 | Y44: =IF(X44=""," ",VLOOKUP(X44,[1]Listados!$O:$P,2,0)) -> R.B. Ingresos Corrientes de Libre Destinanción | Z44: 380000000 | AC44: -300000000 | AU44: 1.1.13 | AV44: BP-26005411/1/01/01/13 | AW44: Realizar adquisición de servicios y/o compra e Instalación de bienes para el fortalecimiento institucional. | AX44: No | AY44: =SUM(BD44:BD48)/SUM(BD21:BD48) -> 0.19114406 | AZ44: 2.3.2.02.02.009 | BA44: =IF(AZ44=""," ",VLOOKUP(AZ44,Listados!$O:$P,2,0)) -> Servicios para la comunidad, sociales y personales | BB44: 1.3.3.1.00 | BC44: =IF(BB44=""," ",VLOOKUP(BB44,[1]Listados!$O:$P,2,0)) -> R.B. Ingresos Corrientes de Libre Destinanción | BD44: 80000000
R45: BP-26005411/1/01/01/31 | S45: Realizar adquisición de servicios y/o compra e Instalación de bienes para el fortalecimiento institucional. | T45: No | V45: 2.3.2.01.01.003.01.06 | W45: =IF(V45=""," ",VLOOKUP(V45,Listados!$O:$P,2,0)) -> Otras máquinas para usos generales y sus partes y piezas | X45: 1.3.3.1.00 | Y45: =IF(X45=""," ",VLOOKUP(X45,[1]Listados!$O:$P,2,0)) -> R.B. Ingresos Corrientes de Libre Destinanción | Z45: 285212551 | AV45: BP-26005411/1/01/01/31 | AW45: Realizar adquisición de servicios y/o compra e Instalación de bienes para el fortalecimiento institucional. | AX45: No | AZ45: 2.3.2.01.01.003.01.06 | BA45: =IF(AZ45=""," ",VLOOKUP(AZ45,Listados!$O:$P,2,0)) -> Otras máquinas para usos generales y sus partes y piezas | BB45: 1.3.3.1.00 | BC45: =IF(BB45=""," ",VLOOKUP(BB45,[1]Listados!$O:$P,2,0)) -> R.B. Ingresos Corrientes de Libre Destinanción | BD45: 285212551
R46: BP-26005411/1/01/01/32 | S46: Realizar adquisición de servicios y/o compra e Instalación de bienes para el fortalecimiento institucional. | T46: No | V46: 2.3.2.01.01.003.01.06 | W46: =IF(V46=""," ",VLOOKUP(V46,Listados!$O:$P,2,0)) -> Otras máquinas para usos generales y sus partes y piezas | X46: 1.3.2.3.01.105 | Y46: =IF(X46=""," ",VLOOKUP(X46,[1]Listados!$O:$P,2,0)) -> R.F. Estampilla Prodesarrollo Urbano (20% Primera Infancia) | Z46: 64787449 | AV46: BP-26005411/1/01/01/32 | AW46: Realizar adquisición de servicios y/o compra e Instalación de bienes para el fortalecimiento institucional. | AX46: No | AZ46: 2.3.2.01.01.003.01.06 | BA46: =IF(AZ46=""," ",VLOOKUP(AZ46,Listados!$O:$P,2,0)) -> Otras máquinas para usos generales y sus partes y piezas | BB46: 1.3.2.3.01.105 | BC46: =IF(BB46=""," ",VLOOKUP(BB46,[1]Listados!$O:$P,2,0)) -> R.F. Estampilla Prodesarrollo Urbano (20% Primera Infancia) | BD46: 64787449
R47: BP-26005411/1/01/01/33 | S47: Realizar adquisición de servicios y/o compra e Instalación de bienes para el fortalecimiento institucional. | T47: No | V47: 2.3.2.01.01.003.07.01 | W47: =IF(V47=""," ",VLOOKUP(V47,Listados!$O:$P,2,0)) -> Vehículos automotores, remolques y semirremolques; y sus partes, piezas y accesorios | X47: 1.3.2.3.01.105 | Y47: =IF(X47=""," ",VLOOKUP(X47,[1]Listados!$O:$P,2,0)) -> R.F. Estampilla Prodesarrollo Urbano (20% Primera Infancia) | Z47: 59647991 | AV47: BP-26005411/1/01/01/33 | AW47: Realizar adquisición de servicios y/o compra e Instalación de bienes para el fortalecimiento institucional. | AX47: No | AZ47: 2.3.2.01.01.003.07.01 | BA47: =IF(AZ47=""," ",VLOOKUP(AZ47,Listados!$O:$P,2,0)) -> Vehículos automotores, remolques y semirremolques; y sus partes, piezas y accesorios | BB47: 1.3.2.3.01.105 | BC47: =IF(BB47=""," ",VLOOKUP(BB47,[1]Listados!$O:$P,2,0)) -> R.F. Estampilla Prodesarrollo Urbano (20% Primera Infancia) | BD47: 59647991
R48: BP-26005411/1/01/01/34 | S48: Realizar adquisición de servicios y/o compra e Instalación de bienes para el fortalecimiento institucional. | T48: No | V48: 2.3.2.01.01.003.07.01 | W48: =IF(V48=""," ",VLOOKUP(V48,Listados!$O:$P,2,0)) -> Vehículos automotores, remolques y semirremolques; y sus partes, piezas y accesorios | X48: 1.3.3.1.00 | Y48: =IF(X48=""," ",VLOOKUP(X48,[1]Listados!$O:$P,2,0)) -> R.B. Ingresos Corrientes de Libre Destinanción | Z48: 311969000 | AC48: 300000000 | AV48: BP-26005411/1/01/01/34 | AW48: Realizar adquisición de servicios y/o compra e Instalación de bienes para el fortalecimiento institucional. | AX48: No | AZ48: 2.3.2.01.01.003.07.01 | BA48: =IF(AZ48=""," ",VLOOKUP(AZ48,Listados!$O:$P,2,0)) -> Vehículos automotores, remolques y semirremolques; y sus partes, piezas y accesorios | BB48: 1.3.3.1.00 | BC48: =IF(BB48=""," ",VLOOKUP(BB48,[1]Listados!$O:$P,2,0)) -> R.B. Ingresos Corrientes de Libre Destinanción | BD48: 611969000
Q49: 1.1.14 | R49: BP-26005411/1/01/01/36 | S49: Fortalecimiento de las condiciones físicas y técnicas de las infraestructuras de las unidades de transformación social de la Primera Infancia en Santiago de Cali BP-26002756 - Pasivos Exigibles, Vigencias Expiradas | T49: No | U49: =SUM(Z49)/SUM($Z$21:$Z$50) -> 0.0046477585 | V49: 2.3.2.02.02.008 | W49: =IF(V49=""," ",VLOOKUP(V49,Listados!$O:$P,2,0)) -> Servicios prestados a las empresas y servicios de producción | X49: 1.3.3.3.20.42 | Y49: =IF(X49=""," ",VLOOKUP(X49,[1]Listados!$O:$P,2,0)) -> R.B. Estampilla Prodesarrollo Urbano (20% primera infancia) | Z49: 36742132 | AU49: 1.1.14 | AV49: BP-26005411/1/01/01/36 | AW49: Fortalecimiento de las condiciones físicas y técnicas de las infraestructuras de las unidades de transformación social de la Primera Infancia en Santiago de Cali BP-26002756 - Pasivos Exigibles, Vigencias Expiradas | AX49: No | AY49: =SUM(BD49)/SUM($Z$21:$Z$50) -> 0.0046477585 | AZ49: 2.3.2.02.02.008 | BA49: =IF(AZ49=""," ",VLOOKUP(AZ49,Listados!$O:$P,2,0)) -> Servicios prestados a las empresas y servicios de producción | BB49: 1.3.3.3.20.42 | BC49: =IF(BB49=""," ",VLOOKUP(BB49,[1]Listados!$O:$P,2,0)) -> R.B. Estampilla Prodesarrollo Urbano (20% primera infancia) | BD49: 36742132
R50: BP-26005411/1/01/01/35 | S50: Fortalecimiento de las condiciones físicas y técnicas de las infraestructuras de las unidades de transformación social de la Primera Infancia en Santiago de Cali BP-26002756 - Pasivos Exigibles, Vigencias Expiradas | T50: No | U50: =SUM(Z50)/SUM($Z$21:$Z$50) -> 0.0057389144 | V50: 2.3.2.02.02.008 | W50: =IF(V50=""," ",VLOOKUP(V50,Listados!$O:$P,2,0)) -> Servicios prestados a las empresas y servicios de producción | X50: 1.2.4.3.03.01 | Y50: =IF(X50=""," ",VLOOKUP(X50,[1]Listados!$O:$P,2,0)) -> SGP-Propósito General-Libre inversión 11/12 | Z50: 45368095 | AV50: BP-26005411/1/01/01/35 | AW50: Fortalecimiento de las condiciones físicas y técnicas de las infraestructuras de las unidades de transformación social de la Primera Infancia en Santiago de Cali BP-26002756 - Pasivos Exigibles, Vigencias Expiradas | AX50: No | AY50: =SUM(BD50)/SUM($Z$21:$Z$50) -> 0.0057389144 | AZ50: 2.3.2.02.02.008 | BA50: =IF(AZ50=""," ",VLOOKUP(AZ50,Listados!$O:$P,2,0)) -> Servicios prestados a las empresas y servicios de producción | BB50: 1.2.4.3.03.01 | BC50: =IF(BB50=""," ",VLOOKUP(BB50,[1]Listados!$O:$P,2,0)) -> SGP-Propósito General-Libre inversión 11/12 | BD50: 45368095
AA51: 1033049747 | AU51: 1.1.15 | AW51: Suministrar servicio de vigilancia a los Centros de Desarrollo Infantil | AX51: No | AZ51: 2.3.2.02.02.008 | BA51: Servicios prestados a las empresas y servicios de producción | BB51: 1.3.2.3.01.01 | BC51: =IF(BB51=""," ",VLOOKUP(BB51,[1]Listados!$O:$P,2,0)) -> R.F. ICLD | BD51: 916386496
AA52: 677935365 | AU52: 1.1.16 | AW52: Suministrar servicio de aseo y desinfección a los Centros de Desarrollo Infantil | AX52: No | AZ52: 2.3.2.02.02.008 | BA52: Servicios prestados a las empresas y servicios de producción | BB52: 1.2.3.1.19.42 | BC52: =IF(BB52=""," ",VLOOKUP(BB52,[1]Listados!$O:$P,2,0)) -> Estampilla Prodesarrollo Urbano (20% primera infancia) | BD52: 543566356
AA53: 427564390 | AU53: 1.1.17 | AW53: Suministrar servicio de acueducto y energía eléctrica a los Centros de Desarrollo Infantil | AX53: No | AZ53: 2.3.2.02.02.009 | BA53: Servicios prestados a las empresas y servicios de producción | BB53: 1.3.3.1.00 | BC53: =IF(BB53=""," ",VLOOKUP(BB53,[1]Listados!$O:$P,2,0)) -> R.B. Ingresos Corrientes de Libre Destinanción | BD53: 500000000
AA54: 500000000 | AU54: 1.1.18 | AW54: Suministrar servicio de alcantarillado, aseo y recolección a los Centros de Desarrollo Infantil | AX54: No | AZ54: 2.3.2.02.02.006 | BA54: Servicios de alojamiento; servicios de suministro de comidas y bebidas; servicios de transporte; y servicios de distribución de electricidad, gas y agua | BB54: 1.3.3.1.00 | BC54: =IF(BB54=""," ",VLOOKUP(BB54,[1]Listados!$O:$P,2,0)) -> R.B. Ingresos Corrientes de Libre Destinanción | BD54: 427564390
AA55: 100000000 | AU55: 1.1.19 | AW55: Realizar pago de la Tasa especial de seguridad y convivencia incluida en los servicios públicos de los Centros de Desarrollo Infantil. | AX55: No | AZ55: 2.3.3.01.02.004.02 | BA55: Servicios para la comunidad, sociales y personales | BB55: 1.3.2.3.01.01 | BC55: =IF(BB55=""," ",VLOOKUP(BB55,[1]Listados!$O:$P,2,0)) -> R.F. ICLD | BD55: 100000000
A56: TOTALES | Y56: Total Valor Actividades | Z56: =SUM(Z15:Z50) -> 31275069121 | AA56: =SUM(AA15:AA55) -> 0 | AC56: =SUM(AC15:AC50) -> 0 | AE56: TOTALES | BC56: Total Valor Actividades | BD56: =SUM(BD15:BD55) -> 31275069121

Sheet DETALLE POBLACIÓN PROYECTADA
B11: DETALLE DE POBLACIÓN OBJETIVO
B13: Ubicación general | C13: Localización específica | D13: Detalle de la Población | E13: CANTIDAD POBLACIÓN 2024 | F13: CANTIDAD POBLACIÓN 2025 | G13: CANTIDAD POBLACIÓN 2026 | H13: CANTIDAD POBLACIÓN 2027 | I13: CANTIDAD POBLACIÓN 2028
B14: Comunas:1,2,3,4,5,6,7,8,9,10,11,12,13,14,15,16,17,18,19,20,21,22 y los corregimientos de las comunas: 51, 52, 54, 55, 58 y 60 | C14: Santiago de Cali | D14: Niñas y niños menores de , años mujeres gestantes y madres lactantes beneficiarios del programa de atención integral a la primera infancia. | E14: 8458 | F14: 10850 | G14: 11850 | H14: 13350 | I14: =12000-I15-I16-I17 -> 10350
D15: Migrantes y Rural Familiar | E15: 561 | F15: 885 | G15: 885 | H15: 885 | I15: 885
D16: Atención diferencial (migrantes-discapacidad-víctimas del conflicto). | E16: 276 | F16: 435 | G16: 435 | H16: 435 | I16: 435
D17: Atención diferencial afrodescendientes. | E17: 209 | F17: 330 | G17: 330 | H17: 330 | I17: 330
B18: TOTAL | E18: =SUM(E14:E17) -> 9504 | F18: =SUM(F14:F17) -> 12500 | G18: =SUM(G14:G17) -> 13500 | H18: =SUM(H14:H17) -> 15000 | I18: =SUM(I14:I17) -> 12000
B21: CLASIFICADOR DE LA INVERSIÓN
B23: Sector | C23: 19-Salud y protección social
B24: Articulación con Política Pública No.1 | C24: Acuerdo 392 de 2015 POR MEDIO DEL CUAL SE ADOPTA LA POLÍTICA PÚBLICA DE PRIMERA INFANCIA, INFANCIA Y ADOLESCENCIA 2015 - 2024, CALI, MUNICIPIO RESPONSABLE Y AMIGO DE LOS NIÑOS, NIÑAS Y ADOLESCENTES Y SE DICTAN OTRAS DISPOSICIONES
B25: Articulación con Política Pública No.2
B26: Articulación con Política Pública No.3
B27: Gasto Público Social | C27: Si | D27: Salud
B28: Grupo vulnerable | C28: Niños, Niñas, Adolecentes y Jóvenes
B29: Atiende situación excepcional en el territorio? | C29: Ninguna | E29: Cual?
B30: Es proyecto movilizador? | C30: Si | D30: Codigo de proyecto Movilizador | E30: P.M.52020011: Sistema Distrital de Atención Integral a la Primera Infancia

Sheet PPTO DETALLADO AÑO 2024 - 2027
A1: PLANTILLA DE PRESUPUESTO PROYECTO - PRESUPUESTO DETALLADO Subsecretaría de la Primera Infancia de la Alcadía de Santiago de Cali VIGENCIA 2024 | O1: PLANTILLA DE PRESUPUESTO PROYECTO - PRESUPUESTO DETALLADO Subsecretaría de la Primera Infancia de la Alcadía de Santiago de Cali VIGENCIA 2024
A2: ITEM | B2: ACTIVIDADES DEL PROYECTO (recurrentes, únicas, permanentes) | C2: COMPONENTES | E2: ACTIVIDADES DETALLADAS DEL PROYECTO | G2: UNIDAD DE MEDIDA | H2: CANTIDAD | I2: VR. UNITARIO | J2: VR. TOTAL | K2: TRASLADO DE RECURSOS | L2: CAMBIO DE POSPRE | M2: AJUSTE DE ACTIVIDAD | N2: AJUSTE DE PROYECTO | O2: ITEM | P2: ACTIVIDADES DEL PROYECTO (recurrentes, únicas, permanentes) | Q2: COMPONENTES | S2: ACTIVIDADES DETALLADAS DEL PROYECTO | U2: UNIDAD DE MEDIDA | V2: CANTIDAD | W2: VR. UNITARIO | X2: VR. TOTAL | Y2: Modificación 2024
A3: 1.1 | B3: Brindar servicios de atención Integral para la primera infancia. | C3: MODALIDAD INSTITUCIONAL | D3: SERVICIOS: CARIÑO DE SOL CARIÑITOS | E3: FASE 1: PREPARACIÓN DEL SERVICIO | F3: La fase preparatoria comprende el inicio de la prestación del servicio para lo cual los operadores deben garantizar las condiciones necesarias que incluye el desarrollo de siete (7) actividades que son las siguientes: 1. Concertación. 2. Conformación del talento humano. 3. Gestión y articulación interinstitucional. 4. Gestión de espacios físicos y dotación. 5. Formalización de la población a atender / proceso de focalización. 6. Elaboración y presentación del presupuesto. 7. Selección de proveedores de alimentos. | G3: MESES | H3: 0 | I3: 0 | J3: =+H3*I3 -> 0 | O3: 1.1.1 | P3: Brindar servicios de atención Integral para la primera infancia. | Q3: MODALIDAD INSTITUCIONAL | R3: SERVICIOS: CARIÑO DE SOL CARIÑITOS | S3: FASE 1: PREPARACIÓN DEL SERVICIO | T3: La fase preparatoria comprende el inicio de la prestación del servicio para lo cual los operadores deben garantizar las condiciones necesarias que incluye el desarrollo de siete (7) actividades que son las siguientes: 1. Concertación. 2. Conformación del talento humano. 3. Gestión y articulación interinstitucional. 4. Gestión de espacios físicos y dotación. 5. Formalización de la población a atender / proceso de focalización. 6. Elaboración y presentación del presupuesto. 7. Selección de proveedores de alimentos. | U3: MESES | V3: 0 | W3: 0 | X3: =+V3*W3 -> 0
E4: FASE 2: IMPLEMENTACIÓN Y SEGUIMIENTO | F4: La fase de implementación tomará como referente los lineamientos técnicos y operativos del modelo de atención integral Cariño y lo definido en este lineamiento para los servicios de la modalidad institucional en cada uno de los componentes de calidad: Familias, comunidades y redes, Proceso pedagógico, Salud, Seguridad Alimentaria y Nutricional - SASAN, Ambientes favorecedores del desarrollo integral, Talento humano y Administrativo y de gestión. Ademas se deben desarrollar las siguientes accciones por parte del operdador: a) La planeación de la prestación del servicio. b) La caracterización de los participantes y sus familias. c) La realización de jornadas de socialización de los servicios con la comunidad. d) Ruta integral de atenciones –RIA. c) Comités de control social. | G4: MESES | H4: 3.7328961 | I4: 2938002835 | J4: =+H4*I4 -> 10967259464 | S4: FASE 2: IMPLEMENTACIÓN Y SEGUIMIENTO | T4: La fase de implementación tomará como referente los lineamientos técnicos y operativos del modelo de atención integral Cariño y lo definido en este lineamiento para los servicios de la modalidad institucional en cada uno de los componentes de calidad: Familias, comunidades y redes, Proceso pedagógico, Salud, Seguridad Alimentaria y Nutricional - SASAN, Ambientes favorecedores del desarrollo integral, Talento humano y Administrativo y de gestión. Ademas se deben desarrollar las siguientes accciones por parte del operdador: a) La planeación de la prestación del servicio. b) La caracterización de los participantes y sus familias. c) La realización de jornadas de socialización de los servicios con la comunidad. d) Ruta integral de atenciones –RIA. c) Comités de control social. | U4: MESES | V4: 3.7328961 | W4: 2938002835 | X4: =+V4*W4 -> 10967259464
E5: FASE 3: CIERRE DEL SERVICIO | F5: En la fase de cierre, el operador debe garantizar el proceso de limpieza, desinfección de los elementos existentes en cada servicio.además realizar el control de plagas y vectores, y agotar las actividades requeridas para la consecución de los siguientes entregables: • Carpetas de documentación de cada niña y niño participante del servicio. • Reporte del sistema de información con las Unidades de Transformación Social, las y los participantes que hicieron parte de la atención durante la vigencia contractual. • Proceso de inducción con soportes de su ejecución. • Plan de cualificación del talento humano con soportes de su ejecución. • Los planes de formación y acompañamiento a familias con soportes de su ejecución. • Plan de gestión de la calidad de la atención, en físico o en digital. • Directorio de participantes del servicio y directorios de instituciones para activación de rutas y casos de emergencia. • Actas de jornadas de socialización, listado de asistencias y base de datos de los integrantes del comité de control social. | G5: MESES | H5: 0 | I5: 0 | J5: 0 | S5: FASE 3: CIERRE DEL SERVICIO | T5: En la fase de cierre, el operador debe garantizar el proceso de limpieza, desinfección de los elementos existentes en cada servicio.además realizar el control de plagas y vectores, y agotar las actividades requeridas para la consecución de los siguientes entregables: • Carpetas de documentación de cada niña y niño participante del servicio. • Reporte del sistema de información con las Unidades de Transformación Social, las y los participantes que hicieron parte de la atención durante la vigencia contractual. • Proceso de inducción con soportes de su ejecución. • Plan de cualificación del talento humano con soportes de su ejecución. • Los planes de formación y acompañamiento a familias con soportes de su ejecución. • Plan de gestión de la calidad de la atención, en físico o en digital. • Directorio de participantes del servicio y directorios de instituciones para activación de rutas y casos de emergencia. • Actas de jornadas de socialización, listado de asistencias y base de datos de los integrantes del comité de control social. | U5: MESES | V5: 0 | W5: 0 | X5: 0
C6: MODALIDAD FAMILIAR | D6: SERVICIOS: CARIÑO ITINERANTE CARIÑO RURAL | E6: FASE 1: PREPARACIÓN DEL SERVICIO | F6: La fase preparatoria comprende el inicio de la prestación del servicio para lo cual los operadores deben garantizar las condiciones necesarias que incluye el desarrollo de siete (7) actividades que son las siguientes: 1. Concertación. 2. Conformación del talento humano. 3. Gestión y articulación interinstitucional. 4. Gestión de espacios físicos y dotación. 5. Formalización de la población a atender / proceso de focalización. 6. Elaboración y presentación del presupuesto. 7. Selección de proveedores de alimentos. | G6: MESES | H6: 0 | I6: 0 | J6: =+H6*I6 -> 0 | Q6: MODALIDAD FAMILIAR | R6: SERVICIOS: CARIÑO ITINERANTE CARIÑO RURAL | S6: FASE 1: PREPARACIÓN DEL SERVICIO | T6: La fase preparatoria comprende el inicio de la prestación del servicio para lo cual los operadores deben garantizar las condiciones necesarias que incluye el desarrollo de siete (7) actividades que son las siguientes: 1. Concertación. 2. Conformación del talento humano. 3. Gestión y articulación interinstitucional. 4. Gestión de espacios físicos y dotación. 5. Formalización de la población a atender / proceso de focalización. 6. Elaboración y presentación del presupuesto. 7. Selección de proveedores de alimentos. | U6: MESES | V6: 0 | W6: 0 | X6: =+V6*W6 -> 0
E7: FASE 2: IMPLEMENTACIÓN Y SEGUIMIENTO | F7: La fase de implementación tomará como referente los lineamientos técnicos y operativos del modelo de atención integral Cariño y lo definido en este lineamiento para los servicios de la modalidad familiar en cada uno de los componentes de calidad: Familias, comunidades y redes, Proceso pedagógico, Salud, Seguridad Alimentaria y Nutricional - SASAN, Ambientes favorecedores del desarrollo integral, Talento humano y Administrativo y de gestión. Ademas se deben desarrollar las siguientes accciones por parte del operdador: a) La planeación de la prestación del servicio. b) La caracterización de los participantes y sus familias. c) La realización de jornadas de socialización de los servicios con la comunidad. d) Ruta integral de atenciones –RIA. c) Comités de control social. | G7: MESES | H7: 3.7123383 | I7: 1734743256 | J7: =+H7*I7 -> 6439953876 | S7: FASE 2: IMPLEMENTACIÓN Y SEGUIMIENTO | T7: La fase de implementación tomará como referente los lineamientos técnicos y operativos del modelo de atención integral Cariño y lo definido en este lineamiento para los servicios de la modalidad familiar en cada uno de los componentes de calidad: Familias, comunidades y redes, Proceso pedagógico, Salud, Seguridad Alimentaria y Nutricional - SASAN, Ambientes favorecedores del desarrollo integral, Talento humano y Administrativo y de gestión. Ademas se deben desarrollar las siguientes accciones por parte del operdador: a) La planeación de la prestación del servicio. b) La caracterización de los participantes y sus familias. c) La realización de jornadas de socialización de los servicios con la comunidad. d) Ruta integral de atenciones –RIA. c) Comités de control social. | U7: MESES | V7: 3.7123383 | W7: 1734743256 | X7: =+V7*W7 -> 6439953876
E8: FASE 3: CIERRE DEL SERVICIO | F8: En la fase de cierre, el operador debe garantizar el proceso de limpieza, desinfección de los elementos existentes en cada servicio.además realizar el control de plagas y vectores, y agotar las actividades requeridas para la consecución de los siguientes entregables: • Carpetas de documentación de cada niña y niño participante del servicio. • Reporte del sistema de información con las Unidades de Transformación Social, las y los participantes que hicieron parte de la atención durante la vigencia contractual. • Proceso de inducción con soportes de su ejecución. • Plan de cualificación del talento humano con soportes de su ejecución. • Los planes de formación y acompañamiento a familias con soportes de su ejecución. • Plan de gestión de la calidad de la atención, en físico o en digital. • Directorio de participantes del servicio y directorios de instituciones para activación de rutas y casos de emergencia. • Actas de jornadas de socialización, listado de asistencias y base de datos de los integrantes del comité de control social. • Evidencia de control de plagas y vectores de la Unidades de Transfromación Social. • Inventario general de los bienes devolutivos que abarca 8 categorías en las cuales se dividen los elementos existentes en cada Unidad de Transfromación Social, para realizar este inventario se deben basar en la “Guía orientadora para la compra de la dotación para las modalidades de educación inicial en el marco de una atención integral”, y se diligenciarán los formatos dispuestos por la subsecretaría para tal fin. • Entrega de los elementos de las 8 categorías clasificados, limpios y desinfectados. | G8: MESES | H8: 0 | I8: 0 | J8: 0 | S8: FASE 3: CIERRE DEL SERVICIO | T8: En la fase de cierre, el operador debe garantizar el proceso de limpieza, desinfección de los elementos existentes en cada servicio.además realizar el control de plagas y vectores, y agotar las actividades requeridas para la consecución de los siguientes entregables: • Carpetas de documentación de cada niña y niño participante del servicio. • Reporte del sistema de información con las Unidades de Transformación Social, las y los participantes que hicieron parte de la atención durante la vigencia contractual. • Proceso de inducción con soportes de su ejecución. • Plan de cualificación del talento humano con soportes de su ejecución. • Los planes de formación y acompañamiento a familias con soportes de su ejecución. • Plan de gestión de la calidad de la atención, en físico o en digital. • Directorio de participantes del servicio y directorios de instituciones para activación de rutas y casos de emergencia. • Actas de jornadas de socialización, listado de asistencias y base de datos de los integrantes del comité de control social. • Evidencia de control de plagas y vectores de la Unidades de Transfromación Social. • Inventario general de los bienes devolutivos que abarca 8 categorías en las cuales se dividen los elementos existentes en cada Unidad de Transfromación Social, para realizar este inventario se deben basar en la “Guía orientadora para la compra de la dotación para las modalidades de educación inicial en el marco de una atención integral”, y se diligenciarán los formatos dispuestos por la subsecretaría para tal fin. • Entrega de los elementos de las 8 categorías clasificados, limpios y desinfectados. | U8: MESES | V8: 0 | W8: 0 | X8: 0
C9: MODALIDAD PROPIA E INTERCULTURAL | D9: Servicio Casas Palenque Servicio Casas Semillas de Vida | E9: FASE 1: PREPARACIÓN DEL SERVICIO | F9: La fase preparatoria comprende el inicio de la prestación del servicio para lo cual los operadores deben garantizar las condiciones necesarias que incluye el desarrollo de siete (7) actividades que son las siguientes: 1. Concertación. 2. Conformación del talento humano. 3. Gestión y articulación interinstitucional. 4. Gestión de espacios físicos y dotación. 5. Formalización de la población a atender / proceso de focalización. 6. Elaboración y presentación del presupuesto. 7. Selección de proveedores de alimentos. | G9: MESES | H9: 0 | I9: 0 | J9: 0 | Q9: MODALIDAD PROPIA E INTERCULTURAL | R9: Servicio Casas Palenque Servicio Casas Semillas de Vida | S9: FASE 1: PREPARACIÓN DEL SERVICIO | T9: La fase preparatoria comprende el inicio de la prestación del servicio para lo cual los operadores deben garantizar las condiciones necesarias que incluye el desarrollo de siete (7) actividades que son las siguientes: 1. Concertación. 2. Conformación del talento humano. 3. Gestión y articulación interinstitucional. 4. Gestión de espacios físicos y dotación. 5. Formalización de la población a atender / proceso de focalización. 6. Elaboración y presentación del presupuesto. 7. Selección de proveedores de alimentos. | U9: MESES | V9: 0 | W9: 0 | X9: 0
E10: FASE 2: IMPLEMENTACIÓN Y SEGUIMIENTO | F10: La fase de implementación tomará como referente los lineamientos técnicos y operativos del modelo de atención integral Cariño y lo definido en este lineamiento para los servicios de la modalidad propia e intercultural en cada uno de los componentes de calidad: Familias, comunidades y redes, Proceso pedagógico, Salud, Seguridad Alimentaria y Nutricional - SASAN, Ambientes favorecedores del desarrollo integral, Talento humano y Administrativo y de gestión. Ademas se deben desarrollar las siguientes accciones por parte del operdador: a) La planeación de la prestación del servicio. b) La caracterización de los participantes y sus familias. c) La realización de jornadas de socialización de los servicios con la comunidad. d) Ruta integral de atenciones –RIA. c) Comités de control social. | G10: MESES | H10: 4.25337 | I10: 908839845 | J10: =+H10*I10 -> 3865632129 | K10: 1.3365642e+09 | S10: FASE 2: IMPLEMENTACIÓN Y SEGUIMIENTO | T10: La fase de implementación tomará como referente los lineamientos técnicos y operativos del modelo de atención integral Cariño y lo definido en este lineamiento para los servicios de la modalidad propia e intercultural en cada uno de los componentes de calidad: Familias, comunidades y redes, Proceso pedagógico, Salud, Seguridad Alimentaria y Nutricional - SASAN, Ambientes favorecedores del desarrollo integral, Talento humano y Administrativo y de gestión. Ademas se deben desarrollar las siguientes accciones por parte del operdador: a) La planeación de la prestación del servicio. b) La caracterización de los participantes y sus familias. c) La realización de jornadas de socialización de los servicios con la comunidad. d) Ruta integral de atenciones –RIA. c) Comités de control social. | U10: MESES | V10: 4.25337 | W10: 1.2230764e+09 | X10: =+V10*W10 -> 5.2021964e+09
E11: FASE 3: CIERRE DEL SERVICIO | F11: En la fase de cierre, el operador debe garantizar el proceso de limpieza, desinfección de los elementos existentes en cada servicio.además realizar el control de plagas y vectores, y agotar las actividades requeridas para la consecución de los siguientes entregables: • Carpetas de documentación de cada niña y niño participante del servicio. • Reporte del sistema de información con las Unidades de Transformación Social, las y los participantes que hicieron parte de la atención durante la vigencia contractual. • Proceso de inducción con soportes de su ejecución. • Plan de cualificación del talento humano con soportes de su ejecución. • Los planes de formación y acompañamiento a familias con soportes de su ejecución. • Plan de gestión de la calidad de la atención, en físico o en digital. • Directorio de participantes del servicio y directorios de instituciones para activación de rutas y casos de emergencia. • Actas de jornadas de socialización, listado de asistencias y base de datos de los integrantes del comité de control social. • Evidencia de control de plagas y vectores de la Unidades de Transfromación Social. • Inventario general de los bienes devolutivos que abarca 8 categorías en las cuales se dividen los elementos existentes en cada Unidad de Transfromación Social, para realizar este inventario se deben basar en la “Guía orientadora para la compra de la dotación para las modalidades de educación inicial en el marco de una atención integral”, y se diligenciarán los formatos dispuestos por la subsecretaría para tal fin. • Entrega de los elementos de las 8 categorías clasificados, limpios y desinfectados. | G11: MESES | H11: 0 | I11: 0 | J11: 0 | S11: FASE 3: CIERRE DEL SERVICIO | T11: En la fase de cierre, el operador debe garantizar el proceso de limpieza, desinfección de los elementos existentes en cada servicio.además realizar el control de plagas y vectores, y agotar las actividades requeridas para la consecución de los siguientes entregables: • Carpetas de documentación de cada niña y niño participante del servicio. • Reporte del sistema de información con las Unidades de Transformación Social, las y los participantes que hicieron parte de la atención durante la vigencia contractual. • Proceso de inducción con soportes de su ejecución. • Plan de cualificación del talento humano con soportes de su ejecución. • Los planes de formación y acompañamiento a familias con soportes de su ejecución. • Plan de gestión de la calidad de la atención, en físico o en digital. • Directorio de participantes del servicio y directorios de instituciones para activación de rutas y casos de emergencia. • Actas de jornadas de socialización, listado de asistencias y base de datos de los integrantes del comité de control social. • Evidencia de control de plagas y vectores de la Unidades de Transfromación Social. • Inventario general de los bienes devolutivos que abarca 8 categorías en las cuales se dividen los elementos existentes en cada Unidad de Transfromación Social, para realizar este inventario se deben basar en la “Guía orientadora para la compra de la dotación para las modalidades de educación inicial en el marco de una atención integral”, y se diligenciarán los formatos dispuestos por la subsecretaría para tal fin. • Entrega de los elementos de las 8 categorías clasificados, limpios y desinfectados. | U11: MESES | V11: 0 | W11: 0 | X11: 0
C12: SERVICIOS Y EQUIPOS | E12: Suministrar servicio de vigilancia a las Unidades de Transformación Social | G12: NUMERO | H12: 5 | I12: 4.7213899e+08 | J12: =+H12*I12 -> 2360694971 | K12: -1227645224 | M12: -200000000 | Q12: SERVICIOS Y EQUIPOS | S12: Calibrar equipos antropométricos de las Unidades de Transformación Social de atención integral a la Primera Infancia de Cali | U12: NUMERO | V12: 1 | W12: 0 | X12: =+V12*W12 -> 0
E13: Suministrar servicio de aseo y desinfección a las Unidades de Transformación Social | G13: NUMERO | H13: 5 | I13: 86113271 | J13: =+H13*I13 -> 430566356 | K13: 247369009 | M13: 200000000 | Q13: ASISTENCIA TÉCNICA | S13: Brindar apoyo a la operación administrativa, jurídica y financiera en la provisión de los servicios para la primera infancia. | U13: MESES | V13: 3 | W13: 3.6398275e+08 | X13: =+V13*W13 -> 1091948260
E14: Suministrar servicio de acueducto y energía eléctrica, alcantarillado, aseo y recolección a las Unidades de Transformación Social | G14: NUMERO | H14: 5 | I14: 185512878 | J14: =+H14*I14 -> 927564390 | Q14: DOTACIÓN E INSTALACIÓN | S14: Adquirir e instalar elementos de dotación | T14: Instalación de cámaras de seguridad, parques para las Unidades de Transformación Social de atención integral a la Primera Infancia de Cali | U14: NUMERO | V14: 2 | W14: 859000000 | X14: =+V14*W14 -> 1718000000
E15: Calibrar equr ipos antropométricos de las Unidades de Transformación Social de atención integral a la Primera Infancia de Cali | G15: NUMERO | H15: 1 | I15: 0 | J15: =+H15*I15 -> 0 | Q15: PAPELERÍA Y/O MATERIAL DIDÁCTICO | S15: Adquirir elementos de papelería y/o material didáctico | T15: Adquirir papelería y/o material didáctico para las actividades de la subsecretaría y las Unidades de Transformación Social de atención integral a la Primera Infancia de Cali | U15: NUMERO | V15: 1 | W15: 60000000 | X15: =+V15*W15 -> 60000000
C16: ASISTENCIA TÉCNICA | E16: Realizar apoyo a la operación administrativa, jurídica y financiera de la prestación de los servicios para la primera infancia. | G16: MESES | H16: 5 | I16: 2.394408e+08 | J16: =+H16*I16 -> 1197204021 | K16: -356288021 | Q16: AMPLIACIÓN DE COBERTURA Y SERVICIOS DE ATENCIÓN INTEGRAL PARA LA PRIMERA INFANCIA | R16: Construcción, adquisición y/o adecuación de infraestructuras para la provisión de servicios de atención integral a la primera infancia | S16: Diseñar y construir infraestructuras para la provisión de servicios de atención integral a la primera infancia en Cali. | U16: NUMERO | V16: 1 | W16: 0 | X16: =+V16*W16 -> 0
C17: DOTACIÓN E INSTALACIÓN | E17: Adquirir e instalar elementos de dotación | F17: Instalación de cámaras de seguridad, parques para las Unidades de Transformación Social de atención integral a la Primera Infancia de Cali | G17: NUMERO | H17: 2 | I17: 859000000 | J17: =+H17*I17 -> 1718000000 | S17: Adquirir mediante alquiler o arrendamiento espacios físicos en la zona urbana y rural para la provisión de servicios de atención integral a la primera infancia en Cali. | U17: NUMERO | V17: 1 | W17: 0 | X17: =+V17*W17 -> 0
C18: PAPELERÍA Y/O MATERIAL DIDÁCTICO | E18: Adquirir elementos de papelería y/o material didáctico | F18: Adquirir papelería y/o material didáctico para las actividades de la subsecretaría y las Unidades de Transformación Social de atención integral a la Primera Infancia de Cali | G18: NUMERO | H18: 1 | I18: 60000000 | J18: =+H18*I18 -> 60000000 | S18: Realizar adecuación de espacios fisicos (propiedad del distrito de Santiago de Cali que puedan ser destinados para la prestación de servicios para la primera infancia) siguiendo los lineamientos técnicos para la atención integral de esta población. | U18: NUMERO | V18: 1 | W18: 0 | X18: =+V18*W18 -> 0
C19: AMPLIACIÓN DE COBERTURA Y SERVICIOS DE ATENCIÓN INTEGRAL PARA LA PRIMERA INFANCIA | D19: Construcción, adquisición y/o adecuación de infraestructuras para la prestación de servicios de atención integral a la primera infancia | E19: Diseñar y construir infraestructuras para la prestación de servicios de atención integral a la primera infancia en Cali. | G19: NUMERO | H19: 1 | I19: 0 | J19: =+H19*I19 -> 0 | S19: SUBTOTAL | X19: =SUM(X3:X18) -> 25479357965
E20: Adquirir mediante alquiler o arrendamiento espacios físicos en la zona urbana y rural para la prestación de servicios de atención integral a la primera infancia en Cali. | G20: NUMERO | H20: 1 | I20: 0 | J20: =+H20*I20 -> 0 | O20: 1..1.2 | P20: Brindar acompañamiento técnico al talento humano de los servicios de atención integral. | Q20: ASISTENCIA TÉCNICA | S20: Construir línea técnica, administrativa y pedagógica para los diferentes servicios de Atención Integral de la Primera Infancia en el Distrito Especial de Santiago de Cali, a través de procesos de articulación, diseño metodológico, guía de ejecución, evaluación y seguimiento a la implementación de la misma; diseño y socialización de los documentos a traves de repositorio Institucional de la Subsecretaría de la Primera Infancia del Distrito. | U20: NUMERO | V20: 1 | X20: =+V20*W20 -> 0
E21: Realizar adecuación de espacios fisicos (propiedad del distrito de Santiago de Cali que puedan ser destinados para la prestación de servicios para la primera infancia) siguiendo los lineamientos técnicos para la atención integral de esta población. | G21: NUMERO | H21: 1 | I21: 0 | J21: =+H21*I21 -> 0 | S21: Realizar procesos de acompañamiento técnico diseñado y orientado desde la Subsecretaría de la Primera Infancia; a partir de jornadas de participación del talento humano vinculadas a las Unidades de Transformación Social, visitas de acompañamiento in situ diseñadas para orientar acciones en el marco de la prestación del servicio, talleres y encuentros teórico-prácticos para contribuir a la reflexión sobre el hacer en el marco de la implementación de los servicios. | U21: NUMERO | V21: 1 | X21: =+V21*W21 -> 0
E22: SUBTOTAL | J22: =SUM(J3:J21) -> 27966875207 | Q22: APOYO LOGISTICO Y ALIMENTACIÓN | S22: Desarrollar aspectos logísticos para garantizar la participación en eventos de formación sobre temas de Primera Infancia, adelantados en el Distrito, territorio Nacional y/o Internacional. Adquirir material fungible y no fungible requerido para el desarrollo de los procesos de acompañamiento técnico en el marco de Atención Integral a la Primera Infancia. | U22: NUMERO | V22: 1 | X22: =+V22*W22 -> 0
A23: 1.2 | B23: Brindar acompañamiento técnico al talento humano de los servicios de atención integral. | C23: ASISTENCIA TÉCNICA | E23: Construir línea técnica, administrativa y pedagógica para los diferentes servicios de Atención Integral de la Primera Infancia en el Distrito Especial de Santiago de Cali, a través de procesos de articulación, diseño metodológico, guía de ejecución, evaluación y seguimiento a la implementación de la misma; diseño y socialización de los documentos a traves de repositorio Institucional de la Subsecretaría de la Primera Infancia del Distrito. | G23: NUMERO | H23: 1 | J23: =+H23*I23 -> 0 | S23: Garantizar el suministro de refrigerios en la realización de jornadas de acompañamiento, asistencias técnicas y actividades desarrolladas en el marco de la atención Integral para la Primera Infancia. | U23: NUMERO | V23: 1 | W23: 116000000 | X23: =+V23*W23 -> 116000000
E24: Realizar procesos de acompañamiento técnico diseñado y orientado desde la Subsecretaría de la Primera Infancia; a partir de jornadas de participación del talento humano vinculadas a las Unidades de Transformación Social, visitas de acompañamiento in situ diseñadas para orientar acciones en el marco de la prestación del servicio, talleres y encuentros teórico-prácticos para contribuir a la reflexión sobre el hacer en el marco de la implementación de los servicios. | G24: NUMERO | H24: 1 | J24: =+H24*I24 -> 0 | S24: SUBTOTAL | X24: =SUM(X20:X23) -> 116000000
C25: APOYO LOGISTICO Y ALIMENTACIÓN | E25: Desarrollar aspectos logísticos para garantizar la participación en eventos de formación sobre temas de Primera Infancia, adelantados en el Distrito, territorio Nacional y/o Internacional. Adquirir material fungible y no fungible requerido para el desarrollo de los procesos de acompañamiento técnico en el marco de Atención Integral a la Primera Infancia. | G25: NUMERO | H25: 1 | J25: =+H25*I25 -> 0 | O25: 1.1.3 | P25: Desarrollar estartegias de cuidado al cuidador | Q25: ASISTENCIA TÉCNICA | S25: Realizar caracterización de la población e identificación de las necesidades a intervenir en el talento humano de las Unidades de Transformación Social, población vinculada a los servicios ofrecidos por el Distrito Especial de Santiago de Cali durante la vigencia 2024 - 2027 además del talento humano de la Subsecretaría de la Primera Infancia. | U25: NUMERO | V25: 1 | W25: 0 | X25: =+V25*W25 -> 0
E26: Garantizar el suministro de refrigerios en la realización de jornadas de acompañamiento, asistencias técnicas y actividades desarrolladas en el marco de la atención Integral para la Primera Infancia. | G26: NUMERO | H26: 1 | I26: 116000000 | J26: =+H26*I26 -> 116000000 | S26: Realizar acciones de formación al talento humano del área psicosocial sobre la identificación de elementos de fortalecimiento y de gestión de las circunstancias que inciden negativamente en la salud socio-emocional de las familias vinculadas en los diferentes servicios de atención integral a la Primera Infancia ofertados por el Distrito Especial de Santiago de Cali durante la vigencia 2024 - 2027. | U26: NUMERO | V26: 1 | W26: 0 | X26: =+V26*W26 -> 0
E27: SUBTOTAL | J27: =SUM(J23:J26) -> 116000000 | S27: Propiciar encuentros de capacitación y orientación en salud mental al talento humano de las Unidades de Transformación Social de los servicios ofrecidos por el Distrito Especial de Santiago de Cali durante la vigencia 2024 - 2027 y al talento humano de la Subsecretaría de la Primera Infancia. | U27: NUMERO | V27: 1 | W27: 0 | X27: =+V27*W27 -> 0
A28: 1.3 | B28: Desarrollar estartegias de cuidado al cuidador | C28: ASISTENCIA TÉCNICA | E28: Realizar caracterización de la población e identificación de las necesidades a intervenir en el talento humano de las Unidades de Transformación Social, población vinculada a los servicios ofrecidos por el Distrito Especial de Santiago de Cali durante la vigencia 2024 - 2027 además del talento humano de la Subsecretaría de la Primera Infancia. | G28: NUMERO | H28: 1 | I28: 0 | J28: =+H28*I28 -> 0 | S28: Generar procesos de formación para el trabajo a las mujeres gestantes y lactantes vinculadas en los servicios de la modalidad familiar y al 10% de las familias de niños y niñas vinculados en las modalidades institucional y propia e intercultural ofrecidas por el Distrito Especial de Santiago de Cali, como gestión de recursos inherentes al bienestar socio-emocional de los mismos. | U28: NUMERO | V28: 1 | W28: 0 | X28: =+V28*W28 -> 0
E29: Realizar acciones de formación al talento humano del área psicosocial sobre la identificación de elementos de fortalecimiento y de gestión de las circunstancias que inciden negativamente en la salud socio-emocional de las familias vinculadas en los diferentes servicios de atención integral a la Primera Infancia ofertados por el Distrito Especial de Santiago de Cali durante la vigencia 2024 - 2027. | G29: NUMERO | H29: 1 | I29: 0 | J29: =+H29*I29 -> 0 | Q29: PRODUCTOS DE SISTEMATIZACIÓN Y CONSOLIDACIÓN DE LA INFORMACIÓN | S29: Desarrollar un proceso de sistematización de las experiencias generadas a partir de la implementación del programa orientado a la promoción y atención de la salud mental y prevención de riesgos psicosociales, dirigido al talento humano de las Unidades de Transformación Social población vinculada a los servicios ofrecidos por el Distrito Especial de Santiago de Cali durante la vigencia 2024 - 2027 además del talento humano de la Subsecretaría de la Primera Infancia. | U29: NUMERO | V29: 1 | W29: 0 | X29: =+V29*W29 -> 0
E30: Propiciar encuentros de capacitación y orientación en salud mental al talento humano de las Unidades de Transformación Social de los servicios ofrecidos por el Distrito Especial de Santiago de Cali durante la vigencia 2024 - 2027 y al talento humano de la Subsecretaría de la Primera Infancia. | G30: NUMERO | H30: 1 | I30: 0 | J30: =+H30*I30 -> 0 | S30: SUBTOTAL | W30: 0 | X30: =SUM(X25:X29) -> 0
E31: Generar procesos de formación para el trabajo a las mujeres gestantes y lactantes vinculadas en los servicios de la modalidad familiar y al 10% de las familias de niños y niñas vinculados en las modalidades institucional y propia e intercultural ofrecidas por el Distrito Especial de Santiago de Cali, como gestión de recursos inherentes al bienestar socio-emocional de los mismos. | G31: NUMERO | H31: 1 | I31: 0 | J31: =+H31*I31 -> 0 | O31: 1.1.4 | P31: Realizar mantenimiento a las infraestructuras destinadas a la atención de la primera infancia. | Q31: ASISTENCIA TÉCNICA/ MANTENIMIENTO PREVENTIVO | S31: Realizar el mantenimiento de canales, bajantes, cubiertas, cajas de inspección y trampagrasas | U31: NUMERO | V31: 1 | W31: 0 | X31: =+V31*W31 -> 0
C32: PRODUCTOS DE SISTEMATIZACIÓN Y CONSOLIDACIÓN DE LA INFORMACIÓN | E32: Desarrollar un proceso de sistematización de las experiencias generadas a partir de la implementación del programa orientado a la promoción y atención de la salud mental y prevención de riesgos psicosociales, dirigido al talento humano de las Unidades de Transformación Social población vinculada a los servicios ofrecidos por el Distrito Especial de Santiago de Cali durante la vigencia 2024 - 2027 además del talento humano de la Subsecretaría de la Primera Infancia. | G32: NUMERO | H32: 1 | I32: 0 | J32: =+H32*I32 -> 0 | S32: Realizar el mantenimiento de zonas verdes, jardinería y poda de árboles | U32: NUMERO | V32: 1 | W32: 0 | X32: =+V32*W32 -> 0
E33: SUBTOTAL | I33: 0 | J33: =SUM(J28:J32) -> 0 | S33: Realizar mantenimiento de plantas eléctricas y cámaras de vigilancia | U33: NUMERO | V33: 1 | W33: 50000000 | X33: =+V33*W33 -> 50000000
A34: 1.4 | B34: Realizar mantenimiento a las infraestructuras destinadas a la atención de la primera infancia. | C34: ASISTENCIA TÉCNICA/ MANTENIMIENTO PREVENTIVO | E34: Realizar el mantenimiento de canales, bajantes, cubiertas, cajas de inspección y trampagrasas | G34: NUMERO | H34: 1 | I34: 0 | J34: =+H34*I34 -> 0 | S34: Realizar el mantenimiento de tanques de almacenamiento y equipos de bombeo | U34: NUMERO | V34: 1 | W34: 0 | X34: =+V34*W34 -> 0
E35: Realizar el mantenimiento de zonas verdes, jardinería y poda de árboles | G35: NUMERO | H35: 1 | I35: 0 | J35: =+H35*I35 -> 0 | S35: Realizar la interventoria de los contratos de mantenimiento de las infraestructuras para la prestación de servicios integrales para la primera infancia | U35: NUMERO | V35: 1 | W35: 0 | X35: =+V35*W35 -> 0
E36: Realizar mantenimiento de plantas eléctricas y cámaras de vigilancia | G36: NUMERO | H36: 1 | I36: 0 | J36: =+H36*I36 -> 0 | K36: 50000000 | S36: Realizar diagnóstico de condiciones de las infraestructuras de las infraestructuras para la presatación de servicios integrales para la primera infancia | U36: NUMERO | V36: 1 | W36: 0 | X36: =+V36*W36 -> 0
E37: Realizar el mantenimiento de tanques de almacenamiento y equipos de bombeo | G37: NUMERO | H37: 1 | I37: 0 | J37: =+H37*I37 -> 0 | Q37: MANTENIMIENTO CORRECTIVO | S37: Realizar el mantenimiento correctivo a las infraestructuras para la prestación de servicios integrales para la primera infancia | U37: NUMERO | V37: 1 | W37: 0 | X37: =+V37*W37 -> 0
E38: Realizar la interventoria de los contratos de mantenimiento de las infraestructuras para la prestación de servicios integrales para la primera infancia | G38: NUMERO | H38: 1 | I38: 0 | J38: =+H38*I38 -> 0 | S38: Realizar la verificación y habilitación de los espacios en Calidad de préstamo o alquiler en los que se brindan los servicios de atención integral en sus distintas modalidades. | U38: NUMERO | V38: 1 | W38: 0 | X38: =+V38*W38 -> 0
E39: Realizar diagnóstico de condiciones de las infraestructuras de las infraestructuras para la presatación de servicios integrales para la primera infancia | G39: NUMERO | H39: 1 | I39: 0 | J39: =+H39*I39 -> 0 | S39: Realizar diagnóstico de condiciones de las infraestructuras para la prestación de servicios integrales para la primera infancia | U39: NUMERO | V39: 1 | W39: 0 | X39: =+V39*W39 -> 0
C40: MANTENIMIENTO CORRECTIVO | E40: Realizar el mantenimiento correctivo a las infraestructuras para la prestación de servicios integrales para la primera infancia | G40: NUMERO | H40: 1 | I40: 0 | J40: =+H40*I40 -> 0 | S40: Realizar la interventoria de los contratos de mantenimiento de las infraestructuras para la prestación de servicios integrales para la primera infancia | U40: NUMERO | V40: 1 | W40: 621000000 | X40: =+V40*W40 -> 621000000
E41: Realizar la verificación y habilitación de los espacios en Calidad de préstamo o alquiler en los que se brindan los servicios de atención integral en sus distintas modalidades. | G41: NUMERO | H41: 1 | I41: 0 | J41: =+H41*I41 -> 0 | S41: SUBTOTAL | X41: =SUM(X31:X40) -> 671000000
E42: Realizar diagnóstico de condiciones de las infraestructuras para la prestación de servicios integrales para la primera infancia | G42: NUMERO | H42: 1 | I42: 0 | J42: =+H42*I42 -> 0 | O42: 1.1.5 | P42: Realizar movilización social para la atención intregral en Santiago de Cali. | Q42: SENSIBILIZACIÓN Y DIVULGACIÓN DE INFORMACIÓN | S42: Desarrollar acciones de Sensibilización e Información sobre la Primera Infancia empleando estrategias de difusión y de comunicaciones. | U42: NUMERO | V42: 1 | W42: 0 | X42: 0
E43: Realizar la interventoria de los contratos de mantenimiento de las infraestructuras para la presatación de servicios integrales para la primera infancia | G43: NUMERO | H43: 1 | I43: 0 | J43: =+H43*I43 -> 0 | K43: 621000000 | Q43: ACTORES DE LA PRIMERA INFANCIA | S43: Formular e implementar estrategias territoriales de Movilización, gestión y articulación Social. | U43: NUMERO | V43: 1 | W43: 20000000 | X43: =+V43*W43 -> 20000000
E44: SUBTOTAL | J44: =SUM(J34:J43) -> 0 | Q44: ENCUENTROS INTERINSTITUCIONALES E INTERSECTORIALES | S44: Orientar la línea de trabajo y liderar el desarrollo de las conmemoraciones de ciudad asociadas a la primera infancia, en el marco de la promoción de derechos. | U44: NUMERO | V44: 2 | W44: 132116160 | X44: =+V44*W44 -> 264232320
A45: 1.5 | B45: Fortalecimiento de las condiciones físicas y técnicas de las infraestructuras de las unidades de transformación social de la Primera Infancia en Santiago de Cali BP-26002756 - Pasivos Exigibles, Vigencias Expiradas | C45: PASIVOS EXIGIBLES | E45: Realizar el mantenimiento preventivo de zonas verdes y jardines - Pasivos Exigibles - Vigencia Expirada 2023 | G45: NUMERO | H45: 1 | I45: 82110227 | J45: =+H45*I45 -> 82110227 | Q45: ASISTENCIA TÉCNICA | S45: Acompañar y realizar seguimiento de las diferentes acciones de movilización social para la primera | U45: MESES | V45: 1 | W45: 30000000 | X45: 30000000
E46: SUBTOTAL | J46: =+J45 -> 82110227 | Q46: APOYO LOGÍSTICO Y ALIMENTACIÓN | S46: Realizar apoyo logístico para los encuentros distritales en el marco de la atención integral para la primera infancia y de la movilización social, articulando con organizaciones de los sectores estatales de índole nacional y local (educación, salud, cultura, recreación, bienestar, deportes, planeación, entre otros) y de los sectores: social, comunitario y privado, agenciando su participación en las instancias de incidencia, articulación y participación Social. Suministro de refrigerios, ambientación, generación de la documentación requerida para asistencias, encuestas de percepción de servicios, autorizaciones de uso de imagen, traslado de materiales y ambientación. | U46: NUMERO | V46: 1 | W46: 0 | X46: =+V46*W46 -> 0
A47: 1.6 | B47: Realizar movilización social para la atención intregral en Santiago de Cali. | C47: SENSIBILIZACIÓN Y DIVULGACIÓN DE INFORMACIÓN | E47: Desarrollar acciones de Sensibilización e Información sobre la Primera Infancia empleando estrategias de difusión y de comunicaciones. | G47: NUMERO | H47: 1 | I47: 0 | J47: 0 | S47: SUBTOTAL | X47: =+X43+X44+X45 -> 314232320
C48: ACTORES DE LA PRIMERA INFANCIA | E48: Formular e implementar estrategias territoriales de Movilización, gestión y articulación Social. | G48: NUMERO | H48: 1 | I48: 20000000 | J48: =+H48*I48 -> 20000000 | O48: 1.6 | P48: Implementar el Sistema Distrital de Antención Integral a la Primera Infancia en Santiago de Cali. | Q48: ASISTENCIA TÉCNICA | S48: Brindar asesoría y seguimiento a los organismos que conforman la arquitectura instituciona del Sistema DIstrital . | U48: MESES | V48: 1 | W48: 0 | X48: =V48*W48 -> 0
C49: ENCUENTROS INTERINSTITUCIONALES E INTERSECTORIALES | E49: Orientar la línea de trabajo y liderar el desarrollo de las conmemoraciones de ciudad asociadas a la primera infancia, en el marco de la promoción de derechos. | G49: NUMERO | H49: 2 | I49: 132116160 | J49: =+H49*I49 -> 264232320 | S49: Elaborar, monitorear y evaluar el Ppan de acción para el Sistema Distrital de Atención Integral a la Primera Infancia (SDAIPI), asegurando la implementación efectiva de las estrategias y programas establecido. | U49: MESES | V49: 1 | W49: 0 | X49: =V49*W49 -> 0
C50: ASISTENCIA TÉCNICA | E50: Acompañar y realizar seguimiento de las diferentes acciones de movilización social para la primera | G50: MESES | H50: 1 | I50: 30000000 | J50: 30000000 | S50: Realizar seguimiento a la implementación de la Política Pública de Primera Infancia, infancia y Adolescencia. | U50: MESES | V50: 1 | W50: 0 | X50: =V50*W50 -> 0
C51: APOYO LOGÍSTICO Y ALIMENTACIÓN | E51: Realizar apoyo logístico para los encuentros distritales en el marco de la atención integral para la primera infancia y de la movilización social, articulando con organizaciones de los sectores estatales de índole nacional y local (educación, salud, cultura, recreación, bienestar, deportes, planeación, entre otros) y de los sectores: social, comunitario y privado, agenciando su participación en las instancias de incidencia, articulación y participación Social. Suministro de refrigerios, ambientación, generación de la documentación requerida para asistencias, encuestas de percepción de servicios, autorizaciones de uso de imagen, traslado de materiales y ambientación. | G51: NUMERO | H51: 1 | I51: 0 | J51: =+H51*I51 -> 0 | Q51: MATERIAL DIDÁCTIVO E INFORMATIVO | S51: Realizar diseño y piezas gráficas y/o digitales para la difusión y socialización de actividades educativas. | U51: NUMERO | V51: 1 | W51: 0 | X51: 0
E52: SUBTOTAL | J52: =+J48+J49+J50 -> 314232320 | Q52: ENCUENTROS INSTITUCIONALES E INTERSECTORIALES | S52: Realizar capacitación y/o formación con los distintos actores institucionales en temas con enfoque diferencial y étnico para la primera infancia. (Organización de foros, talleres y/o seminarios multisectoriales para abordar temas con enfoque étnico y diferencial). | U52: NUMERO | V52: 4 | W52: 0 | X52: =V52*W52 -> 0
A53: 1.7 | B53: Implementar el Sistema Distrital de Antención Integral a la Primera Infancia en Santiago de Cali. | C53: ASISTENCIA TÉCNICA | E53: Brindar asesoría y seguimiento a los organismos que conforman la arquitectura instituciona del Sistema DIstrital . | G53: MESES | H53: 1 | I53: 0 | J53: =H53*I53 -> 0 | S53: Realizar eventos para socializar, divulgar y generar apropiación de la política pública de la primera infancia, infancia y adolescencia de la Alcaldía de Santiago de Cali en su proceso de evaluación, seguimiento y actualización. | U53: NUMERO | V53: 3 | W53: 0 | X53: =V53*W53 -> 0
E54: Elaborar, monitorear y evaluar el Ppan de acción para el Sistema Distrital de Atención Integral a la Primera Infancia (SDAIPI), asegurando la implementación efectiva de las estrategias y programas establecido. | G54: MESES | H54: 1 | I54: 0 | J54: =H54*I54 -> 0 | S54: Realización de foros, talleres, seminarios, conmemoraciones y/o actividades culturales para favorecer la promoción y garantía de los derechos de la primera infancia con articulación intersectorial e interinstitucional. | U54: NUMERO | V54: 4 | W54: 0 | X54: =V54*W54 -> 0
E55: Realizar seguimiento a la implementación de la Política Pública de Primera Infancia, infancia y Adolescencia. | G55: MESES | H55: 1 | I55: 0 | J55: =H55*I55 -> 0 | Q55: APOYO LOGÍSTICO PARA LA REALIZACIÓN DE ENCUENTROS INSTITUCIONALES E INTERSECTORIALES | S55: Desarrollar aspectos logísticos para garantizar la participación en eventos de formación, eventos de divulgación, jornadas de socialización e instancias de participación, actividades culturales, foros y seminarios multisectoriales para abordar temas con enfoque étnico y diferencial sobre temas de Primera Infancia, adelantados en el Distrito, territorio Nacional y/o Internacional. Adquirir material fungible y no fungible requerido para el desarrollo de los espacios de capacitación en el marco de la Implementación del sistema Distrital de Atención Integral a la Primera Infancia (SDAIPI). Garantizar el suministro de refrigerios en la realización de encuentros institucionales e intersectoriales en el marco de la Implementación del sistema Distritalde la atención Integral para la Primera Infancia (SDAIPI). | U55: NUMERO | V55: 15 | W55: 0 | X55: =V55*W55 -> 0
C56: MATERIAL DIDÁCTIVO E INFORMATIVO | E56: Realizar diseño y piezas gráficas y/o digitales para la difusión y socialización de actividades educativas. | G56: NUMERO | H56: 1 | I56: 0 | J56: 0 | S56: SUBTOTAL | X56: =SUM(X48:X55) -> 0
C57: ENCUENTROS INSTITUCIONALES E INTERSECTORIALES | E57: Realizar capacitación y/o formación con los distintos actores institucionales en temas con enfoque diferencial y étnico para la primera infancia. (Organización de foros, talleres y/o seminarios multisectoriales para abordar temas con enfoque étnico y diferencial). | G57: NUMERO | H57: 4 | I57: 0 | J57: =H57*I57 -> 0 | O57: 1.7 | P57: Implementar la Ruta integral de Atención- RIA. | Q57: ASISTENCIA TÉCNICA | S57: Realizar un diagnóstico de capacidades institucionales y territoriales en la Implementación de la Ruta Integral de Atenciones. | T57: Realizar encuestas, mesas de trabajo, articulación, intercambio de saberes | U57: MESES | V57: 1 | W57: 0 | X57: =+V57*W57 -> 0
E58: Realizar eventos para socializar, divulgar y generar apropiación de la política pública de la primera infancia, infancia y adolescencia de la Alcaldía de Santiago de Cali en su proceso de evaluación, seguimiento y actualización. | G58: NUMERO | H58: 3 | I58: 0 | J58: =H58*I58 -> 0 | S58: Diseñar e implementar un plan de socialización para las entidades responsables en dar cumplimiento a las atenciones de la RIA | U58: MESES | V58: 1 | W58: 0 | X58: =+V58*W58 -> 0
E59: Realización de foros, talleres, seminarios, conmemoraciones y/o actividades culturales para favorecer la promoción y garantía de los derechos de la primera infancia con articulación intersectorial e interinstitucional. | G59: NUMERO | H59: 4 | I59: 0 | J59: =H59*I59 -> 0 | S59: Realizar seguimiento y monitero permanente a la ruta intregral de atenciones para la poblacion de primera infancia y generar los informes de seguimiento | T59: Análizar y procesar la información sobre el cumplimiento de la Ruta Integral de Atenciones de la Primera Infancia en el Distrito de Cali | U59: MESES | V59: 1 | W59: 0 | X59: =+V59*W59 -> 0
C60: APOYO LOGÍSTICO PARA LA REALIZACIÓN DE ENCUENTROS INSTITUCIONALES E INTERSECTORIALES | E60: Desarrollar aspectos logísticos para garantizar la participación en eventos de formación, eventos de divulgación, jornadas de socialización e instancias de participación, actividades culturales, foros y seminarios multisectoriales para abordar temas con enfoque étnico y diferencial sobre temas de Primera Infancia, adelantados en el Distrito, territorio Nacional y/o Internacional. Adquirir material fungible y no fungible requerido para el desarrollo de los espacios de capacitación en el marco de la Implementación del sistema Distrital de Atención Integral a la Primera Infancia (SDAIPI). Garantizar el suministro de refrigerios en la realización de encuentros institucionales e intersectoriales en el marco de la Implementación del sistema Distritalde la atención Integral para la Primera Infancia (SDAIPI). | G60: NUMERO | H60: 15 | I60: 0 | J60: =H60*I60 -> 0 | Q60: SEGUIMIENTO A LA RIA | S60: Analizar y procesar información sobre el cumplimiento de la Ruta Integral de Atenciones de la Primera Infancia en el Distrito de Cali | U60: NUMERO | V60: 1 | W60: 0 | X60: =+V60*W60 -> 0
E61: SUBTOTAL | J61: =SUM(J53:J60) -> 0 | S61: Realizar feria anual de la RIA | T61: Realizar logística para la convocatoria y desarrollo de la feria RIA con el fin de mapear la oferta actual de servicios para la primera infancia con los diferentes participantes responsables. | U61: NUMERO | V61: 1 | W61: 318288160 | X61: =+V61*W61 -> 318288160
A62: 1.8 | B62: Implementar la Ruta integral de Atención- RIA. | C62: ASISTENCIA TÉCNICA | E62: Realizar un diagnóstico de capacidades institucionales y territoriales en la Implementación de la Ruta Integral de Atenciones. | F62: Realizar encuestas, mesas de trabajo, articulación, intercambio de saberes | G62: MESES | H62: 1 | I62: 0 | J62: =+H62*I62 -> 0 | S62: SUBTOTAL | X62: =+X61 -> 318288160
E63: Diseñar e implementar un plan de socialización para las entidades responsables en dar cumplimiento a las atenciones de la RIA | G63: MESES | H63: 1 | I63: 0 | J63: =+H63*I63 -> 0 | O63: 1.8 | P63: Realizar articulación y cooperación internacional. | Q63: ASISTENCIA TÉCNICA | S63: Realizar acciones de fortalecimiento desde los diferentes componentes en metodologías innovadoras, acompañamientos situados, conferencias, webinar, entre otros; para el personal de las Unidades de Transfomación Social relacionadas con la atención integral a niñas, niños, mujeres gestantes y/o en periodo de lactancia y sus familias. | U63: MESES | V63: 1 | W63: 0 | X63: =+V63*W63 -> 0
E64: Realizar seguimiento y monitero permanente a la ruta intregral de atenciones para la poblacion de primera infancia y generar los informes de seguimiento | F64: Análizar y procesar la información sobre el cumplimiento de la Ruta Integral de Atenciones de la Primera Infancia en el Distrito de Cali | G64: MESES | H64: 1 | I64: 0 | J64: =+H64*I64 -> 0 | U64: MESES | V64: 1 | W64: 0 | X64: =+V64*W64 -> 0
C65: SEGUIMIENTO A LA RIA | E65: Analizar y procesar información sobre el cumplimiento de la Ruta Integral de Atenciones de la Primera Infancia en el Distrito de Cali | G65: NUMERO | H65: 1 | I65: 0 | J65: =+H65*I65 -> 0 | U65: MESES | V65: 1 | W65: 0 | X65: =+V65*W65 -> 0
E66: Realizar feria anual de la RIA | F66: Realizar logística para la convocatoria y desarrollo de la feria RIA con el fin de mapear la oferta actual de servicios para la primera infancia con los diferentes participantes responsables. | G66: NUMERO | H66: 1 | I66: 318288160 | J66: =+H66*I66 -> 318288160 | Q66: PROYECTO BILINGUISMO | S66: Establecer alianzas estratégicas con instituciones o expertos en educación bilingüe para asesoramiento y colaboración en el diseño e implementación del programa de bilingüismo, asegurando una base sólida de conocimientos y buenas prácticas en el proceso. | U66: NUMERO | V66: 1 | W66: 0 | X66: =+V66*W66 -> 0
E67: SUBTOTAL | J67: =+J66 -> 318288160 | S67: Diseñar un plan piloto de bilingüismo en las Unidades de Transformacion Social de atención a la primera infancia, que incluya la selección de materiales y recursos adecuados. | U67: NUMERO | V67: 1 | W67: 0 | X67: =+V67*W67 -> 0
A68: 1.9 | B68: Realizar articulación y cooperación internacional. | C68: ASISTENCIA TÉCNICA | E68: Realizar acciones de fortalecimiento desde los diferentes componentes en metodologías innovadoras, acompañamientos situados, conferencias, webinar, entre otros; para el personal de las Unidades de Transfomación Social relacionadas con la atención integral a niñas, niños, mujeres gestantes y/o en periodo de lactancia y sus familias. | G68: MESES | H68: 1 | I68: 0 | J68: =+H68*I68 -> 0 | S68: Adquirir material pedagógico que sirva como insumo y herramienta en los procesos lúdicos con la segunda lengua en el marco de las experiencias pedagógicas con los participantes. | U68: NUMERO | V68: 620 | W68: 66952.865 | X68: =+V68*W68 -> 41510776
G69: MESES | H69: 1 | I69: 0 | J69: =+H69*I69 -> 0 | Q69: LOGÍSTICA Y ALIMENTACIÓN | S69: Desarrollar aspectos logísticos para garantizar la participación en eventos de formación sobre temas de Primera Infancia, adelantados en el Distrito, territorio Nacional y/o Internacional. Adquirir material fungible y no fungible requerido para el desarrollo de los espacios de capacitación en el marco de Atención Integral a la Primera Infancia. | U69: NUMERO | V69: 1 | W69: 0 | X69: =+V69*W69 -> 0
G70: MESES | H70: 1 | I70: 0 | J70: =+H70*I70 -> 0 | U70: NUMERO | V70: 1 | W70: 0 | X70: =+V70*W70 -> 0
C71: PROYECTO BILINGUISMO | E71: Establecer alianzas estratégicas con instituciones o expertos en educación bilingüe para asesoramiento y colaboración en el diseño e implementación del programa de bilingüismo, asegurando una base sólida de conocimientos y buenas prácticas en el proceso. | G71: NUMERO | H71: 1 | I71: 0 | J71: =+H71*I71 -> 0 | S71: Garantizar el suministro de refrigerios en la realización de jornadas de acompañamiento, asistencias técnicas y actividades desarrolladas en el marco de la atención Integral para la Primera Infancia. | U71: NUMERO | V71: 1 | W71: 0 | X71: =+V71*W71 -> 0
E72: Diseñar un plan piloto de bilingüismo en las Unidades de Transformacion Social de atención a la primera infancia, que incluya la selección de materiales y recursos adecuados. | G72: NUMERO | H72: 1 | I72: 0 | J72: =+H72*I72 -> 0 | S72: SUBTOTAL | X72: =SUM(X63:X71) -> 41510776
E73: Adquirir material pedagógico que sirva como insumo y herramienta en los procesos lúdicos con la segunda lengua en el marco de las experiencias pedagógicas con los participantes. | G73: NUMERO | H73: 620 | I73: 66952.865 | J73: =+H73*I73 -> 41510776 | O73: 1.9 | P73: Realizar procesos de innovación de conocimientos. | Q73: ARTICULACIONES Y/O CONVENIOS | S73: Desarrollar investigaciones, estudios, intervenciones, programas, experiencias y/o prácticas académicas sobre temáticas relacionadas con la primera infancia en articulación con la academia y/o centros de investigación locales, regionales, nacionales y/o internacionales. | U73: NUMERO | V73: =2*4 -> 8 | W73: 0 | X73: =V73*W73 -> 0
C74: LOGÍSTICA Y ALIMENTACIÓN | E74: Desarrollar aspectos logísticos para garantizar la participación en eventos de formación sobre temas de Primera Infancia, adelantados en el Distrito, territorio Nacional y/o Internacional. Adquirir material fungible y no fungible requerido para el desarrollo de los espacios de capacitación en el marco de Atención Integral a la Primera Infancia. | G74: NUMERO | H74: 1 | I74: 0 | J74: =+H74*I74 -> 0 | Q74: PUBLICACIÓN Y DIVULGACIÓN DE CONOCIMIENTOS | S74: Realizar procesos de gestión editorial y publicación impresa y/o digital de producción investigativa, sistematización de experiencias, resultados de procesos de intervención y/o generación de conocimientos y estrategias innovadoras en temas relacionados con la primera infancia. | U74: NUMERO | V74: =2*4 -> 8 | W74: 0 | X74: =V74*W74 -> 0
G75: NUMERO | H75: 1 | I75: 0 | J75: =+H75*I75 -> 0 | Q75: ASISTENCIA TÉCNICA, ARTICULACIONES Y/O CONVENIOS | S75: Diseñar y desarrollar programas, capacitaciones, talleres y/o seminarios para el fortalecimiento en los saberes, prácticas y herramientas a nivel pedagógico, psicosocial, salud y nutrición, entre otros temas relevantes para el talento humano para promover la innovación de estrategias y gestión del conocimiento para la atención a la Primera Infancia. | U75: MESES | V75: 4 | W75: 0 | X75: =V75*W75 -> 0
E76: Garantizar el suministro de refrigerios en la realización de jornadas de acompañamiento, asistencias técnicas y actividades desarrolladas en el marco de la atención Integral para la Primera Infancia. | G76: NUMERO | H76: 1 | I76: 0 | J76: =+H76*I76 -> 0 | S76: Crear redes de colaboración entre instituciones públicas, privadas y la academia, a nivel regional, nacional y/o internacional con el fin de compartir conocimientos, recursos y experiencias sobre la atención integral de la primera infancia. | U76: MESES | V76: 2 | W76: 0 | X76: =V76*W76 -> 0
E77: SUBTOTAL | J77: =SUM(J68:J76) -> 41510776 | Q77: ESTRATEGIAS DE INNOVACIÓN Y DIFUSIÓN EDUCATIVAS | S77: Diseñar y/o desarrollar recursos digitales (videos, podcast de audio, pdfs, presentaciones, libros digitales, sistemas de respuesta remota, animaciones de procesos y modelos, simulaciones, juegos, información en páginas web, redes sociales, etc) recursos necesarios para abrir canales de información visuales, auditivos e interactivos con la ciudadanía sobre temas y saberes de valor educativo relacionados con la primera infancia. | U77: NUMERO | V77: =2*4 -> 8 | W77: 0 | X77: =V77*W77 -> 0
A78: 1.10 | B78: Realizar procesos de innovación de conocimientos. | C78: ARTICULACIONES Y/O CONVENIOS | E78: Desarrollar investigaciones, estudios, intervenciones, programas, experiencias y/o prácticas académicas sobre temáticas relacionadas con la primera infancia en articulación con la academia y/o centros de investigación locales, regionales, nacionales y/o internacionales. | G78: NUMERO | H78: =2*4 -> 8 | I78: 0 | J78: =H78*I78 -> 0
C79: PUBLICACIÓN Y DIVULGACIÓN DE CONOCIMIENTOS | E79: Realizar procesos de gestión editorial y publicación impresa y/o digital de producción investigativa, sistematización de experiencias, resultados de procesos de intervención y/o generación de conocimientos y estrategias innovadoras en temas relacionados con la primera infancia. | G79: NUMERO | H79: =2*4 -> 8 | I79: 0 | J79: =H79*I79 -> 0 | Q79: PUBLICACIÓN Y DIVULGACIÓN DE CONOCIMIENTOS PROPIOS | S79: Realizar procesos de gestión editorial y publicación impresa y/o digital de conocimientos o experiencias significativas sobre la atención integral a la primera infancia construidas en las Unidades de Transformación Social de la alcaldía de Santiago de Cali. | U79: NUMERO | V79: =1*3 -> 3 | W79: 0 | X79: =V79*W79 -> 0
C80: ASISTENCIA TÉCNICA, ARTICULACIONES Y/O CONVENIOS | E80: Diseñar y desarrollar programas, capacitaciones, talleres y/o seminarios para el fortalecimiento en los saberes, prácticas y herramientas a nivel pedagógico, psicosocial, salud y nutrición, entre otros temas relevantes para el talento humano para promover la innovación de estrategias y gestión del conocimiento para la atención a la Primera Infancia. | G80: MESES | H80: 4 | I80: 0 | J80: =H80*I80 -> 0 | S80: SUBTOTAL | X80: =SUM(X73:X79) -> 0
E81: Crear redes de colaboración entre instituciones públicas, privadas y la academia, a nivel regional, nacional y/o internacional con el fin de compartir conocimientos, recursos y experiencias sobre la atención integral de la primera infancia. | G81: MESES | H81: 2 | I81: 0 | J81: =H81*I81 -> 0 | O81: 1.10 | P81: Realizar evaluación, actualización y seguimiento a la política pública de Primera Infancia, infancia y adolescencia. | Q81: PRODUCTOS DE CONSOLIDACIÓN DE INFORMACIÓN | S81: Realizar la evaluación de la Política Pública de la Primera Infancia, Infancia y Adolescencia de la Alcaldía de Santiago de Cali del período de implementación 2015 a 2024. | U81: NUMERO | V81: 1 | W81: 210000000 | X81: =+V81*W81 -> 210000000
C82: ESTRATEGIAS DE INNOVACIÓN Y DIFUSIÓN EDUCATIVAS | E82: Diseñar y/o desarrollar recursos digitales (videos, podcast de audio, pdfs, presentaciones, libros digitales, sistemas de respuesta remota, animaciones de procesos y modelos, simulaciones, juegos, información en páginas web, redes sociales, etc) recursos necesarios para abrir canales de información visuales, auditivos e interactivos con la ciudadanía sobre temas y saberes de valor educativo relacionados con la primera infancia. | G82: NUMERO | H82: =2*4 -> 8 | I82: 0 | J82: =H82*I82 -> 0 | S82: Realizar la actualización de la Política Pública de la Primera Infancia, Infancia y Adolescencia de la Alcaldía de Santiago de Cali del período de implementación 2015 a 2024. | U82: NUMERO | V82: 1 | W82: 0 | X82: =V82*W82 -> 0
S83: Realizar la evaluación de la Política Pública de la Primera Infancia, Infancia y Adolescencia de la Alcaldía de Santiago de Cali del período de implementación 2025 a 2027 | U83: NUMERO | V83: 1 | W83: 0 | X83: =V83*W83 -> 0
C84: PUBLICACIÓN Y DIVULGACIÓN DE CONOCIMIENTOS PROPIOS | E84: Realizar procesos de gestión editorial y publicación impresa y/o digital de conocimientos o experiencias significativas sobre la atención integral a la primera infancia construidas en las Unidades de Transformación Social de la alcaldía de Santiago de Cali. | G84: NUMERO | H84: =1*3 -> 3 | I84: 0 | J84: =H84*I84 -> 0 | S84: SUBTOTAL | X84: =+X81+X82 -> 210000000
E85: SUBTOTAL | J85: =SUM(J78:J84) -> 0 | O85: 1.11 | P85: Realizar estudios, consultorías y/o convenios para el mejoramiento de los servicios de atención integral para la primera infancia. | Q85: ESTUDIOS, CONSULTORÍAS Y/O CONVENIOS | S85: Realizar estudios, diseños y/o adquisición de licencias para las infraestructuras destinadas a la atención de la primera infancia | U85: NUMERO | V85: 1 | W85: 124435440 | X85: =+V85*W85 -> 124435440
A86: 1.11 | B86: Realizar evaluación, actualización y seguimiento a la política pública de Primera Infancia, infancia y adolescencia. | C86: PRODUCTOS DE CONSOLIDACIÓN DE INFORMACIÓN | E86: Realizar la evaluación de la Política Pública de la Primera Infancia, Infancia y Adolescencia de la Alcaldía de Santiago de Cali del período de implementación 2015 a 2024. | G86: NUMERO | H86: 1 | I86: 210000000 | J86: =+H86*I86 -> 210000000 | S86: Realizar georeferenciación de la oferta de servicios de educación inicial del distrito de Santiago de Cali y caracterización de la población de primera infancia del distrito. | U86: NUMERO | V86: 1 | W86: 329000000 | X86: =+V86*W86 -> 329000000
E87: Realizar la actualización de la Política Pública de la Primera Infancia, Infancia y Adolescencia de la Alcaldía de Santiago de Cali del período de implementación 2015 a 2024. | G87: NUMERO | H87: 1 | I87: 0 | J87: =H87*I87 -> 0 | S87: SUBTOTAL | X87: =+X85+X86 -> 453435440
E88: Realizar la evaluación de la Política Pública de la Primera Infancia, Infancia y Adolescencia de la Alcaldía de Santiago de Cali del período de implementación 2025 a 2027 | G88: NUMERO | H88: 1 | I88: 0 | J88: =H88*I88 -> 0 | O88: 1.12 | P88: Desarrollar sistemas de información y/o plataformas digitales de gestión para la atención integral de la primera infancia de Santiago de Cali | Q88: ASISTENCIA TÉCNICA Y/O CONSULTORÍA O CONVENIOS | S88: Diseñar y desarrollar un sistema de información digital que permita administrar el cumplimiento de las realización en la Ruta Integral de Atención (RIA) | U88: NUMERO | V88: 1 | W88: 0 | X88: =V88*W88 -> 0
E89: SUBTOTAL | J89: =+J86+J87 -> 210000000 | S89: Diseñar y desarrollar un sistema de información y/o plataforma digital para el seguimiento y divulgación del Sistema Distrital de Atención Integral a la Primera Infancia (SDAIPI) | U89: NUMERO | V89: 1 | W89: 0 | X89: =V89*W89 -> 0
A90: 1.12 | B90: Realizar estudios, consultorías y/o convenios para el mejoramiento de los servicios de atención integral para la primera infancia. | C90: ESTUDIOS, CONSULTORÍAS Y/O CONVENIOS | E90: Realizar estudios, diseños y/o adquisición de licencias para las infraestructuras destinadas a la atención de la primera infancia | G90: NUMERO | H90: 1 | I90: 124435440 | J90: =+H90*I90 -> 124435440 | S90: Diseñar y desarrollar un sistema de Información digital para el registro y seguimiento a la atencion de los beneficiarios de los servicios para la primera infancia de la Alcaldía de Santiago de Cali | U90: NUMERO | V90: 1 | W90: 0 | X90: =V90*W90 -> 0
E91: Realizar georeferenciación de la oferta de servicios de educación inicial del distrito de Santiago de Cali y caracterización de la población de primera infancia del distrito. | G91: NUMERO | H91: 4 | I91: 250000000 | J91: =+H91*I91 -> 1000000000 | K91: -671000000 | S91: SUBTOTAL | X91: =SUM(X88:X90) -> 0
E92: SUBTOTAL | J92: =+J90+J91 -> 1124435440 | O92: 1.13 | P92: Realizar adquisición de servicios y/o compra e Instalación de bienes para el fortalecimiento institucional. | Q92: ADQUISICIÓN DE ESPACIOS FÍSICOS | S92: Adquirir espacio físico en arrendamiento | T92: Adquirir espacio físico adecuado para la operación administrativa de la subsecretaría de la primera infancia. | U92: NUMERO | V92: 4 | W92: 15000000 | X92: =V92*W92 -> 60000000
A93: 1.13 | B93: Desarrollar sistemas de información y/o plataformas digitales de gestión para la atención integral de la primera infancia de Santiago de Cali | C93: ASISTENCIA TÉCNICA Y/O CONSULTORÍA O CONVENIOS | E93: Diseñar y desarrollar un sistema de información digital que permita administrar el cumplimiento de las realización en la Ruta Integral de Atención (RIA) | G93: NUMERO | H93: 1 | I93: 0 | J93: =H93*I93 -> 0 | Q93: ADECUACIONES LOCATIVAS | S93: Adecuar y mejorar las instalaciones físicas de la Subsecretaría de la Primera Infancia | T93: Adecuar y mejorar las instalaciones físicas con relación a pintura de paredes, mejora de las baterías de baños, señalización adecuada a la normatividad del SG-SST, seguridad en las puertas y/o cambio de las puertas. | U93: NUMERO | V93: 0 | W93: 37500000 | X93: =V93*W93 -> 0
E94: Diseñar y desarrollar un sistema de información y/o plataforma digital para el seguimiento y divulgación del Sistema Distrital de Atención Integral a la Primera Infancia (SDAIPI) | G94: NUMERO | H94: 1 | I94: 0 | J94: =H94*I94 -> 0 | Q94: ADQUISICIÓN EQUIPOS | S94: Adquirir equipos para los sistemas electricos e hidráulicos de las insfraestrcturas de la primera infancia | T94: Los elementos necesarios para fortalecer la prestación de los servicios de la primera infancia relacionados con la compra de equipos tipo plantas electricas, bombas electricas y todos los elementos necesarios para los sistemas eléctricos e hidráulicos, así como el servicio de instalación y puesta en marcha de los sistemas relacionados | U94: NUMERO | V94: 3 | W94: 1.1666667e+08 | X94: =+V94*W94 -> 350000000
E95: Diseñar y desarrollar un sistema de Información digital para el registro y seguimiento a la atencion de los beneficiarios de los servicios para la primera infancia de la Alcaldía de Santiago de Cali | G95: NUMERO | H95: 1 | I95: 0 | J95: =H95*I95 -> 0 | Q95: ADQUISICIÓN MUEBLES Y/O ENSERES | S95: Adquirir elementos de archivo, enseres y/o muebles para la operación administrativa de la subsecretaría de la primera infancia. | T95: Elementos necesarios para oficina se componen de:(Computadores y sus accesorios, sillas ergonónica, escritorios, descansa pies, tableros, equipos de aire acondicionado, sistema de iluminación de la subsecretaría, alarma y sistema contra incendios, sistema de red que cumpla con las políticas de seguridad digital enrutadores, cables UTP CAT6 o Drop, discos duros portatiles, elementos para archivo de consulta o vigentes (estanterías y demás elementos que aseguren la adecuada conservación y custodia del archivo de la Subsecretaría de la Primera Infancia) | U95: NUMERO | V95: 0 | W95: 37500000 | X95: =V95*W95 -> 0
E96: SUBTOTAL | J96: =SUM(J93:J95) -> 0 | Q96: ADQUISICIÓN DE SERVICIOS | S96: Adquirir suministros de cafetería y suministro de elementos de aseo | T96: Suministros de cafetería y elementos de aseo para la operación administrativa de la subsecretaría de la primera infancia. | U96: NUMERO | V96: 4 | W96: 5000000 | X96: =+V96*W96 -> 20000000
A97: 1.14 | B97: Realizar adquisición de servicios y/o compra e Instalación de bienes para el fortalecimiento institucional. | C97: ADQUISICIÓN DE ESPACIOS FÍSICOS | E97: Adquirir espacio físico en arrendamiento | F97: Adquirir espacio físico adecuado para la operación administrativa de la subsecretaría de la primera infancia. | G97: NUMERO | H97: 4 | I97: 15000000 | J97: =H97*I97 -> 60000000 | Q97: ADQUISICIÓN VEHÍCULOS | S97: Adquirir de vehículos para el transporte de funcionarios para atender los diferentes compromisos misionales de la Subsecretaría de la Primera Infancia. | T97: Adquirir vehículos que permitan el transporte adecuado y seguro del personal, facilitando sus desplazamientos para atender sus múltiples responsabilidades en el territorio. Características de los Vehículos a Adquirir: 1. Capacidad Adecuada para el Transporte de Equipos y Personal: Los vehículos, como vans y camionetas, deben tener la capacidad de transportar a un equipo de trabajo completo junto con los materiales necesarios para la atención en campo. Dado que la Subsecretaría lidera diagnósticos, caracterización de la población infantil, y movilización social, se necesita espacio para el traslado de herramientas como kits educativos, material de difusión, y equipo técnico. 2. Adaptabilidad para Terrenos Variados: Considerando que el equipo de la Subsecretaría realiza actividades en diversas zonas urbanas y rurales de Santiago de Cali, los vehículos deben estar preparados para transitar en diferentes tipos de terrenos. Se recomienda la adquisición de camionetas 4x4 y vans todo terreno, capaces de garantizar la movilidad segura en áreas de difícil acceso, especialmente en corregimientos y zonas rurales donde se desarrollan los programas de atención integral. 3. Seguridad y Confort para el Personal: Los vehículos deben contar con sistemas avanzados de seguridad, como frenos ABS, control de estabilidad, y airbags, para asegurar la protección del personal durante los traslados. Además, deben proporcionar comodidad, ya que los funcionarios realizan recorridos extensos para brindar asistencia a centros infantiles, instituciones, y familias. Vehículos con asientos ergonómicos y aire acondicionado serán fundamentales para asegurar el bienestar del equipo. 4. Sostenibilidad Ambiental: En línea con los principios de sostenibilidad ambiental promovidos por la Subsecretaría, es recomendable que los vehículos sean de bajo impacto ambiental. Se sugiere optar por modelos con tecnología híbrida o eléctrica que reduzcan las emisiones de carbono y contribuyan al cumplimiento de los compromisos medioambientales del municipio. 5. Capacidad de Carga y Almacenamiento: Los vehículos deben tener amplios espacios de almacenamiento para trasladar materiales y equipos necesarios para la ejecución de actividades como la implementación de la Ruta Integral de Atención (RIA), el mantenimiento de infraestructuras destinadas a la primera infancia, y la logística de eventos educativos y culturales. 6. Tecnología para la Gestión Eficiente: Es recomendable que los vehículos cuenten con sistemas de geolocalización (GPS) para optimizar las rutas y tiempos de desplazamiento del equipo de la Subsecretaría, así como con sistemas de conectividad para mantener la comunicación en tiempo real con la sede central. Esto permitirá una mejor gestión y seguimiento de las actividades en campo. | U97: NUMERO | V97: 4 | W97: 1.6790425e+08 | X97: =+V97*W97 -> 671616991
C98: ADECUACIONES LOCATIVAS | E98: Adecuar y mejorar las instalaciones físicas de la Subsecretaría de la Primera Infancia | F98: Adecuar y mejorar las instalaciones físicas con relación a pintura de paredes, mejora de las baterías de baños, señalización adecuada a la normatividad del SG-SST, seguridad en las puertas y/o cambio de las puertas. | G98: NUMERO | H98: 4 | I98: 37500000 | J98: =H98*I98 -> 150000000 | M98: -150000000 | S98: SUBTOTAL | X98: =SUM(X92:X97) -> 1101616991
C99: ADQUISICIÓN EQUIPOS | E99: Adquirir equipos para los sistemas electricos e hidráulicos de las insfraestrcturas de la primera infancia | F99: Los elementos necesarios para fortalecer la prestación de los servicios de la primera infancia relacionados con la compra de equipos tipo plantas electricas, bombas electricas y todos los elementos necesarios para los sistemas eléctricos e hidráulicos, así como el servicio de instalación y puesta en marcha de los sistemas relacionados | G99: NUMERO | H99: 3 | I99: 1.1666667e+08 | J99: =+H99*I99 -> 350000000 | O99: 1.1.14 | P99: Fortalecimiento de las condiciones físicas y técnicas de las infraestructuras de las unidades de transformación social de la Primera Infancia en Santiago de Cali BP-26002756 - Pasivos Exigibles, Vigencias Expiradas | Q99: PASIVOS EXIGIBLES | S99: Realizar el mantenimiento preventivo de zonas verdes y jardines - Pasivos Exigibles - Vigencia Expirada 2023 | U99: NUMERO | V99: 1 | W99: 82110227 | X99: =+V99*W99 -> 82110227
C100: ADQUISICIÓN MUEBLES Y/O ENSERES | E100: Adquirir elementos de archivo, enseres y/o muebles para la operación administrativa de la subsecretaría de la primera infancia. | F100: Elementos necesarios para oficina se componen de:(Computadores y sus accesorios, sillas ergonónica, escritorios, descansa pies, tableros, equipos de aire acondicionado, sistema de iluminación de la subsecretaría, alarma y sistema contra incendios, sistema de red que cumpla con las políticas de seguridad digital enrutadores, cables UTP CAT6 o Drop, discos duros portatiles, elementos para archivo de consulta o vigentes (estanterías y demás elementos que aseguren la adecuada conservación y custodia del archivo de la Subsecretaría de la Primera Infancia) | G100: NUMERO | H100: 4 | I100: 37500000 | J100: =H100*I100 -> 150000000 | M100: -150000000 | S100: SUBTOTAL | X100: =+X99 -> 82110227
...

Sheet PPTO DETALLADO  AÑOXXX
